Workbook
Name \a: #N/A
Name \b: [1]DCF!#REF!
Name \b: [1]DCF!#REF!
Name \b: [1]DCF!#REF!
Name \b: [1]DCF!#REF!
Name \b: [1]DCF!#REF!
Name \b: [1]DCF!#REF!
Name \c: [1]DCF!#REF!
Name \c: [1]DCF!#REF!
Name \c: [1]DCF!#REF!
Name \c: [1]DCF!#REF!
Name \c: [1]DCF!#REF!
Name \c: [1]DCF!#REF!
Name \d: #N/A
Name \e: [1]DCF!#REF!
Name \e: [1]DCF!#REF!
Name \e: [1]DCF!#REF!
Name \f: [1]DCF!#REF!
Name \f: [1]DCF!#REF!
Name \f: [1]DCF!#REF!
Name \g: [1]DCF!#REF!
Name \g: [1]DCF!#REF!
Name \g: [1]DCF!#REF!
Name \h: [1]DCF!#REF!
Name \i: [1]DCF!#REF!
Name \s: #REF!
Name \s: #REF!
Name \s: #REF!
Name \s: #REF!
Name \se: #REF!
Name \se: #REF!
Name \se: #REF!
Name \ss: #REF!
Name \ss: #REF!
Name \ss: #REF!
Name \ss: #REF!
Name ______CXX1: '[2]1'!$F$175:$F$182
Name ______CXX2: '[2]2'!$F$175:$F$182
Name ______CXX3: '[2]3'!$F$175:$F$182
Name ______CXX4: '[2]4'!$F$175:$F$182
Name ______CXX5: '[2]5'!$F$175:$F$182
Name ______CXX6: '[2]6'!$F$175:$F$182
Name ______CXX7: '[2]7'!$F$175:$F$182
Name ______CXX8: '[2]8'!$F$175:$F$182
Name ______CXX9: '[2]9'!$F$175:$F$182
Name ______EXX1: '[2]1'!$F$129:$F$168
Name ______EXX2: '[2]2'!$F$129:$F$168
Name ______EXX3: '[2]3'!$F$129:$F$168
Name ______EXX4: '[2]4'!$F$129:$F$168
Name ______EXX5: '[2]5'!$F$129:$F$168
Name ______EXX6: '[2]6'!$F$129:$F$168
Name ______EXX7: '[2]7'!$F$129:$F$168
Name ______EXX8: '[2]8'!$F$129:$F$168
Name ______EXX9: '[2]9'!$F$129:$F$168
Name ______MXX1: '[2]1'!$F$13:$F$64
Name ______MXX2: '[2]2'!$F$13:$F$64
Name ______MXX3: '[2]3'!$F$13:$F$64
Name ______MXX4: '[2]4'!$F$13:$F$64
Name ______MXX5: '[2]5'!$F$13:$F$64
Name ______MXX6: '[2]6'!$F$13:$F$64

Sheet Rest of cables (2)
A2: Tutuka Power Station: GX COAL PROJECTS
A4: Pricing Schudule | F4: CONTRACT BOQ
J5: U6 Sub east
B6: ITEM | C6: DESCRIPTION | D6: CPA Formula | E6: UOM | F6: Qty | G6: Rate | H6: Total | J6: Qty | K6: Rate | L6: CPA | M6: Grand Rate | N6: -Profit Margin 20% | O6: Amount
C7: UNIT 1 - 6 MV CABLES | E7: m
C8: Installation of New MV Cables including fixing materials | D8: ` | E8: m
C9: XLPE 11KV | E9: m
C10: 500mm2 x 1 core (EXX01WCV) 6.35kV/11kV (Trefoil clamps) Cut & Join | E10: m
A11: =C10 -> 500mm2 x 1 core (EXX01WCV) 6.35kV/11kV (Trefoil clamps) Cut & Join | B11: 2.001 | C11: Supply | D11: E | E11: m | F11: 20000 | G11: 1422.22 | H11: =G11*F11 -> 28444400 | K11: 1422.22 | L11: =0.330975870321115*K11 -> 470.7205 | M11: =L11+K11 -> 1892.9405 | N11: 1577.45 | O11: =N11*J11 -> 0
A12: =C10 -> 500mm2 x 1 core (EXX01WCV) 6.35kV/11kV (Trefoil clamps) Cut & Join | B12: 2.002 | C12: Installation | D12: A | E12: m | F12: 20000 | G12: 117.05 | H12: =G12*F12 -> 2341000 | L12: =0.330975870321115*K12 -> 0 | M12: =L12+K12 -> 0 | N12: 0 | O12: =N12*J12 -> 0
C13: 500mm2 x 1 core (EXX01WCV) 6.35kV/11kV (Trefoil clamps) New | E13: m | H13: =G13*F13 -> 0 | L13: =0.330975870321115*K13 -> 0 | M13: =L13+K13 -> 0 | N13: 0 | O13: =N13*J13 -> 0
A14: =C13 -> 500mm2 x 1 core (EXX01WCV) 6.35kV/11kV (Trefoil clamps) New | B14: 2.003 | C14: Supply | D14: E | E14: m | F14: 8020 | G14: 1422.22 | H14: =G14*F14 -> 11406204 | J14: 7800 | K14: 1422.22 | L14: =0.330975870321115*K14 -> 470.7205 | M14: =L14+K14 -> 1892.9405 | N14: 1577.45 | O14: =N14*J14 -> 12304110
A15: =C13 -> 500mm2 x 1 core (EXX01WCV) 6.35kV/11kV (Trefoil clamps) New | B15: 2.004 | C15: Installation | D15: A | E15: m | F15: 8020 | G15: 117.05 | H15: =G15*F15 -> 938741 | L15: =0.330975870321115*K15 -> 0 | M15: =L15+K15 -> 0 | N15: 0 | O15: =N15*J15 -> 0
C16: XLPE 11KV | E16: m | H16: =G16*F16 -> 0 | L16: =0.330975870321115*K16 -> 0 | M16: =L16+K16 -> 0 | N16: 0 | O16: =N16*J16 -> 0
C17: 300mm2 x 1 core (EXX01UCM) 6.35kV/11kV | E17: m | H17: =G17*F17 -> 0 | L17: =0.330975870321115*K17 -> 0 | M17: =L17+K17 -> 0 | N17: 0 | O17: =N17*J17 -> 0
A18: =C17 -> 300mm2 x 1 core (EXX01UCM) 6.35kV/11kV | B18: 2.005 | C18: Supply | D18: E | E18: m | F18: 7500 | G18: 905.62 | H18: =G18*F18 -> 6792150 | K18: 905.62 | L18: =0.330975870321115*K18 -> 299.73837 | M18: =L18+K18 -> 1205.3584 | N18: 1004.47 | O18: =N18*J18 -> 0
A19: =C17 -> 300mm2 x 1 core (EXX01UCM) 6.35kV/11kV | B19: 2.006 | C19: Installation | D19: A | E19: m | F19: 7500 | G19: 103.38 | H19: =G19*F19 -> 775350 | L19: =0.330975870321115*K19 -> 0 | M19: =L19+K19 -> 0 | N19: 0 | O19: =N19*J19 -> 0
C20: 120mm2 x 1core (EXX01QCV) 6.35 kV/11kV New | E20: m | H20: =G20*F20 -> 0 | L20: =0.330975870321115*K20 -> 0 | M20: =L20+K20 -> 0 | N20: 0 | O20: =N20*J20 -> 0
A21: =C20 -> 120mm2 x 1core (EXX01QCV) 6.35 kV/11kV New | B21: 2.007 | C21: Supply | D21: E | E21: m | F21: 14400 | G21: 417.34 | H21: =G21*F21 -> 6009696 | K21: 417.34 | L21: =0.330975870321115*K21 -> 138.12947 | M21: =L21+K21 -> 555.46947 | N21: 462.89 | O21: =N21*J21 -> 0
A22: =C20 -> 120mm2 x 1core (EXX01QCV) 6.35 kV/11kV New | B22: 2.008 | C22: Installation | D22: A | E22: m | F22: 14400 | G22: 52.17 | H22: =G22*F22 -> 751248 | L22: =0.330975870321115*K22 -> 0 | M22: =L22+K22 -> 0 | N22: 0 | O22: =N22*J22 -> 0
C23: 150mm2 x 1core (EXX01RCV) 6.35 kV/11kV Cut & Join | E23: m | H23: =G23*F23 -> 0 | L23: =0.330975870321115*K23 -> 0 | M23: =L23+K23 -> 0 | N23: 0 | O23: =N23*J23 -> 0
A24: =C23 -> 150mm2 x 1core (EXX01RCV) 6.35 kV/11kV Cut & Join | B24: 2.009 | C24: Supply | D24: E | E24: m | F24: 1200 | G24: 501.98 | H24: =G24*F24 -> 602376 | K24: 501.98 | L24: =0.330975870321115*K24 -> 166.14327 | M24: =L24+K24 -> 668.12327 | N24: 556.77 | O24: =N24*J24 -> 0
A25: =C23 -> 150mm2 x 1core (EXX01RCV) 6.35 kV/11kV Cut & Join | B25: 2.01 | C25: Installation | D25: A | E25: m | F25: 1200 | G25: 76.72 | H25: =G25*F25 -> 92064 | L25: =0.330975870321115*K25 -> 0 | M25: =L25+K25 -> 0 | N25: 0 | O25: =N25*J25 -> 0
C26: XLPE 3.3kV | E26: m | H26: =G26*F26 -> 0 | L26: =0.330975870321115*K26 -> 0 | M26: =L26+K26 -> 0 | N26: 0 | O26: =N26*J26 -> 0
C27: 630mm2 x 1core (CXX01XCV) 3.8kV/6.6kV | E27: m | H27: =G27*F27 -> 0 | L27: =0.330975870321115*K27 -> 0 | M27: =L27+K27 -> 0 | N27: 0 | O27: =N27*J27 -> 0
A28: =C27 -> 630mm2 x 1core (CXX01XCV) 3.8kV/6.6kV | B28: 2.011 | C28: Supply | D28: E | E28: m | F28: 5000 | G28: 1820.02 | H28: =G28*F28 -> 9100100 | J28: 2700 | K28: 1820.02 | L28: =0.330975870321115*K28 -> 602.3827 | M28: =L28+K28 -> 2422.4027 | N28: 2018.67 | O28: =N28*J28 -> 5450409
A29: =C27 -> 630mm2 x 1core (CXX01XCV) 3.8kV/6.6kV | B29: 2.012 | C29: Installation | D29: A | E29: m | F29: 5000 | G29: 117.05 | H29: =G29*F29 -> 585250 | L29: =0.330975870321115*K29 -> 0 | M29: =L29+K29 -> 0 | N29: 0 | O29: =N29*J29 -> 0
C30: 120mm x 3 core (CXX03QCV) 3.8kV/6.6kV | E30: m | H30: =G30*F30 -> 0 | L30: =0.330975870321115*K30 -> 0 | M30: =L30+K30 -> 0 | N30: 0 | O30: =N30*J30 -> 0
A31: =C30 -> 120mm x 3 core (CXX03QCV) 3.8kV/6.6kV | B31: 2.013 | C31: Supply | D31: E | E31: m | F31: 720 | G31: 1472.65 | H31: =G31*F31 -> 1060308 | J31: 300 | K31: 1472.65 | L31: =0.330975870321115*K31 -> 487.41162 | M31: =L31+K31 -> 1960.0616 | N31: 1633.38 | O31: =N31*J31 -> 490014
A32: =C30 -> 120mm x 3 core (CXX03QCV) 3.8kV/6.6kV | B32: 2.014 | C32: Installation | D32: A | E32: m | F32: 720 | G32: 73.47 | H32: =G32*F32 -> 52898.4 | L32: =0.330975870321115*K32 -> 0 | M32: =L32+K32 -> 0 | N32: 0 | O32: =N32*J32 -> 0
C33: 70mm2 x 3 core (CXX03NCV) 3.8kV/6.6kV | E33: m | H33: =G33*F33 -> 0 | L33: =0.330975870321115*K33 -> 0 | M33: =L33+K33 -> 0 | N33: 0 | O33: =N33*J33 -> 0
A34: =C33 -> 70mm2 x 3 core (CXX03NCV) 3.8kV/6.6kV | B34: 2.015 | C34: Supply | D34: E | E34: m | F34: 2160 | G34: 860.35 | H34: =G34*F34 -> 1858356 | J34: 600 | K34: 860.35 | L34: =0.330975870321115*K34 -> 284.75509 | M34: =L34+K34 -> 1145.1051 | N34: 954.25 | O34: =N34*J34 -> 572550
A35: =C33 -> 70mm2 x 3 core (CXX03NCV) 3.8kV/6.6kV | B35: 2.016 | C35: Installation | D35: A | E35: m | F35: 2160 | G35: 64.61 | H35: =G35*F35 -> 139557.6 | L35: =0.330975870321115*K35 -> 0 | M35: =L35+K35 -> 0 | N35: 0 | O35: =N35*J35 -> 0
C36: 240mm2 x 3 core (CXX03TCV) 3.8kV/6.6kV | E36: m | H36: =G36*F36 -> 0 | L36: =0.330975870321115*K36 -> 0 | M36: =L36+K36 -> 0 | N36: 0 | O36: =N36*J36 -> 0
A37: =C36 -> 240mm2 x 3 core (CXX03TCV) 3.8kV/6.6kV | B37: 2.017 | C37: Supply | D37: E | E37: m | F37: 1080 | G37: 2399.34 | H37: =G37*F37 -> 2591287.2 | J37: =300+300 -> 600 | K37: 2399.34 | L37: =0.330975870321115*K37 -> 794.12364 | M37: =L37+K37 -> 3193.4636 | N37: 2661.22 | O37: =N37*J37 -> 1596732
A38: =C36 -> 240mm2 x 3 core (CXX03TCV) 3.8kV/6.6kV | B38: 2.018 | C38: Installation | D38: A | E38: m | F38: 1080 | G38: 167.14 | H38: =G38*F38 -> 180511.2 | L38: =0.330975870321115*K38 -> 0 | M38: =L38+K38 -> 0 | N38: 0 | O38: =N38*J38 -> 0
E39: m | H39: =G39*F39 -> 0 | L39: =0.330975870321115*K39 -> 0 | M39: =L39+K39 -> 0 | N39: 0 | O39: =N39*J39 -> 0
C40: Sub-Total for per unit | E40: m | H40: =G40*F40 -> 0 | L40: =0.330975870321115*K40 -> 0 | M40: =L40+K40 -> 0 | N40: 0 | O40: =N40*J40 -> 0
E41: m | H41: =G41*F41 -> 0 | L41: =0.330975870321115*K41 -> 0 | M41: =L41+K41 -> 0 | N41: 0 | O41: =N41*J41 -> 0
E42: m | H42: =G42*F42 -> 0 | L42: =0.330975870321115*K42 -> 0 | M42: =L42+K42 -> 0 | N42: 0 | O42: =N42*J42 -> 0
C43: COMMON PLANT - MV CABLES | E43: m | H43: =G43*F43 -> 0 | L43: =0.330975870321115*K43 -> 0 | M43: =L43+K43 -> 0 | N43: 0 | O43: =N43*J43 -> 0
C44: Installation of New MV Cables includiding fixing materials | E44: m | H44: =G44*F44 -> 0 | L44: =0.330975870321115*K44 -> 0 | M44: =L44+K44 -> 0 | N44: 0 | O44: =N44*J44 -> 0
C45: XLPE 11kV | E45: m | H45: =G45*F45 -> 0 | L45: =0.330975870321115*K45 -> 0 | M45: =L45+K45 -> 0 | N45: 0 | O45: =N45*J45 -> 0
C46: 500mm2 x 1 core (EXX01WCV) 6.35kV/11kV (Trefoil clamps) | E46: m | H46: =G46*F46 -> 0 | L46: =0.330975870321115*K46 -> 0 | M46: =L46+K46 -> 0 | N46: 0 | O46: =N46*J46 -> 0
A47: =C46 -> 500mm2 x 1 core (EXX01WCV) 6.35kV/11kV (Trefoil clamps) | B47: 2.059 | C47: Supply | D47: E | E47: m | F47: 5940 | G47: 1400.31 | H47: =G47*F47 -> 8317841.4 | J47: 4200 | K47: 1400.31 | L47: =0.330975870321115*K47 -> 463.46882 | M47: =L47+K47 -> 1863.7788 | N47: 1553.15 | O47: =N47*J47 -> 6523230
A48: =C46 -> 500mm2 x 1 core (EXX01WCV) 6.35kV/11kV (Trefoil clamps) | B48: 2.06 | C48: Installation | D48: A | E48: m | F48: 5940 | G48: 117.05 | H48: =G48*F48 -> 695277 | L48: =0.330975870321115*K48 -> 0 | M48: =L48+K48 -> 0 | N48: 0 | O48: =N48*J48 -> 0
C49: 185mm2 x 3 core (EXX03SCV) 6.35 kV/11kV | E49: m | H49: =G49*F49 -> 0 | L49: =0.330975870321115*K49 -> 0 | M49: =L49+K49 -> 0 | N49: 0 | O49: =N49*J49 -> 0
A50: =C49 -> 185mm2 x 3 core (EXX03SCV) 6.35 kV/11kV | B50: 2.061 | C50: Supply | D50: E | E50: m | F50: 400 | G50: 2555.47 | H50: =G50*F50 -> 1022188 | K50: 2555.47 | L50: =0.330975870321115*K50 -> 845.79891 | M50: =L50+K50 -> 3401.2689 | N50: 2834.39 | O50: =N50*J50 -> 0
A51: =C49 -> 185mm2 x 3 core (EXX03SCV) 6.35 kV/11kV | B51: 2.062 | C51: Installation | D51: A | E51: m | F51: 400 | G51: 152.62 | H51: =G51*F51 -> 61048 | L51: =0.330975870321115*K51 -> 0 | M51: =L51+K51 -> 0 | N51: 0 | O51: =N51*J51 -> 0
C52: 150mm2 x 1core (EXX01RCV) 6.35 kV/11kV | E52: m | H52: =G52*F52 -> 0 | L52: =0.330975870321115*K52 -> 0 | M52: =L52+K52 -> 0 | N52: 0 | O52: =N52*J52 -> 0
A53: =C52 -> 150mm2 x 1core (EXX01RCV) 6.35 kV/11kV | B53: 2.063 | C53: Supply | D53: E | E53: m | F53: 6910 | G53: 510.09 | H53: =G53*F53 -> 3524721.9 | J53: 3000 | K53: 510.09 | L53: =0.330975870321115*K53 -> 168.82748 | M53: =L53+K53 -> 678.91748 | N53: 565.76 | O53: =N53*J53 -> 1697280
A54: =C52 -> 150mm2 x 1core (EXX01RCV) 6.35 kV/11kV | B54: 2.064 | C54: Installation | D54: A | E54: m | F54: 6910 | G54: 76.72 | H54: =G54*F54 -> 530135.2 | L54: =0.330975870321115*K54 -> 0 | M54: =L54+K54 -> 0 | N54: 0 | O54: =N54*J54 -> 0
C55: 95mm2 x 3core (EXX03PCV) 6.35 kV/11kV | E55: m | H55: =G55*F55 -> 0 | L55: =0.330975870321115*K55 -> 0 | M55: =L55+K55 -> 0 | N55: 0 | O55: =N55*J55 -> 0
A56: =C55 -> 95mm2 x 3core (EXX03PCV) 6.35 kV/11kV | B56: 2.065 | C56: Supply | D56: E | E56: m | F56: 150 | G56: 984.89 | H56: =G56*F56 -> 147733.5 | K56: 984.89 | L56: =0.330975870321115*K56 -> 325.97482 | M56: =L56+K56 -> 1310.8648 | N56: 1092.39 | O56: =N56*J56 -> 0
A57: =C55 -> 95mm2 x 3core (EXX03PCV) 6.35 kV/11kV | B57: 2.066 | C57: Installation | D57: A | E57: m | F57: 150 | G57: 72.68 | H57: =G57*F57 -> 10902 | L57: =0.330975870321115*K57 -> 0 | M57: =L57+K57 -> 0 | N57: 0 | O57: =N57*J57 -> 0
C58: XLPE 3.3kV | E58: m | H58: =G58*F58 -> 0 | L58: =0.330975870321115*K58 -> 0 | M58: =L58+K58 -> 0 | N58: 0 | O58: =N58*J58 -> 0
C59: 630mm2 x 1core (CXX01XCV) 3.8kV/6.6kV | E59: m | H59: =G59*F59 -> 0 | L59: =0.330975870321115*K59 -> 0 | M59: =L59+K59 -> 0 | N59: 0 | O59: =N59*J59 -> 0
A60: =C59 -> 630mm2 x 1core (CXX01XCV) 3.8kV/6.6kV | B60: 2.067 | C60: Supply | D60: E | E60: m | F60: 540 | G60: 1941.99 | H60: =G60*F60 -> 1048674.6 | K60: 1941.99 | L60: =0.330975870321115*K60 -> 642.75183 | M60: =L60+K60 -> 2584.7418 | N60: 2153.95 | O60: =N60*J60 -> 0
A61: =C59 -> 630mm2 x 1core (CXX01XCV) 3.8kV/6.6kV | B61: 2.068 | C61: Installation | D61: A | E61: m | F61: 540 | G61: 117.05 | H61: =G61*F61 -> 63207 | L61: =0.330975870321115*K61 -> 0 | M61: =L61+K61 -> 0 | N61: 0 | O61: =N61*J61 -> 0
C62: 240mm2 x 3 core (CXX03TCV) 3.8kV/6.6kV | E62: m | H62: =G62*F62 -> 0 | L62: =0.330975870321115*K62 -> 0 | M62: =L62+K62 -> 0 | N62: 0 | O62: =N62*J62 -> 0
A63: =C62 -> 240mm2 x 3 core (CXX03TCV) 3.8kV/6.6kV | B63: 2.069 | C63: Supply | D63: E | E63: m | F63: 390 | G63: 2105.75 | H63: =G63*F63 -> 821242.5 | K63: 2105.75 | L63: =0.330975870321115*K63 -> 696.95244 | M63: =L63+K63 -> 2802.7024 | N63: 2335.59 | O63: =N63*J63 -> 0
A64: =C62 -> 240mm2 x 3 core (CXX03TCV) 3.8kV/6.6kV | B64: 2.07 | C64: Installation | D64: A | E64: m | F64: 390 | G64: 167.14 | H64: =G64*F64 -> 65184.6 | L64: =0.330975870321115*K64 -> 0 | M64: =L64+K64 -> 0 | N64: 0 | O64: =N64*J64 -> 0
C65: 120mm x 3 core (CXX03QCV) 3.8kV/6.6kV | E65: m | H65: =G65*F65 -> 0 | L65: =0.330975870321115*K65 -> 0 | M65: =L65+K65 -> 0 | N65: 0 | O65: =N65*J65 -> 0
A66: =C65 -> 120mm x 3 core (CXX03QCV) 3.8kV/6.6kV | B66: 2.071 | C66: Supply | D66: E | E66: m | F66: 420 | G66: 1149.79 | H66: =G66*F66 -> 482911.8 | K66: 1149.79 | L66: =0.330975870321115*K66 -> 380.55275 | M66: =L66+K66 -> 1530.3427 | N66: 1275.29 | O66: =N66*J66 -> 0
A67: =C65 -> 120mm x 3 core (CXX03QCV) 3.8kV/6.6kV | B67: 2.072 | C67: Installation | D67: A | E67: m | F67: 420 | G67: 73.47 | H67: =G67*F67 -> 30857.4 | L67: =0.330975870321115*K67 -> 0 | M67: =L67+K67 -> 0 | N67: 0 | O67: =N67*J67 -> 0
C68: 70mm2 x 3 core (CXX03NCV) 3.8kV/6.6kV | E68: m | H68: =G68*F68 -> 0 | L68: =0.330975870321115*K68 -> 0 | M68: =L68+K68 -> 0 | N68: 0 | O68: =N68*J68 -> 0
A69: =C68 -> 70mm2 x 3 core (CXX03NCV) 3.8kV/6.6kV | B69: 2.073 | C69: Supply | D69: E | E69: m | F69: 300 | G69: 764.75 | H69: =G69*F69 -> 229425 | K69: 764.75 | L69: =0.330975870321115*K69 -> 253.1138 | M69: =L69+K69 -> 1017.8638 | N69: 848.22 | O69: =N69*J69 -> 0
A70: =C68 -> 70mm2 x 3 core (CXX03NCV) 3.8kV/6.6kV | B70: 2.074 | C70: Installation | D70: A | E70: m | F70: 300 | G70: 64.61 | H70: =G70*F70 -> 19383 | L70: =0.330975870321115*K70 -> 0 | M70: =L70+K70 -> 0 | N70: 0 | O70: =N70*J70 -> 0
E71: m | H71: =G71*F71 -> 0 | L71: =0.330975870321115*K71 -> 0 | M71: =L71+K71 -> 0 | N71: 0 | O71: =N71*J71 -> 0
C72: Install new LV Cables including fixing materials | E72: m | H72: =G72*F72 -> 0 | L72: =0.330975870321115*K72 -> 0 | M72: =L72+K72 -> 0 | N72: 0 | O72: =N72*J72 -> 0
E73: m | H73: =G73*F73 -> 0 | L73: =0.330975870321115*K73 -> 0 | M73: =L73+K73 -> 0 | N73: 0 | O73: =N73*J73 -> 0
C74: Twisted pair | E74: m | H74: =G74*F74 -> 0 | L74: =0.330975870321115*K74 -> 0 | M74: =L74+K74 -> 0 | N74: 0 | O74: =N74*J74 -> 0
A75: =C74 -> Twisted pair | B75: 2.198 | C75: Supply | D75: D | E75: m | F75: 350 | G75: 24.03 | H75: =G75*F75 -> 8410.5 | K75: 24.03 | L75: =0.245591278401759*K75 -> 5.9015584 | M75: =L75+K75 -> 29.931558 | N75: 24.94 | O75: =N75*J75 -> 0
A76: =C74 -> Twisted pair | B76: 2.199 | C76: Install | D76: A | E76: m | F76: 350 | G76: 7.39 | H76: =G76*F76 -> 2586.5 | L76: =0.245591278401759*K76 -> 0 | M76: =L76+K76 -> 0 | N76: 0 | O76: =N76*J76 -> 0
C77: 0.5mm2 x 48core (UVG48ACM) | E77: m | H77: =G77*F77 -> 0 | L77: =0.245591278401759*K77 -> 0 | M77: =L77+K77 -> 0 | N77: 0 | O77: =N77*J77 -> 0
A78: =C77 -> 0.5mm2 x 48core (UVG48ACM) | B78: 2.2 | C78: Supply | D78: D | E78: m | F78: 1500 | G78: 158.72 | H78: =G78*F78 -> 238080 | K78: 158.72 | L78: =0.245591278401759*K78 -> 38.980248 | M78: =L78+K78 -> 197.70025 | N78: 164.75 | O78: =N78*J78 -> 0
A79: =C77 -> 0.5mm2 x 48core (UVG48ACM) | B79: 2.201 | C79: Installation | D79: A | E79: m | F79: 1500 | G79: 39.29 | H79: =G79*F79 -> 58935 | L79: =0.245591278401759*K79 -> 0 | M79: =L79+K79 -> 0 | N79: 0 | O79: =N79*J79 -> 0
C80: 0.5 mm2 x 8core (UVG08ACV) | E80: m | H80: =G80*F80 -> 0 | L80: =0.245591278401759*K80 -> 0 | M80: =L80+K80 -> 0 | N80: 0 | O80: =N80*J80 -> 0
A81: =C80 -> 0.5 mm2 x 8core (UVG08ACV) | B81: 2.202 | C81: Supply | D81: D | E81: m | F81: 1095 | G81: 44.79 | H81: =G81*F81 -> 49045.05 | K81: 44.79 | L81: =0.245591278401759*K81 -> 11.000033 | M81: =L81+K81 -> 55.790033 | N81: 46.49 | O81: =N81*J81 -> 0
A82: =C80 -> 0.5 mm2 x 8core (UVG08ACV) | B82: 2.203 | C82: Install | D82: A | E82: m | F82: 1095 | G82: 8.06 | H82: =G82*F82 -> 8825.7 | L82: =0.245591278401759*K82 -> 0 | M82: =L82+K82 -> 0 | N82: 0 | O82: =N82*J82 -> 0
C83: 0.75mm2 x 4core (BVS04BCV | E83: m | H83: =G83*F83 -> 0 | L83: =0.245591278401759*K83 -> 0 | M83: =L83+K83 -> 0 | N83: 0 | O83: =N83*J83 -> 0
A84: =C83 -> 0.75mm2 x 4core (BVS04BCV | B84: 2.204 | C84: Supply | D84: D | E84: m | F84: 320 | G84: 14.65 | H84: =G84*F84 -> 4688 | K84: 14.65 | L84: =0.245591278401759*K84 -> 3.5979122 | M84: =L84+K84 -> 18.247912 | N84: 15.21 | O84: =N84*J84 -> 0
A85: =C83 -> 0.75mm2 x 4core (BVS04BCV | B85: 2.205 | C85: Install | D85: A | E85: m | F85: 320 | G85: 8.53 | H85: =G85*F85 -> 2729.6 | L85: =0.245591278401759*K85 -> 0 | M85: =L85+K85 -> 0 | N85: 0 | O85: =N85*J85 -> 0
C86: 0.75mm2 x 16core (UVG16ADV) Quoted for 0.5mm2 | E86: m | H86: =G86*F86 -> 0 | L86: =0.245591278401759*K86 -> 0 | M86: =L86+K86 -> 0 | N86: 0 | O86: =N86*J86 -> 0
A87: =C86 -> 0.75mm2 x 16core (UVG16ADV) Quoted for 0.5mm2 | B87: 2.206 | C87: Supply | D87: D | E87: m | F87: 2755 | G87: 70.48 | H87: =G87*F87 -> 194172.4 | K87: 70.48 | L87: =0.245591278401759*K87 -> 17.309273 | M87: =L87+K87 -> 87.789273 | N87: 73.16 | O87: =N87*J87 -> 0
A88: =C86 -> 0.75mm2 x 16core (UVG16ADV) Quoted for 0.5mm2 | B88: 2.207 | C88: Install | D88: A | E88: m | F88: 2755 | G88: 10.72 | H88: =G88*F88 -> 29533.6 | L88: =0.245591278401759*K88 -> 0 | M88: =L88+K88 -> 0 | N88: 0 | O88: =N88*J88 -> 0
C89: 0.75mm2 x 20core (UVG20ACV Quoted for 0.5mm2 | E89: m | H89: =G89*F89 -> 0 | L89: =0.245591278401759*K89 -> 0 | M89: =L89+K89 -> 0 | N89: 0 | O89: =N89*J89 -> 0
A90: =C89 -> 0.75mm2 x 20core (UVG20ACV Quoted for 0.5mm2 | B90: 2.208 | C90: Supply | D90: D | E90: m | F90: 2568 | G90: 78.06 | H90: =G90*F90 -> 200458.08 | K90: 78.06 | L90: =0.245591278401759*K90 -> 19.170855 | M90: =L90+K90 -> 97.230855 | N90: 81.03 | O90: =N90*J90 -> 0
A91: =C89 -> 0.75mm2 x 20core (UVG20ACV Quoted for 0.5mm2 | B91: 2.209 | C91: Install | D91: A | E91: m | F91: 2568 | G91: 13.41 | H91: =G91*F91 -> 34436.88 | L91: =0.245591278401759*K91 -> 0 | M91: =L91+K91 -> 0 | N91: 0 | O91: =N91*J91 -> 0
C92: 0.75mm2 x 32core (UVG32ADV Quoted for 0.5mm2 x 32pr | E92: m | H92: =G92*F92 -> 0 | L92: =0.245591278401759*K92 -> 0 | M92: =L92+K92 -> 0 | N92: 0 | O92: =N92*J92 -> 0
A93: =C92 -> 0.75mm2 x 32core (UVG32ADV Quoted for 0.5mm2 x 32pr | B93: 2.21 | C93: Supply | D93: D | E93: m | F93: 462 | G93: 129.8 | H93: =G93*F93 -> 59967.6 | K93: 129.8 | L93: =0.245591278401759*K93 -> 31.877748 | M93: =L93+K93 -> 161.67775 | N93: 134.73 | O93: =N93*J93 -> 0
A94: =C92 -> 0.75mm2 x 32core (UVG32ADV Quoted for 0.5mm2 x 32pr | B94: 2.211 | C94: Install | D94: A | E94: m | F94: 462 | G94: 17.87 | H94: =G94*F94 -> 8255.94 | L94: =0.245591278401759*K94 -> 0 | M94: =L94+K94 -> 0 | N94: 0 | O94: =N94*J94 -> 0
C95: 1.5mm2 x 2 core (BVX02CCV) | E95: m | H95: =G95*F95 -> 0 | L95: =0.245591278401759*K95 -> 0 | M95: =L95+K95 -> 0 | N95: 0 | O95: =N95*J95 -> 0
A96: =C95 -> 1.5mm2 x 2 core (BVX02CCV) | B96: 2.212 | C96: Supply | D96: D | E96: m | F96: 2000 | G96: 45.07 | H96: =G96*F96 -> 90140 | J96: 2000 | K96: 45.07 | L96: =0.245591278401759*K96 -> 11.068799 | M96: =L96+K96 -> 56.138799 | N96: 46.78 | O96: =N96*J96 -> 93560
A97: =C95 -> 1.5mm2 x 2 core (BVX02CCV) | B97: 2.213 | C97: Install | D97: A | E97: m | F97: 2000 | G97: 7.39 | H97: =G97*F97 -> 14780 | L97: =0.245591278401759*K97 -> 0 | M97: =L97+K97 -> 0 | N97: 0 | O97: =N97*J97 -> 0
C98: 2.5mm2 x 2core (BVX02DCV) | E98: m | H98: =G98*F98 -> 0 | L98: =0.245591278401759*K98 -> 0 | M98: =L98+K98 -> 0 | N98: 0 | O98: =N98*J98 -> 0
A99: =C98 -> 2.5mm2 x 2core (BVX02DCV) | B99: 2.214 | C99: Supply | D99: D | E99: m | F99: 30000 | G99: 46.28 | H99: =G99*F99 -> 1388400 | K99: 46.28 | L99: =0.245591278401759*K99 -> 11.365964 | M99: =L99+K99 -> 57.645964 | N99: 48.04 | O99: =N99*J99 -> 0
A100: =C98 -> 2.5mm2 x 2core (BVX02DCV) | B100: 2.215 | C100: Install | D100: A | E100: m | F100: 30000 | G100: 8.06 | H100: =G100*F100 -> 241800 | L100: =0.245591278401759*K100 -> 0 | M100: =L100+K100 -> 0 | N100: 0 | O100: =N100*J100 -> 0
C101: 2.5mm2 x 4core (BVX04DCV | E101: m | H101: =G101*F101 -> 0 | L101: =0.245591278401759*K101 -> 0 | M101: =L101+K101 -> 0 | N101: 0 | O101: =N101*J101 -> 0
A102: =C101 -> 2.5mm2 x 4core (BVX04DCV | B102: 2.216 | C102: Supply | D102: D | E102: m | F102: 7966 | G102: 59.17 | H102: =G102*F102 -> 471348.22 | J102: 7966 | K102: 59.17 | L102: =0.245591278401759*K102 -> 14.531636 | M102: =L102+K102 -> 73.701636 | N102: 61.42 | O102: =N102*J102 -> 489271.72
...

Sheet Rest of cables (3)
A2: Tutuka Power Station: GX COAL PROJECTS
A4: Pricing Schudule | F4: CONTRACT BOQ
J5: U6 Sub east
B6: ITEM | C6: DESCRIPTION | D6: CPA Formula | E6: UOM | F6: Qty | G6: Rate | H6: Total | J6: Qty | K6: Rate | L6: CPA | M6: Grand Rate | N6: -Profit Margin 20% | O6: Amount
C7: UNIT 1 - 6 MV CABLES | E7: m
C8: Installation of New MV Cables including fixing materials | D8: ` | E8: m
C9: XLPE 11KV | E9: m
C10: 500mm2 x 1 core (EXX01WCV) 6.35kV/11kV (Trefoil clamps) Cut & Join | E10: m
A11: =C10 -> 500mm2 x 1 core (EXX01WCV) 6.35kV/11kV (Trefoil clamps) Cut & Join | B11: 2.001 | C11: Supply | D11: E | E11: m | F11: 20000 | G11: 1422.22 | H11: =G11*F11 -> 28444400 | K11: 1422.22 | L11: =0.330975870321115*K11 -> 470.7205 | M11: =L11+K11 -> 1892.9405 | N11: 1577.45 | O11: =N11*J11 -> 0 | P11: =F11-J11 -> 20000
C12: 500mm2 x 1 core (EXX01WCV) 6.35kV/11kV (Trefoil clamps) New | E12: m | H12: =G12*F12 -> 0 | L12: =0.330975870321115*K12 -> 0 | M12: =L12+K12 -> 0 | N12: 0 | O12: =N12*J12 -> 0 | P12: =F12-J12 -> 0
A13: =C12 -> 500mm2 x 1 core (EXX01WCV) 6.35kV/11kV (Trefoil clamps) New | B13: 2.003 | C13: Supply | D13: E | E13: m | F13: 8020 | G13: 1422.22 | H13: =G13*F13 -> 11406204 | J13: 7800 | K13: 1422.22 | L13: =0.330975870321115*K13 -> 470.7205 | M13: =L13+K13 -> 1892.9405 | N13: 1577.45 | O13: =N13*J13 -> 12304110 | P13: =F13-J13 -> 220
C14: XLPE 11KV | E14: m | H14: =G14*F14 -> 0 | L14: =0.330975870321115*K14 -> 0 | M14: =L14+K14 -> 0 | N14: 0 | O14: =N14*J14 -> 0 | P14: =F14-J14 -> 0
C15: 300mm2 x 1 core (EXX01UCM) 6.35kV/11kV | E15: m | H15: =G15*F15 -> 0 | L15: =0.330975870321115*K15 -> 0 | M15: =L15+K15 -> 0 | N15: 0 | O15: =N15*J15 -> 0 | P15: =F15-J15 -> 0
A16: =C15 -> 300mm2 x 1 core (EXX01UCM) 6.35kV/11kV | B16: 2.005 | C16: Supply | D16: E | E16: m | F16: 7500 | G16: 905.62 | H16: =G16*F16 -> 6792150 | K16: 905.62 | L16: =0.330975870321115*K16 -> 299.73837 | M16: =L16+K16 -> 1205.3584 | N16: 1004.47 | O16: =N16*J16 -> 0 | P16: =F16-J16 -> 7500
C17: 120mm2 x 1core (EXX01QCV) 6.35 kV/11kV New | E17: m | H17: =G17*F17 -> 0 | L17: =0.330975870321115*K17 -> 0 | M17: =L17+K17 -> 0 | N17: 0 | O17: =N17*J17 -> 0 | P17: =F17-J17 -> 0
A18: =C17 -> 120mm2 x 1core (EXX01QCV) 6.35 kV/11kV New | B18: 2.007 | C18: Supply | D18: E | E18: m | F18: 14400 | G18: 417.34 | H18: =G18*F18 -> 6009696 | K18: 417.34 | L18: =0.330975870321115*K18 -> 138.12947 | M18: =L18+K18 -> 555.46947 | N18: 462.89 | O18: =N18*J18 -> 0 | P18: =F18-J18 -> 14400
C19: 150mm2 x 1core (EXX01RCV) 6.35 kV/11kV Cut & Join | E19: m | H19: =G19*F19 -> 0 | L19: =0.330975870321115*K19 -> 0 | M19: =L19+K19 -> 0 | N19: 0 | O19: =N19*J19 -> 0 | P19: =F19-J19 -> 0
A20: =C19 -> 150mm2 x 1core (EXX01RCV) 6.35 kV/11kV Cut & Join | B20: 2.009 | C20: Supply | D20: E | E20: m | F20: 1200 | G20: 501.98 | H20: =G20*F20 -> 602376 | K20: 501.98 | L20: =0.330975870321115*K20 -> 166.14327 | M20: =L20+K20 -> 668.12327 | N20: 556.77 | O20: =N20*J20 -> 0 | P20: =F20-J20 -> 1200
C21: XLPE 3.3kV | E21: m | H21: =G21*F21 -> 0 | L21: =0.330975870321115*K21 -> 0 | M21: =L21+K21 -> 0 | N21: 0 | O21: =N21*J21 -> 0 | P21: =F21-J21 -> 0
C22: 630mm2 x 1core (CXX01XCV) 3.8kV/6.6kV | E22: m | H22: =G22*F22 -> 0 | L22: =0.330975870321115*K22 -> 0 | M22: =L22+K22 -> 0 | N22: 0 | O22: =N22*J22 -> 0 | P22: =F22-J22 -> 0
A23: =C22 -> 630mm2 x 1core (CXX01XCV) 3.8kV/6.6kV | B23: 2.011 | C23: Supply | D23: E | E23: m | F23: 5000 | G23: 1820.02 | H23: =G23*F23 -> 9100100 | J23: 2700 | K23: 1820.02 | L23: =0.330975870321115*K23 -> 602.3827 | M23: =L23+K23 -> 2422.4027 | N23: 2018.67 | O23: =N23*J23 -> 5450409 | P23: =F23-J23 -> 2300
C24: 120mm x 3 core (CXX03QCV) 3.8kV/6.6kV | E24: m | H24: =G24*F24 -> 0 | L24: =0.330975870321115*K24 -> 0 | M24: =L24+K24 -> 0 | N24: 0 | O24: =N24*J24 -> 0 | P24: =F24-J24 -> 0
A25: =C24 -> 120mm x 3 core (CXX03QCV) 3.8kV/6.6kV | B25: 2.013 | C25: Supply | D25: E | E25: m | F25: 720 | G25: 1472.65 | H25: =G25*F25 -> 1060308 | J25: 300 | K25: 1472.65 | L25: =0.330975870321115*K25 -> 487.41162 | M25: =L25+K25 -> 1960.0616 | N25: 1633.38 | O25: =N25*J25 -> 490014 | P25: =F25-J25 -> 420
C26: 70mm2 x 3 core (CXX03NCV) 3.8kV/6.6kV | E26: m | H26: =G26*F26 -> 0 | L26: =0.330975870321115*K26 -> 0 | M26: =L26+K26 -> 0 | N26: 0 | O26: =N26*J26 -> 0 | P26: =F26-J26 -> 0
A27: =C26 -> 70mm2 x 3 core (CXX03NCV) 3.8kV/6.6kV | B27: 2.015 | C27: Supply | D27: E | E27: m | F27: 2160 | G27: 860.35 | H27: =G27*F27 -> 1858356 | J27: 600 | K27: 860.35 | L27: =0.330975870321115*K27 -> 284.75509 | M27: =L27+K27 -> 1145.1051 | N27: 954.25 | O27: =N27*J27 -> 572550 | P27: =F27-J27 -> 1560
C28: 240mm2 x 3 core (CXX03TCV) 3.8kV/6.6kV | E28: m | H28: =G28*F28 -> 0 | L28: =0.330975870321115*K28 -> 0 | M28: =L28+K28 -> 0 | N28: 0 | O28: =N28*J28 -> 0 | P28: =F28-J28 -> 0
A29: =C28 -> 240mm2 x 3 core (CXX03TCV) 3.8kV/6.6kV | B29: 2.017 | C29: Supply | D29: E | E29: m | F29: 1080 | G29: 2399.34 | H29: =G29*F29 -> 2591287.2 | J29: =300+300 -> 600 | K29: 2399.34 | L29: =0.330975870321115*K29 -> 794.12364 | M29: =L29+K29 -> 3193.4636 | N29: 2661.22 | O29: =N29*J29 -> 1596732 | P29: =F29-J29 -> 480
E30: m | H30: =G30*F30 -> 0 | L30: =0.330975870321115*K30 -> 0 | M30: =L30+K30 -> 0 | N30: 0 | O30: =N30*J30 -> 0 | P30: =F30-J30 -> 0
C31: Sub-Total for per unit | E31: m | H31: =G31*F31 -> 0 | L31: =0.330975870321115*K31 -> 0 | M31: =L31+K31 -> 0 | N31: 0 | O31: =N31*J31 -> 0 | P31: =F31-J31 -> 0
E32: m | H32: =G32*F32 -> 0 | L32: =0.330975870321115*K32 -> 0 | M32: =L32+K32 -> 0 | N32: 0 | O32: =N32*J32 -> 0 | P32: =F32-J32 -> 0
E33: m | H33: =G33*F33 -> 0 | L33: =0.330975870321115*K33 -> 0 | M33: =L33+K33 -> 0 | N33: 0 | O33: =N33*J33 -> 0 | P33: =F33-J33 -> 0
C34: COMMON PLANT - MV CABLES | E34: m | H34: =G34*F34 -> 0 | L34: =0.330975870321115*K34 -> 0 | M34: =L34+K34 -> 0 | N34: 0 | O34: =N34*J34 -> 0 | P34: =F34-J34 -> 0
C35: Installation of New MV Cables includiding fixing materials | E35: m | H35: =G35*F35 -> 0 | L35: =0.330975870321115*K35 -> 0 | M35: =L35+K35 -> 0 | N35: 0 | O35: =N35*J35 -> 0 | P35: =F35-J35 -> 0
C36: XLPE 11kV | E36: m | H36: =G36*F36 -> 0 | L36: =0.330975870321115*K36 -> 0 | M36: =L36+K36 -> 0 | N36: 0 | O36: =N36*J36 -> 0 | P36: =F36-J36 -> 0
C37: 500mm2 x 1 core (EXX01WCV) 6.35kV/11kV (Trefoil clamps) | E37: m | H37: =G37*F37 -> 0 | L37: =0.330975870321115*K37 -> 0 | M37: =L37+K37 -> 0 | N37: 0 | O37: =N37*J37 -> 0 | P37: =F37-J37 -> 0
A38: =C37 -> 500mm2 x 1 core (EXX01WCV) 6.35kV/11kV (Trefoil clamps) | B38: 2.059 | C38: Supply | D38: E | E38: m | F38: 5940 | G38: 1400.31 | H38: =G38*F38 -> 8317841.4 | J38: 4200 | K38: 1400.31 | L38: =0.330975870321115*K38 -> 463.46882 | M38: =L38+K38 -> 1863.7788 | N38: 1553.15 | O38: =N38*J38 -> 6523230 | P38: =F38-J38 -> 1740
C39: 185mm2 x 3 core (EXX03SCV) 6.35 kV/11kV | E39: m | H39: =G39*F39 -> 0 | L39: =0.330975870321115*K39 -> 0 | M39: =L39+K39 -> 0 | N39: 0 | O39: =N39*J39 -> 0 | P39: =F39-J39 -> 0
A40: =C39 -> 185mm2 x 3 core (EXX03SCV) 6.35 kV/11kV | B40: 2.061 | C40: Supply | D40: E | E40: m | F40: 400 | G40: 2555.47 | H40: =G40*F40 -> 1022188 | K40: 2555.47 | L40: =0.330975870321115*K40 -> 845.79891 | M40: =L40+K40 -> 3401.2689 | N40: 2834.39 | O40: =N40*J40 -> 0 | P40: =F40-J40 -> 400
C41: 150mm2 x 1core (EXX01RCV) 6.35 kV/11kV | E41: m | H41: =G41*F41 -> 0 | L41: =0.330975870321115*K41 -> 0 | M41: =L41+K41 -> 0 | N41: 0 | O41: =N41*J41 -> 0 | P41: =F41-J41 -> 0
A42: =C41 -> 150mm2 x 1core (EXX01RCV) 6.35 kV/11kV | B42: 2.063 | C42: Supply | D42: E | E42: m | F42: 6910 | G42: 510.09 | H42: =G42*F42 -> 3524721.9 | J42: 3000 | K42: 510.09 | L42: =0.330975870321115*K42 -> 168.82748 | M42: =L42+K42 -> 678.91748 | N42: 565.76 | O42: =N42*J42 -> 1697280 | P42: =F42-J42 -> 3910
C43: 95mm2 x 3core (EXX03PCV) 6.35 kV/11kV | E43: m | H43: =G43*F43 -> 0 | L43: =0.330975870321115*K43 -> 0 | M43: =L43+K43 -> 0 | N43: 0 | O43: =N43*J43 -> 0 | P43: =F43-J43 -> 0
A44: =C43 -> 95mm2 x 3core (EXX03PCV) 6.35 kV/11kV | B44: 2.065 | C44: Supply | D44: E | E44: m | F44: 150 | G44: 984.89 | H44: =G44*F44 -> 147733.5 | K44: 984.89 | L44: =0.330975870321115*K44 -> 325.97482 | M44: =L44+K44 -> 1310.8648 | N44: 1092.39 | O44: =N44*J44 -> 0 | P44: =F44-J44 -> 150
C45: XLPE 3.3kV | E45: m | H45: =G45*F45 -> 0 | L45: =0.330975870321115*K45 -> 0 | M45: =L45+K45 -> 0 | N45: 0 | O45: =N45*J45 -> 0 | P45: =F45-J45 -> 0
C46: 630mm2 x 1core (CXX01XCV) 3.8kV/6.6kV | E46: m | H46: =G46*F46 -> 0 | L46: =0.330975870321115*K46 -> 0 | M46: =L46+K46 -> 0 | N46: 0 | O46: =N46*J46 -> 0 | P46: =F46-J46 -> 0
A47: =C46 -> 630mm2 x 1core (CXX01XCV) 3.8kV/6.6kV | B47: 2.067 | C47: Supply | D47: E | E47: m | F47: 540 | G47: 1941.99 | H47: =G47*F47 -> 1048674.6 | K47: 1941.99 | L47: =0.330975870321115*K47 -> 642.75183 | M47: =L47+K47 -> 2584.7418 | N47: 2153.95 | O47: =N47*J47 -> 0 | P47: =F47-J47 -> 540
C48: 240mm2 x 3 core (CXX03TCV) 3.8kV/6.6kV | E48: m | H48: =G48*F48 -> 0 | L48: =0.330975870321115*K48 -> 0 | M48: =L48+K48 -> 0 | N48: 0 | O48: =N48*J48 -> 0 | P48: =F48-J48 -> 0
A49: =C48 -> 240mm2 x 3 core (CXX03TCV) 3.8kV/6.6kV | B49: 2.069 | C49: Supply | D49: E | E49: m | F49: 390 | G49: 2105.75 | H49: =G49*F49 -> 821242.5 | K49: 2105.75 | L49: =0.330975870321115*K49 -> 696.95244 | M49: =L49+K49 -> 2802.7024 | N49: 2335.59 | O49: =N49*J49 -> 0 | P49: =F49-J49 -> 390
C50: 120mm x 3 core (CXX03QCV) 3.8kV/6.6kV | E50: m | H50: =G50*F50 -> 0 | L50: =0.330975870321115*K50 -> 0 | M50: =L50+K50 -> 0 | N50: 0 | O50: =N50*J50 -> 0 | P50: =F50-J50 -> 0
A51: =C50 -> 120mm x 3 core (CXX03QCV) 3.8kV/6.6kV | B51: 2.071 | C51: Supply | D51: E | E51: m | F51: 420 | G51: 1149.79 | H51: =G51*F51 -> 482911.8 | K51: 1149.79 | L51: =0.330975870321115*K51 -> 380.55275 | M51: =L51+K51 -> 1530.3427 | N51: 1275.29 | O51: =N51*J51 -> 0 | P51: =F51-J51 -> 420
C52: 70mm2 x 3 core (CXX03NCV) 3.8kV/6.6kV | E52: m | H52: =G52*F52 -> 0 | L52: =0.330975870321115*K52 -> 0 | M52: =L52+K52 -> 0 | N52: 0 | O52: =N52*J52 -> 0 | P52: =F52-J52 -> 0
A53: =C52 -> 70mm2 x 3 core (CXX03NCV) 3.8kV/6.6kV | B53: 2.073 | C53: Supply | D53: E | E53: m | F53: 300 | G53: 764.75 | H53: =G53*F53 -> 229425 | K53: 764.75 | L53: =0.330975870321115*K53 -> 253.1138 | M53: =L53+K53 -> 1017.8638 | N53: 848.22 | O53: =N53*J53 -> 0 | P53: =F53-J53 -> 300
E54: m | H54: =G54*F54 -> 0 | L54: =0.330975870321115*K54 -> 0 | M54: =L54+K54 -> 0 | N54: 0 | O54: =N54*J54 -> 0 | P54: =F54-J54 -> 0
C55: Install new LV Cables including fixing materials | E55: m | H55: =G55*F55 -> 0 | L55: =0.330975870321115*K55 -> 0 | M55: =L55+K55 -> 0 | N55: 0 | O55: =N55*J55 -> 0 | P55: =F55-J55 -> 0
E56: m | H56: =G56*F56 -> 0 | L56: =0.330975870321115*K56 -> 0 | M56: =L56+K56 -> 0 | N56: 0 | O56: =N56*J56 -> 0 | P56: =F56-J56 -> 0
C57: Twisted pair | E57: m | H57: =G57*F57 -> 0 | L57: =0.330975870321115*K57 -> 0 | M57: =L57+K57 -> 0 | N57: 0 | O57: =N57*J57 -> 0 | P57: =F57-J57 -> 0
A58: =C57 -> Twisted pair | B58: 2.198 | C58: Supply | D58: D | E58: m | F58: 350 | G58: 24.03 | H58: =G58*F58 -> 8410.5 | K58: 24.03 | L58: =0.245591278401759*K58 -> 5.9015584 | M58: =L58+K58 -> 29.931558 | N58: 24.94 | O58: =N58*J58 -> 0 | P58: =F58-J58 -> 350
C59: 0.5mm2 x 48core (UVG48ACM) | E59: m | H59: =G59*F59 -> 0 | L59: =0.245591278401759*K59 -> 0 | M59: =L59+K59 -> 0 | N59: 0 | O59: =N59*J59 -> 0 | P59: =F59-J59 -> 0
A60: =C59 -> 0.5mm2 x 48core (UVG48ACM) | B60: 2.2 | C60: Supply | D60: D | E60: m | F60: 1500 | G60: 158.72 | H60: =G60*F60 -> 238080 | K60: 158.72 | L60: =0.245591278401759*K60 -> 38.980248 | M60: =L60+K60 -> 197.70025 | N60: 164.75 | O60: =N60*J60 -> 0 | P60: =F60-J60 -> 1500
C61: 0.5 mm2 x 8core (UVG08ACV) | E61: m | H61: =G61*F61 -> 0 | L61: =0.245591278401759*K61 -> 0 | M61: =L61+K61 -> 0 | N61: 0 | O61: =N61*J61 -> 0 | P61: =F61-J61 -> 0
A62: =C61 -> 0.5 mm2 x 8core (UVG08ACV) | B62: 2.202 | C62: Supply | D62: D | E62: m | F62: 1095 | G62: 44.79 | H62: =G62*F62 -> 49045.05 | K62: 44.79 | L62: =0.245591278401759*K62 -> 11.000033 | M62: =L62+K62 -> 55.790033 | N62: 46.49 | O62: =N62*J62 -> 0 | P62: =F62-J62 -> 1095
C63: 0.75mm2 x 4core (BVS04BCV | E63: m | H63: =G63*F63 -> 0 | L63: =0.245591278401759*K63 -> 0 | M63: =L63+K63 -> 0 | N63: 0 | O63: =N63*J63 -> 0 | P63: =F63-J63 -> 0
A64: =C63 -> 0.75mm2 x 4core (BVS04BCV | B64: 2.204 | C64: Supply | D64: D | E64: m | F64: 320 | G64: 14.65 | H64: =G64*F64 -> 4688 | K64: 14.65 | L64: =0.245591278401759*K64 -> 3.5979122 | M64: =L64+K64 -> 18.247912 | N64: 15.21 | O64: =N64*J64 -> 0 | P64: =F64-J64 -> 320
C65: 0.75mm2 x 16core (UVG16ADV) Quoted for 0.5mm2 | E65: m | H65: =G65*F65 -> 0 | L65: =0.245591278401759*K65 -> 0 | M65: =L65+K65 -> 0 | N65: 0 | O65: =N65*J65 -> 0 | P65: =F65-J65 -> 0
A66: =C65 -> 0.75mm2 x 16core (UVG16ADV) Quoted for 0.5mm2 | B66: 2.206 | C66: Supply | D66: D | E66: m | F66: 2755 | G66: 70.48 | H66: =G66*F66 -> 194172.4 | K66: 70.48 | L66: =0.245591278401759*K66 -> 17.309273 | M66: =L66+K66 -> 87.789273 | N66: 73.16 | O66: =N66*J66 -> 0 | P66: =F66-J66 -> 2755
C67: 0.75mm2 x 20core (UVG20ACV Quoted for 0.5mm2 | E67: m | H67: =G67*F67 -> 0 | L67: =0.245591278401759*K67 -> 0 | M67: =L67+K67 -> 0 | N67: 0 | O67: =N67*J67 -> 0 | P67: =F67-J67 -> 0
A68: =C67 -> 0.75mm2 x 20core (UVG20ACV Quoted for 0.5mm2 | B68: 2.208 | C68: Supply | D68: D | E68: m | F68: 2568 | G68: 78.06 | H68: =G68*F68 -> 200458.08 | K68: 78.06 | L68: =0.245591278401759*K68 -> 19.170855 | M68: =L68+K68 -> 97.230855 | N68: 81.03 | O68: =N68*J68 -> 0 | P68: =F68-J68 -> 2568
C69: 0.75mm2 x 32core (UVG32ADV Quoted for 0.5mm2 x 32pr | E69: m | H69: =G69*F69 -> 0 | L69: =0.245591278401759*K69 -> 0 | M69: =L69+K69 -> 0 | N69: 0 | O69: =N69*J69 -> 0 | P69: =F69-J69 -> 0
A70: =C69 -> 0.75mm2 x 32core (UVG32ADV Quoted for 0.5mm2 x 32pr | B70: 2.21 | C70: Supply | D70: D | E70: m | F70: 462 | G70: 129.8 | H70: =G70*F70 -> 59967.6 | K70: 129.8 | L70: =0.245591278401759*K70 -> 31.877748 | M70: =L70+K70 -> 161.67775 | N70: 134.73 | O70: =N70*J70 -> 0 | P70: =F70-J70 -> 462
C71: 1.5mm2 x 2 core (BVX02CCV) | E71: m | H71: =G71*F71 -> 0 | L71: =0.245591278401759*K71 -> 0 | M71: =L71+K71 -> 0 | N71: 0 | O71: =N71*J71 -> 0 | P71: =F71-J71 -> 0
A72: =C71 -> 1.5mm2 x 2 core (BVX02CCV) | B72: 2.212 | C72: Supply | D72: D | E72: m | F72: 2000 | G72: 45.07 | H72: =G72*F72 -> 90140 | J72: 2000 | K72: 45.07 | L72: =0.245591278401759*K72 -> 11.068799 | M72: =L72+K72 -> 56.138799 | N72: 46.78 | O72: =N72*J72 -> 93560 | P72: =F72-J72 -> 0
C73: 2.5mm2 x 2core (BVX02DCV) | E73: m | H73: =G73*F73 -> 0 | L73: =0.245591278401759*K73 -> 0 | M73: =L73+K73 -> 0 | N73: 0 | O73: =N73*J73 -> 0 | P73: =F73-J73 -> 0
A74: =C73 -> 2.5mm2 x 2core (BVX02DCV) | B74: 2.214 | C74: Supply | D74: D | E74: m | F74: 30000 | G74: 46.28 | H74: =G74*F74 -> 1388400 | K74: 46.28 | L74: =0.245591278401759*K74 -> 11.365964 | M74: =L74+K74 -> 57.645964 | N74: 48.04 | O74: =N74*J74 -> 0 | P74: =F74-J74 -> 30000
C75: 2.5mm2 x 4core (BVX04DCV | E75: m | H75: =G75*F75 -> 0 | L75: =0.245591278401759*K75 -> 0 | M75: =L75+K75 -> 0 | N75: 0 | O75: =N75*J75 -> 0 | P75: =F75-J75 -> 0
A76: =C75 -> 2.5mm2 x 4core (BVX04DCV | B76: 2.216 | C76: Supply | D76: D | E76: m | F76: 7966 | G76: 59.17 | H76: =G76*F76 -> 471348.22 | J76: 7966 | K76: 59.17 | L76: =0.245591278401759*K76 -> 14.531636 | M76: =L76+K76 -> 73.701636 | N76: 61.42 | O76: =N76*J76 -> 489271.72 | P76: =F76-J76 -> 0
C77: 2.5mm2 x 3 core (BVX3DCV) | E77: m | H77: =G77*F77 -> 0 | L77: =0.245591278401759*K77 -> 0 | M77: =L77+K77 -> 0 | N77: 0 | O77: =N77*J77 -> 0 | P77: =F77-J77 -> 0
A78: =C77 -> 2.5mm2 x 3 core (BVX3DCV) | B78: 2.218 | C78: Supply | D78: D | E78: m | F78: 7133 | G78: 52.31 | H78: =G78*F78 -> 373127.23 | J78: 7133 | K78: 52.31 | L78: =0.245591278401759*K78 -> 12.84688 | M78: =L78+K78 -> 65.15688 | N78: 54.3 | O78: =N78*J78 -> 387321.9 | P78: =F78-J78 -> 0
C79: 2.5mm2 x4 core cabtyre | E79: m | H79: =G79*F79 -> 0 | L79: =0.245591278401759*K79 -> 0 | M79: =L79+K79 -> 0 | N79: 0 | O79: =N79*J79 -> 0 | P79: =F79-J79 -> 0
A80: =C79 -> 2.5mm2 x4 core cabtyre | B80: 2.22 | C80: Supply | D80: D | E80: m | F80: 2500 | G80: 22.9 | H80: =G80*F80 -> 57250 | K80: 22.9 | L80: =0.245591278401759*K80 -> 5.6240403 | M80: =L80+K80 -> 28.52404 | N80: 23.77 | O80: =N80*J80 -> 0 | P80: =F80-J80 -> 2500
C81: 2.5mm2 x4 core flexible tail | E81: m | H81: =G81*F81 -> 0 | L81: =0.245591278401759*K81 -> 0 | M81: =L81+K81 -> 0 | N81: 0 | O81: =N81*J81 -> 0 | P81: =F81-J81 -> 0
A82: =C81 -> 2.5mm2 x4 core flexible tail | B82: 2.222 | C82: Supply | D82: D | E82: m | F82: 1000 | G82: 40.42 | H82: =G82*F82 -> 40420 | K82: 40.42 | L82: =0.245591278401759*K82 -> 9.9267995 | M82: =L82+K82 -> 50.346799 | N82: 41.96 | O82: =N82*J82 -> 0 | P82: =F82-J82 -> 1000
C83: 2.5mm2 x 7core (BVX07DCV | E83: m | H83: =G83*F83 -> 0 | L83: =0.245591278401759*K83 -> 0 | M83: =L83+K83 -> 0 | N83: 0 | O83: =N83*J83 -> 0 | P83: =F83-J83 -> 0
A84: =C83 -> 2.5mm2 x 7core (BVX07DCV | B84: 2.224 | C84: Supply | D84: D | E84: m | F84: 7357 | G84: 78.71 | H84: =G84*F84 -> 579069.47 | K84: 78.71 | L84: =0.245591278401759*K84 -> 19.33049 | M84: =L84+K84 -> 98.04049 | N84: 81.7 | O84: =N84*J84 -> 0 | P84: =F84-J84 -> 7357
C85: 2.5mm2 x 12 core (BVX12DCV) | E85: m | H85: =G85*F85 -> 0 | L85: =0.245591278401759*K85 -> 0 | M85: =L85+K85 -> 0 | N85: 0 | O85: =N85*J85 -> 0 | P85: =F85-J85 -> 0
A86: =C85 -> 2.5mm2 x 12 core (BVX12DCV) | B86: 2.226 | C86: Supply | D86: D | E86: m | F86: 2200 | G86: 114.54 | H86: =G86*F86 -> 251988 | K86: 114.54 | L86: =0.245591278401759*K86 -> 28.130025 | M86: =L86+K86 -> 142.67003 | N86: 118.89 | O86: =N86*J86 -> 0 | P86: =F86-J86 -> 2200
C87: 2.5mm2 x 19core (BVX19DCV | E87: m | H87: =G87*F87 -> 0 | L87: =0.245591278401759*K87 -> 0 | M87: =L87+K87 -> 0 | N87: 0 | O87: =N87*J87 -> 0 | P87: =F87-J87 -> 0
A88: =C87 -> 2.5mm2 x 19core (BVX19DCV | B88: 2.228 | C88: Supply | D88: D | E88: m | F88: 3040 | G88: 160.46 | H88: =G88*F88 -> 487798.4 | K88: 160.46 | L88: =0.245591278401759*K88 -> 39.407577 | M88: =L88+K88 -> 199.86758 | N88: 166.56 | O88: =N88*J88 -> 0 | P88: =F88-J88 -> 3040
C89: 2.5mm2 x 37core (BVX37DCV | E89: m | H89: =G89*F89 -> 0 | L89: =0.245591278401759*K89 -> 0 | M89: =L89+K89 -> 0 | N89: 0 | O89: =N89*J89 -> 0 | P89: =F89-J89 -> 0
A90: =C89 -> 2.5mm2 x 37core (BVX37DCV | B90: 2.23 | C90: Supply | D90: D | E90: m | F90: 2463 | G90: 284.86 | H90: =G90*F90 -> 701610.18 | K90: 284.86 | L90: =0.245591278401759*K90 -> 69.959132 | M90: =L90+K90 -> 354.81913 | N90: 295.68 | O90: =N90*J90 -> 0 | P90: =F90-J90 -> 2463
C91: 4mm2 x 2 core (BVX02ECV) | E91: m | H91: =G91*F91 -> 0 | L91: =0.245591278401759*K91 -> 0 | M91: =L91+K91 -> 0 | N91: 0 | O91: =N91*J91 -> 0 | P91: =F91-J91 -> 0
A92: =C91 -> 4mm2 x 2 core (BVX02ECV) | B92: 2.232 | C92: Supply | D92: D | E92: m | F92: 14620 | G92: 55.15 | H92: =G92*F92 -> 806293 | J92: =2500+2000 -> 4500 | K92: 55.15 | L92: =0.245591278401759*K92 -> 13.544359 | M92: =L92+K92 -> 68.694359 | N92: 57.25 | O92: =N92*J92 -> 257625 | P92: =F92-J92 -> 10120
C93: 4mm2 x 3 core (BVX03ECV) | E93: m | H93: =G93*F93 -> 0 | L93: =0.245591278401759*K93 -> 0 | M93: =L93+K93 -> 0 | N93: 0 | O93: =N93*J93 -> 0 | P93: =F93-J93 -> 0
A94: =C93 -> 4mm2 x 3 core (BVX03ECV) | B94: 2.234 | C94: Supply | D94: D | E94: m | F94: 7311 | G94: 64.19 | H94: =G94*F94 -> 469293.09 | K94: 64.19 | L94: =0.245591278401759*K94 -> 15.764504 | M94: =L94+K94 -> 79.954504 | N94: 66.63 | O94: =N94*J94 -> 0 | P94: =F94-J94 -> 7311
C95: 4mm2 x 4core BVX04ECV | E95: m | H95: =G95*F95 -> 0 | L95: =0.245591278401759*K95 -> 0 | M95: =L95+K95 -> 0 | N95: 0 | O95: =N95*J95 -> 0 | P95: =F95-J95 -> 0
A96: =C95 -> 4mm2 x 4core BVX04ECV | B96: 2.236 | C96: Supply | D96: D | E96: m | F96: 15000 | G96: 74.74 | H96: =G96*F96 -> 1121100 | J96: =6500+1000 -> 7500 | K96: 74.74 | L96: =0.245591278401759*K96 -> 18.355492 | M96: =L96+K96 -> 93.095492 | N96: 77.58 | O96: =N96*J96 -> 581850 | P96: =F96-J96 -> 7500
C97: 4mm2 x 7core (BVX07ECV | E97: m | H97: =G97*F97 -> 0 | L97: =0.245591278401759*K97 -> 0 | M97: =L97+K97 -> 0 | N97: 0 | O97: =N97*J97 -> 0 | P97: =F97-J97 -> 0
A98: =C97 -> 4mm2 x 7core (BVX07ECV | B98: 2.238 | C98: Supply | D98: D | E98: m | F98: 3151 | G98: 105.47 | H98: =G98*F98 -> 332335.97 | K98: 105.47 | L98: =0.245591278401759*K98 -> 25.902512 | M98: =L98+K98 -> 131.37251 | N98: 109.48 | O98: =N98*J98 -> 0 | P98: =F98-J98 -> 3151
C99: 4mm2 x 12core (BVX12ECV | E99: m | H99: =G99*F99 -> 0 | L99: =0.245591278401759*K99 -> 0 | M99: =L99+K99 -> 0 | N99: 0 | O99: =N99*J99 -> 0 | P99: =F99-J99 -> 0
A100: =C99 -> 4mm2 x 12core (BVX12ECV | B100: 2.24 | C100: Supply | D100: D | E100: m | F100: 1622 | G100: 163.33 | H100: =G100*F100 -> 264921.26 | K100: 163.33 | L100: =0.245591278401759*K100 -> 40.112424 | M100: =L100+K100 -> 203.44242 | N100: 169.54 | O100: =N100*J100 -> 0 | P100: =F100-J100 -> 1622
C101: 4mm2 x 19core (BVX19ECV | E101: m | H101: =G101*F101 -> 0 | L101: =0.245591278401759*K101 -> 0 | M101: =L101+K101 -> 0 | N101: 0 | O101: =N101*J101 -> 0 | P101: =F101-J101 -> 0
A102: =C101 -> 4mm2 x 19core (BVX19ECV | B102: 2.242 | C102: Supply | D102: D | E102: m | F102: 451 | G102: 237.77 | H102: =G102*F102 -> 107234.27 | K102: 237.77 | L102: =0.245591278401759*K102 -> 58.394238 | M102: =L102+K102 -> 296.16424 | N102: 246.8 | O102: =N102*J102 -> 0 | P102: =F102-J102 -> 451
...

Sheet Combined
A1: Tutuka Racking Quantifications
A2: Description | B2: Unit | C2: Qty | D2: Rate
A3: Wire mesh cable tray Hot dip galvanized 5mm wire with 75mm sidewall height
A4: 300mm width | B4: m | C4: =[19]unit_6!G4+[19]Sub_East!F4 -> 3150 | D4: 225.03333 | E4: =C4*D4 -> 708855
A5: 600mm width | B5: m | C5: =[19]unit_6!G5+[19]Sub_East!F5 -> 3150 | D5: 380.41667 | E5: =C5*D5 -> 1198312.5
A6: Wire Mesh Cable Trays WM75 and WM75/1 | E6: =C6*D6 -> 0
A7: Horizontal Bend wire mesh cable tray 300m | B7: Ea | C7: 20 | D7: 418.6 | E7: =C7*D7 -> 8372
A8: Internal Bend wire mesh cable tray 300m | B8: Ea | C8: 10 | D8: 338 | E8: =C8*D8 -> 3380
A9: External Bend wire mesh cable tray 300m | B9: Ea | C9: 10 | D9: 338 | E9: =C9*D9 -> 3380
A10: Tee wire mesh cable tray 300m | B10: Ea | C10: 10 | D10: 915.2 | E10: =C10*D10 -> 9152
A11: Horizontal Bend wire mesh cable tray 600m | B11: Ea | C11: 20 | D11: 657.8 | E11: =C11*D11 -> 13156
A12: Internal Bend wire mesh cable tray 600m | B12: Ea | C12: 10 | D12: 533 | E12: =C12*D12 -> 5330
A13: External Bend wire mesh cable tray 600m | B13: Ea | C13: 10 | D13: 533 | E13: =C13*D13 -> 5330
A14: Tee wire mesh cable tray 600m | B14: Ea | C14: 10 | D14: 1424.8 | E14: =C14*D14 -> 14248
E15: =C15*D15 -> 0
A16: Fixings | E16: =C16*D16 -> 0
A17: Wire connector set for wire mesh 75mm wall (splice) | B17: ea | C17: =[19]unit_6!G17+[19]Sub_East!F13 -> 14000 | D17: 4.07 | E17: =C17*D17 -> 56980
A18: Hold down clamps for wire mesh 75mm wall | B18: ea | C18: =[19]unit_6!G18+[19]Sub_East!F14 -> 14000 | D18: 3.05 | E18: =C18*D18 -> 42700
E19: =C19*D19 -> 0
A20: Hot dip galvanised single Unistrut P1000 6m length | B20: m | C20: =[19]unit_6!G20+[19]Sub_East!F16 -> 800 | D20: 290 | E20: =C20*D20 -> 232000
A21: Hot dip galvanised double Unistrut P1001 6m length | B21: m | C21: =[19]unit_6!G21+[19]Sub_East!F17 -> 1100 | D21: 336 | E21: =C21*D21 -> 369600
E22: =C22*D22 -> 0
A23: Hot diped galvanised General Fittings | E23: =C23*D23 -> 0
A24: Hot diped galvanised F2072/S1 Post base | B24: ea | C24: =[19]unit_6!G24 -> 360 | D24: =165/20 -> 8.25 | E24: =C24*D24 -> 2970
A25: Hot diped galvanised F2073/A Post base | B25: ea | C25: =[19]unit_6!G25 -> 600 | D25: =400/10 -> 40 | E25: =C25*D25 -> 24000
A26: Hot diped galvanised F1271 Beam clamps | B26: ea | C26: =[19]unit_6!G26 -> 600 | D26: =137/10 -> 13.7 | E26: =C26*D26 -> 8220
A27: Hot diped galvanised F2785 Beam clamps | B27: ea | C27: =[19]unit_6!G27 -> 720 | D27: =120/20 -> 6 | E27: =C27*D27 -> 4320
A28: Hot diped galvanised F1796 Beam clamps | B28: ea | C28: =[19]unit_6!G28 -> 720 | D28: =144/20 -> 7.2 | E28: =C28*D28 -> 5184
A29: Hot diped galvanised F2786 Beam clamps | B29: ea | C29: =[19]unit_6!G29 -> 1200 | D29: =135/20 -> 6.75 | E29: =C29*D29 -> 8100
E30: =C30*D30 -> 0
A31: Hot diped galvanised FLAT fittings | E31: =C31*D31 -> 0
A32: F1062 | B32: ea | C32: =[19]unit_6!G32+[19]Sub_East!F20 -> 2800 | D32: 3.97 | E32: =C32*D32 -> 11116
A33: F1031 | B33: ea | C33: =[19]unit_6!G33+[19]Sub_East!F21 -> 1700 | D33: =90/25 -> 3.6 | E33: =C33*D33 -> 6120
A34: F1036 | B34: ea | C34: =[19]unit_6!G34 -> 720 | D34: =118/25 -> 4.72 | E34: =C34*D34 -> 3398.4
A35: F1028 | B35: ea | C35: =[19]unit_6!G35 -> 480 | D35: =247/15 -> 16.466667 | E35: =C35*D35 -> 7904
A36: F1067 | B36: ea | C36: =[19]unit_6!G36 -> 600 | D36: =101/25 -> 4.04 | E36: =C36*D36 -> 2424
E37: =C37*D37 -> 0
A38: Hot diped galvanised "U" fittings | E38: =C38*D38 -> 0
A39: F1377 | B39: ea | C39: =[19]unit_6!G39 -> 480 | D39: 28 | E39: =C39*D39 -> 13440
A40: F4047 | B40: ea | C40: =[19]unit_6!G40 -> 180 | D40: =90/25 -> 3.6 | E40: =C40*D40 -> 648
E41: =C41*D41 -> 0
A42: Hot diped galvanised angular fittings | E42: =C42*D42 -> 0
A43: F1026 | B43: ea | C43: =[19]unit_6!G43+[19]Sub_East!F23 -> 3500 | D43: 11.25 | E43: =C43*D43 -> 39375 | F43: =45/5 -> 9
A44: F2484 | B44: ea | C44: =[19]unit_6!G44 -> 480 | D44: 18 | E44: =C44*D44 -> 8640
A45: F1326 | B45: ea | C45: =[19]unit_6!G45+[19]Sub_East!F24 -> 3200 | D45: 15.8 | E45: =C45*D45 -> 50560
A46: F1546-45 | B46: ea | C46: =[19]unit_6!G46 -> 360 | D46: =75/25 -> 3 | E46: =C46*D46 -> 1080
A47: F1074 | B47: ea | C47: =[19]unit_6!G47 -> 240 | D47: =200/20 -> 10 | E47: =C47*D47 -> 2400
E48: =C48*D48 -> 0
A49: Cantilever Brackets | E49: =C49*D49 -> 0
A50: F254 - Singe hot dip galvanized unistrut 250mm | B50: ea | C50: =[19]unit_6!G50 -> 720 | D50: 180 | E50: =C50*D50 -> 129600
A51: F254 - Singe hot dip galvanized unistrut 550mm | B51: ea | C51: =[19]unit_6!G51 -> 600 | D51: 306 | E51: =C51*D51 -> 183600
A52: F254S Staggered hot dip galvanized unistrut 650mm | B52: ea | C52: =[19]unit_6!G52 -> 720 | D52: 474 | E52: =C52*D52 -> 341280
A53: F254D Double hot dip galvanized unistrut 650mm | B53: ea | C53: =[19]unit_6!G53 -> 600 | D53: 619 | E53: =C53*D53 -> 371400
A54: F254D Double hot dip galvanized unistrut 850mm | B54: ea | C54: =[19]unit_6!G54 -> 600 | D54: 771 | E54: =C54*D54 -> 462600
E55: =C55*D55 -> 0
A56: Fasteners and Anchors | E56: =C56*D56 -> 0
A57: Hex set screw 40mm M8 electro galvanised | B57: ea | C57: =[19]unit_6!G57 -> 3600 | D57: 3.9 | E57: =C57*D57 -> 14040
A58: Hex set screw 40mm M10 electro galvanised | B58: ea | C58: =[19]unit_6!G58 -> 5400 | D58: 6.7 | E58: =C58*D58 -> 36180 | H58: =5.5/4 -> 1.375
A59: Hex set screw 40mm M12 electro galvanised | B59: ea | C59: =[19]unit_6!G59 -> 5400 | D59: 9.8 | E59: =C59*D59 -> 52920
A60: Hex set screw 50mm M8 electro galvanised | B60: ea | C60: =[19]unit_6!G60 -> 3600 | D60: 4.73 | E60: =C60*D60 -> 17028
A61: Hex set screw 50mm M10 electro galvanised | B61: ea | C61: =[19]unit_6!G61 -> 5400 | D61: 7.7 | E61: =C61*D61 -> 41580
A62: Hex set screw 50mm M12 electro galvanised | B62: ea | C62: =[19]unit_6!G62 -> 5400 | D62: 11.1 | E62: =C62*D62 -> 59940
E63: =C63*D63 -> 0
A64: Hex nut electro galvanised M8 | B64: ea | C64: =[19]unit_6!G64+[19]Sub_East!F27 -> 8600 | D64: 0.9 | E64: =C64*D64 -> 7740
A65: Hex nut electro galvanised M10 | B65: ea | C65: =[19]unit_6!G65+[19]Sub_East!F28 -> 10400 | D65: 2 | E65: =C65*D65 -> 20800
A66: Hex nut electro galvanised M12 | B66: ea | C66: =[19]unit_6!G66 -> 5400 | D66: 2.9 | E66: =C66*D66 -> 15660
A67: Flat washer electro galvanised M8 | B67: ea | C67: =[19]unit_6!G67+[19]Sub_East!F29 -> 12200 | D67: 0.2 | E67: =C67*D67 -> 2440
A68: Flat washer electro galvanised M10 | B68: ea | C68: =[19]unit_6!G68+[19]Sub_East!F30 -> 15800 | D68: 0.4 | E68: =C68*D68 -> 6320
A69: Flat washer electro galvanised M12 | B69: ea | C69: =[19]unit_6!G69 -> 10800 | D69: 0.6 | E69: =C69*D69 -> 6480
E70: =C70*D70 -> 0
A71: Spring nut electro galvanised M6 | B71: ea | C71: =[19]unit_6!G71 -> 600 | D71: 6.9 | E71: =C71*D71 -> 4140
A72: Spring nut electro galvanised M8 | B72: ea | C72: =[19]unit_6!G72+[19]Sub_East!F32 -> 8600 | D72: 8.3 | E72: =C72*D72 -> 71380
A73: Spring nut electro galvanised M10 | B73: ea | C73: =[19]unit_6!G73+[19]Sub_East!F33 -> 15800 | D73: 9 | E73: =C73*D73 -> 142200
A74: Spring nut electro galvanised M12 | B74: ea | C74: =[19]unit_6!G74 -> 10800 | D74: 11 | E74: =C74*D74 -> 118800
E75: =C75*D75 -> 0
A76: Overhead treaded rod support | E76: =C76*D76 -> 0
A77: Electro galvanised Jockey Clamp with M8 | B77: ea | C77: =[19]unit_6!G77 -> 360 | D77: 40 | E77: =C77*D77 -> 14400
A78: Electro galvanised Jockey Clamp with M10 | B78: ea | C78: =[19]unit_6!G78 -> 600 | D78: 70 | E78: =C78*D78 -> 42000
A79: Electro galvanised Jockey Clamp with M12 | B79: ea | C79: =[19]unit_6!G79 -> 600 | D79: 100 | E79: =C79*D79 -> 60000
A80: Electro galvanised Threaded rod M8 in 3m length | B80: m | C80: =[19]unit_6!G80 -> 480 | D80: =20 -> 20 | E80: =C80*D80 -> 9600
A81: Electro galvanised Threaded rod M10 in 3m length | B81: m | C81: =[19]unit_6!G81 -> 1800 | D81: 26 | E81: =C81*D81 -> 46800
A82: Electro galvanised Threaded rod M12 in 3m length | B82: m | C82: =[19]unit_6!G82 -> 480 | D82: 32 | E82: =C82*D82 -> 15360
E83: =SUM(E4:E82) -> 5164982.9

Sheet Racking
A2: Tutuka, Duvha and Kusile Power Station
A4: Pricing Schudule: Racking and Earthing
B6: ITEM | C6: DESCRIPTION | D6: CPA | E6: UOM | F6: Qty | G6: Rate | H6: Total
B7: 1 | C7: MV Cables
B8: 2 | C8: RACKING
B9: 3 | C9: CABLE TRAY AND ACCESSORIES
B10: 4 | C10: Wire mesh cable tray Hot dip galvanized 5mm wire with 75mm sidewall height-Straight Rack
B11: 5 | C11: 650mm Long x 89mm high (O-L 251-650)
B12: 6 | C12: Supply | D12: C | E12: each | F12: 300 | H12: =G12*F12 -> 0
B13: 7 | C13: UNI-STRUT
B14: 8 | C14: Double Uni-strut (90 x 45mm) Rack Support
B15: 9 | C15: Supply | D15: C | E15: m | F15: =3500+500+3900 -> 7900 | H15: =G15*F15 -> 0
B16: 10 | C16: Single Uni-strut (45 x 45mm) Rack Support
B17: 11 | C17: Supply | D17: C | E17: m | F17: =1800+2400+9000 -> 13200 | H17: =G17*F17 -> 0
B18: 12 | C18: CABLE TRAY AND ACCESSORIES
B19: 13 | C19: Wire mesh cable tray Hot dip galvanized 5mm wire with 75mm sidewall height-Straight Rack
B20: 14 | C20: 300mm x 75mm
B21: 15 | C21: Supply | D21: C | E21: m | F21: 13500 | H21: =G21*F21 -> 0
B22: 16 | C22: 600mm x 75mm
B23: 17 | C23: Supply | D23: C | E23: m | F23: 13500 | H23: =G23*F23 -> 0
B24: 18 | C24: Hot dipped galvanized wire mesh cable tray fittings / accessories normal bending radius
B25: 19 | C25: 300mm Wide x 75mm 90 degree horizontal bend
B26: 20 | C26: Supply | D26: C | E26: each | F26: 350 | H26: =G26*F26 -> 0
B27: 21 | C27: 300mm Wide x 75mm 90 degree external/int bend
B28: 22 | C28: Supply | D28: C | E28: each | F28: 350 | H28: =G28*F28 -> 0
B29: 23 | C29: 600mm Wide x 75mm 90 degree horizontal bend
B30: 24 | C30: Supply | D30: C | E30: each | F30: 350 | H30: =G30*F30 -> 0
B31: 25 | C31: 600mm Wide x 75mm 90 degree external/int bend
B32: 26 | C32: Supply | D32: C | E32: each | F32: 350 | H32: =G32*F32 -> 0
B33: 27 | C33: 300mm Wide x 75mm tee
B34: 28 | C34: Supply | D34: C | E34: each | F34: 160 | H34: =G34*F34 -> 0
B35: 29 | C35: 600mm Wide x 75mm tee
B36: 30 | C36: Supply | D36: C | E36: each | F36: 160 | H36: =G36*F36 -> 0
B37: 31 | C37: CABLE SUPPORT SYSTEM
B38: 32 | C38: Hot Dipped Galvanized steel channel forming frame support
B39: 33 | C39: Complete with bolts, spring nuts, nuts and washers, fixed in all positions, to all heights above floor level, and to all areas.
B40: 34 | C40: 41.3mm x 41.3mm x 2.5mm Thick (O-L 1000)
B41: 35 | C41: Supply | D41: C | E41: m | F41: 0 | H41: =G41*F41 -> 0
B42: 36 | C42: 82.6mm x 41.3mm x 2.5mm Thick (O-L 1001)
B43: 37 | C43: Supply | D43: C | E43: m | F43: 0 | H43: =G43*F43 -> 0
B44: 38 | C44: 41.3mm x 41.3mm x 2.5mm Thick (O-L 1000) - covers F1184
B45: 39 | C45: Supply | D45: C | E45: m | F45: 700 | H45: =G45*F45 -> 0
B46: 40 | C46: HOT DIPPED GALVANIZED CONDUIT
B47: 41 | C47: Surface mounted and fixed in all positions, etc., to all heights above floor level, and to all areas.
B48: 42 | C48: 20mm Diameter
B49: 43 | C49: Supply | D49: C | E49: m | F49: 480 | H49: =G49*F49 -> 0
B50: 44 | C50: 25mm Diameter
B51: 45 | C51: Supply | D51: C | E51: m | F51: 840 | H51: =G51*F51 -> 0
B52: 46 | C52: 50mm Diameter
B53: 47 | C53: Supply | D53: C | E53: m | F53: 816 | H53: =G53*F53 -> 0
B54: 48 | C54: HOT DIPPED GALVANIZED THREADED ROD
B55: 49 | C55: 12 mm Threaded rods with nuts and washers
B56: 50 | C56: Supply | D56: C | E56: m | F56: 720 | H56: =G56*F56 -> 0
B57: 51 | C57: WIRING CHANNELS
B58: 52 | C58: Hot Dipped Galvanized steel channel complete with galvanized cover surface mounted and fixed in all positions, etc., to all heights above floor level, etc and to all areas.
B59: 53 | C59: 41.3 x 41.3 x 1.6mm Thick (O-L 2000)
B60: 54 | C60: Supply | D60: C | E60: m | F60: =1000+3000 -> 4000 | H60: =G60*F60 -> 0
B61: 55 | C61: MISCELLANEOUS STEELWORK
B62: 56 | C62: Painted steel for support of racking, including all necessary fixing, bolts, nuts, washers, welding, holes, notches, fixed in all positions, to all heights above floor level, etc and to all areas.
B63: 57 | C63: 25mm x 25mm x 5mm Angle section
B64: 58 | C64: Supply | D64: C | E64: m | F64: 1700 | H64: =G64*F64 -> 0
B65: 59 | C65: 50mm x 50mm x 6mm Angle section
B66: 60 | C66: Supply | D66: C | E66: m | F66: 1700 | H66: =G66*F66 -> 0
B67: 61 | C67: 76mm x 38mm x 6mm Channel iron
B68: 62 | C68: Supply | D68: C | E68: m | F68: 1700 | H68: =G68*F68 -> 0
B69: 63 | C69: Fixings
B70: 64 | C70: Wire connector set for wire mesh 75mm wall (splice) | D70: C | E70: ea | F70: =14000+400 -> 14400 | H70: =G70*F70 -> 0
B71: 65 | C71: Hold down clamps for wire mesh 75mm wall | D71: C | E71: ea | F71: 2000 | H71: =G71*F71 -> 0
B72: 66 | C72: Hot diped galvanised General Fittings
B73: 67 | C73: Hot diped galvanised F2072/S1 Post base | D73: C | E73: ea | F73: 60 | H73: =G73*F73 -> 0
B74: 68 | C74: Hot diped galvanised F2073/A Post base | D74: C | E74: ea | F74: 100 | H74: =G74*F74 -> 0
B75: 69 | C75: Hot diped galvanised F1271 Beam clamps | D75: C | E75: ea | F75: 100 | H75: =G75*F75 -> 0
B76: 70 | C76: Hot diped galvanised F2785 Beam clamps | D76: C | E76: ea | F76: 120 | H76: =G76*F76 -> 0
B77: 71 | C77: Hot diped galvanised F1796 Beam clamps | D77: C | E77: ea | F77: 120 | H77: =G77*F77 -> 0
B78: 72 | C78: Hot diped galvanised F2786 Beam clamps | D78: C | E78: ea | F78: 200 | H78: =G78*F78 -> 0
B79: 73 | C79: Hot diped galvanised FLAT fittings
B80: 74 | C80: F1062 | D80: C | E80: ea | F80: 400 | H80: =G80*F80 -> 0
B81: 75 | C81: F1031 | D81: C | E81: ea | F81: 250 | H81: =G81*F81 -> 0
B82: 76 | C82: F1036 | D82: C | E82: ea | F82: 120 | H82: =G82*F82 -> 0
B83: 77 | C83: F1028 | D83: C | E83: ea | F83: 80 | H83: =G83*F83 -> 0
B84: 78 | C84: F1067 | D84: C | E84: ea | F84: 100 | H84: =G84*F84 -> 0
B85: 79 | C85: Hot diped galvanised "U" fittings
B86: 80 | C86: F1377 | D86: C | E86: ea | F86: 80 | H86: =G86*F86 -> 0
B87: 81 | C87: F4047 | D87: C | E87: ea | F87: 30 | H87: =G87*F87 -> 0
B88: 82 | C88: Hot diped galvanised angular fittings
B89: 83 | C89: F1026 | D89: C | E89: ea | F89: 550 | H89: =G89*F89 -> 0
B90: 84 | C90: F2484 | D90: C | E90: ea | F90: 80 | H90: =G90*F90 -> 0
B91: 85 | C91: F1326 | D91: C | E91: ea | F91: 520 | H91: =G91*F91 -> 0
B92: 86 | C92: F1546-45 | D92: C | E92: ea | F92: 60 | H92: =G92*F92 -> 0
B93: 87 | C93: F1074 | D93: C | E93: ea | F93: 40 | H93: =G93*F93 -> 0
B94: 88 | C94: Cantilever Brackets
B95: 89 | C95: F254 - Singe hot dip galvanized unistrut 250mm | D95: C | E95: ea | F95: 120 | H95: =G95*F95 -> 0
B96: 90 | C96: F254 - Singe hot dip galvanized unistrut 550mm | D96: C | E96: ea | F96: 100 | H96: =G96*F96 -> 0
B97: 91 | C97: F254S Staggered hot dip galvanized unistrut 650mm | D97: C | E97: ea | F97: 120 | H97: =G97*F97 -> 0
B98: 92 | C98: F254D Double hot dip galvanized unistrut 650mm | D98: C | E98: ea | F98: 100 | H98: =G98*F98 -> 0
B99: 93 | C99: F254D Double hot dip galvanized unistrut 850mm | D99: C | E99: ea | F99: 100 | H99: =G99*F99 -> 0
B100: 94 | C100: Fasteners and Anchors
B101: 95 | C101: Hex set screw 40mm M8 electro galvanised | D101: C | E101: ea | F101: 600 | H101: =G101*F101 -> 0
B102: 96 | C102: Hex set screw 40mm M10 electro galvanised | D102: C | E102: ea | F102: 900 | H102: =G102*F102 -> 0
B103: 97 | C103: Hex set screw 40mm M12 electro galvanised | D103: C | E103: ea | F103: 900 | H103: =G103*F103 -> 0
...

Sheet FRI

Sheet Duvha Ps
B2: Item No | C2: Description | F2: Qty | G2: Rate | H2: Amount
B3: 1 | C3: Cab -strut Aluminuim Trefoil clamps
B4: 2 | C4: 3 x 30 O.D TR.30 | F4: 1000 | G4: 3.2266667 | H4: =G4*F4 -> 3226.6667
B5: 3 | C5: 3 x 37 O.D TR.37 | F5: 1000 | G5: 5.26 | H5: =G5*F5 -> 5260
B6: 4 | C6: 3 x 42 O.D TR.42 | F6: 6000 | G6: 6.08 | H6: =G6*F6 -> 36480
B7: 5 | C7: 3 x 57 O.D TR.57 | F7: 9000 | G7: 7 | H7: =G7*F7 -> 63000
B8: 6 | C8: 3 x 63 O.D TR.63 | F8: 12000 | G8: 7.14 | H8: =G8*F8 -> 85680
B9: 7 | H9: =G9*F9 -> 0
B10: 8 | C10: White PVC Bosal End cabs | H10: =G10*F10 -> 0
B11: 9 | C11: 20mm | F11: 1000 | G11: 2.5 | H11: =G11*F11 -> 2500
B12: 10 | C12: 25mm | F12: 2000 | G12: 5.35 | H12: =G12*F12 -> 10700
B13: 11 | C13: 32mm | F13: 2000 | G13: 9.3 | H13: =G13*F13 -> 18600
B14: 12 | C14: 50mm | F14: 500 | G14: 13.25 | H14: =G14*F14 -> 6625
B15: 13 | H15: =G15*F15 -> 0
B16: 14 | C16: K & U pipes and cables clamps strut | H16: =G16*F16 -> 0
B17: 15 | H17: =G17*F17 -> 0
B18: 16 | C18: 26mm | F18: 500 | G18: 0.7 | H18: =G18*F18 -> 350
B19: 17 | C19: 32mm | F19: 500 | G19: 0.85 | H19: =G19*F19 -> 425
B20: 18 | C20: 52mm | F20: 500 | G20: 1.3 | H20: =G20*F20 -> 650
B21: 19 | H21: =G21*F21 -> 0 | J21: =18*3 -> 54
B22: 20 | C22: Heavy duty Galvanised saddles | H22: =G22*F22 -> 0
B23: 21 | C23: 20mm | F23: 3000 | G23: 2.5 | H23: =G23*F23 -> 7500 | J23: 55
B24: 22 | C24: 25mm | F24: 5000 | G24: 2.5 | H24: =G24*F24 -> 12500
B25: 23 | C25: 32mm | F25: 5000 | G25: 2.5 | H25: =G25*F25 -> 12500
B26: 24 | C26: 50mm | F26: 1000 | G26: 4.5 | H26: =G26*F26 -> 4500
B27: 25 | H27: =G27*F27 -> 0
B28: 26 | C28: Half round galvanised electrical saddles | H28: =G28*F28 -> 0
B29: 27 | C29: 20mm | F29: 3000 | G29: 2.5 | H29: =G29*F29 -> 7500
B30: 28 | C30: 25mm | F30: 5000 | G30: 2.5 | H30: =G30*F30 -> 12500
B31: 29 | C31: 32mm | F31: 5000 | G31: 2.5 | H31: =G31*F31 -> 12500
B32: 30 | C32: 50mm | F32: 1000 | G32: 4.5 | H32: =G32*F32 -> 4500
B33: 31 | C33: Stainless steel Bandic strap | H33: =G33*F33 -> 0
B34: 32 | C34: 30m roll | F34: 100 | G34: 200 | H34: =G34*F34 -> 20000
B35: 33 | H35: =G35*F35 -> 0
B36: 34 | C36: Stainless steel Buckles/tensioner 3/4 | H36: =G36*F36 -> 0
B37: 35 | C37: 3/4 boxes | F37: 500 | G37: =95 -> 95 | H37: =G37*F37 -> 47500
B38: 36 | H38: =G38*F38 -> 0
B39: 37 | C39: Rawl bolts/Steel anchor | H39: =G39*F39 -> 0
B40: 38 | C40: M6 | F40: 500 | G40: 6.9 | H40: =G40*F40 -> 3450
B41: 39 | C41: M8 | F41: 1000 | G41: 8.3 | H41: =G41*F41 -> 8300
B42: 40 | C42: M10 | F42: 1000 | G42: 9 | H42: =G42*F42 -> 9000
B43: 41 | H43: =G43*F43 -> 0
B44: 42 | C44: Stainless steel Hilti anchor | H44: =G44*F44 -> 0
B45: 43 | C45: M16/65 | F45: 2000 | G45: 10 | H45: =G45*F45 -> 20000
B46: 44 | H46: =G46*F46 -> 0
B47: 45 | C47: P2000 Material | H47: =G47*F47 -> 0
B48: 46 | C48: 6m P2000 trunking 41/41/1mm | F48: 3000 | G48: 105 | H48: =G48*F48 -> 315000
B49: 47 | C49: Internal splices P2000 | F49: 400 | G49: 35 | H49: =G49*F49 -> 14000
B50: 48 | C50: Horizontal elbow P2000 | F50: 400 | G50: 35 | H50: =G50*F50 -> 14000
B51: 49 | C51: Tee piece P2000 | F51: 100 | G51: 35 | H51: =G51*F51 -> 3500
B52: 50 | C52: Hangers C/W (P1000,P2000 & P3000) | F52: 600 | G52: 35 | H52: =G52*F52 -> 21000
B53: 51 | H53: =G53*F53 -> 0
B54: 52 | C54: Wire Mash racking | H54: =G54*F54 -> 0
B55: 53 | C55: Horizontal Bends 150 x 75mm | F55: 500 | G55: 458 | H55: =G55*F55 -> 229000
B56: 54 | C56: Internal Bends 150 x 75mm | F56: 300 | G56: 458 | H56: =G56*F56 -> 137400
H57: =SUM(H4:H56) -> 1149646.7

Sheet Duvha
A2: Cab -strut Aluminuim Trefoil clamps
A3: 3 x 30 O.D | B3: TR.30 | E3: 1000
A4: 3 x 37 O.D | B4: TR.37 | E4: 1000
A5: 3 x 42 O.D | B5: TR.42 | E5: 6000
A6: 3 x 57 O.D | B6: TR.57 | E6: 9000
A7: 3 x 63 O.D | B7: TR.63 | E7: 12000
A9: White PVC Bosal End cabs
A10: 20mm | E10: 1000
A11: 25mm | E11: 2000
A12: 32mm | E12: 2000
A13: 50mm | E13: 500
A15: K & U pipes and cables clamps strut
A17: 26mm | E17: 500
A18: 32mm | E18: 500
A19: 52mm | E19: 500
A21: Heavy duty Galvanised saddles
A22: 20mm | E22: 3000
A23: 25mm | E23: 5000
A24: 32mm | E24: 5000
A25: 50mm | E25: 1000
A27: Half round galvanised electrical saddles
A28: 20mm | E28: 3000
A29: 25mm | E29: 5000
A30: 32mm | E30: 5000
A31: 50mm | E31: 1000
A32: Stainless steel Bandic strap
A33: 30m roll | E33: 100
A35: Stainless steel Buckles/tensioner 3/4
A36: 3/4 boxes | E36: 500
A38: Rawl bolts/Steel anchor
A39: M6 | E39: 500
A40: M8 | E40: 1000
A41: M10 | E41: 1000
A43: Stainless steel Hilti anchor
A44: M16/65 | E44: 2000
A46: P2000 Material
A47: 6m P2000 trunking 41/41/1mm | E47: 3000
A48: Internal splices P2000 | E48: 400
A49: Horizontal elbow P2000 | E49: 400
A50: Tee piece P2000 | E50: 100
A51: Hangers C/W (P1000,P2000 & P3000) | E51: 600
A53: Wire Mash racking
A54: Horizontal Bends 150 x 75mm | E54: 500
A55: Internal Bends 150 x 75mm | E55: 300

Sheet Kusile
C4: Straight Cover HDG | E4: Metre | F4: Price | G4: Qty | H4: Amount
C6: 150mm | E6: Metre | F6: 155.5 | G6: 1000 | H6: =F6*G6 -> 155500
C7: 200mm | E7: Metre | F7: 180.2 | G7: 1000 | H7: =F7*G7 -> 180200
C8: 300mm | E8: Metre | F8: 283.7 | G8: 1000 | H8: =F8*G8 -> 283700
C9: 400mm | E9: Metre | F9: 356.5 | G9: 1000 | H9: =F9*G9 -> 356500
C10: 500mm | E10: Metre | F10: 371.9 | G10: 1000 | H10: =F10*G10 -> 371900
C11: 600mm | E11: Metre | F11: 425.8 | G11: 1000 | H11: =F11*G11 -> 425800
C12: 800mm | E12: Metre | F12: 656.4 | G12: 1000 | H12: =F12*G12 -> 656400
C13: 1000mm | E13: Metre | F13: 778.6 | G13: 1000 | H13: =F13*G13 -> 778600
H14: =F14*G14 -> 0
C15: PS Cover Clamp EG | E15: Ea | F15: 9.1 | G15: 20000 | H15: =F15*G15 -> 182000
H16: =F16*G16 -> 0
C17: 90° Horizontal Bend Cover - 650R HDG | H17: =F17*G17 -> 0
H18: =F18*G18 -> 0
C19: 150mm | E19: Ea | F19: 487.2 | G19: 600 | H19: =F19*G19 -> 292320
C20: 200mm | E20: Ea | F20: 593.7 | G20: 600 | H20: =F20*G20 -> 356220
C21: 300mm | E21: Ea | F21: 681 | G21: 600 | H21: =F21*G21 -> 408600
C22: 400mm | E22: Ea | F22: 809.5 | G22: 600 | H22: =F22*G22 -> 485700
C23: 500mm | E23: Ea | F23: 1144.9 | G23: 600 | H23: =F23*G23 -> 686940
C24: 600mm | E24: Ea | F24: 2202.2 | G24: 600 | H24: =F24*G24 -> 1321320
C25: 800mm | E25: Ea | F25: 2307.6 | G25: 600 | H25: =F25*G25 -> 1384560
C26: 1000mm | E26: Ea | F26: 2459.8 | G26: 600 | H26: =F26*G26 -> 1475880
H27: =F27*G27 -> 0
C28: 45° Horizontal Bend Cover - 650R HDG | H28: =F28*G28 -> 0
H29: =F29*G29 -> 0
C30: 150mm | E30: Ea | F30: 312.3 | G30: 600 | H30: =F30*G30 -> 187380
C31: 200mm | E31: Ea | F31: 347.9 | G31: 600 | H31: =F31*G31 -> 208740
C32: 300mm | E32: Ea | F32: 424.2 | G32: 600 | H32: =F32*G32 -> 254520
C33: 400mm | E33: Ea | F33: 509 | G33: 600 | H33: =F33*G33 -> 305400
C34: 500mm | E34: Ea | F34: 1355.6 | G34: 600 | H34: =F34*G34 -> 813360
C35: 600mm | E35: Ea | F35: 1577 | G35: 600 | H35: =F35*G35 -> 946200
C36: 800mm | E36: Ea | F36: 2048.3 | G36: 600 | H36: =F36*G36 -> 1228980
C37: 1000mm | E37: Ea | F37: 2580.8 | G37: 600 | H37: =F37*G37 -> 1548480
H38: =F38*G38 -> 0
H39: =F39*G39 -> 0
C40: Perforated Sun Shield lids HDG | H40: =F40*G40 -> 0
H41: =F41*G41 -> 0
C42: Straight Cover | H42: =F42*G42 -> 0
C43: 76mm | E43: ea | F43: 93 | G43: 5000 | H43: =F43*G43 -> 465000
C44: 114mm | E44: ea | F44: 119 | G44: 2000 | H44: =F44*G44 -> 238000
C45: 152mm | E45: ea | F45: 149.5 | G45: 1000 | H45: =F45*G45 -> 149500
C46: 228mm | E46: ea | F46: 206.4 | G46: 1000 | H46: =F46*G46 -> 206400
C47: 304mm | E47: ea | F47: 262.8 | G47: 1000 | H47: =F47*G47 -> 262800
C48: 457mm | E48: ea | F48: 377.3 | G48: 1000 | H48: =F48*G48 -> 377300
C49: 609mm | E49: ea | F49: 490.3 | G49: 1000 | H49: =F49*G49 -> 490300
C50: 800mm | E50: ea | F50: 523.36 | G50: 1000 | H50: =F50*G50 -> 523360
C51: 1000mm | E51: ea | F51: 640.96 | G51: 1000 | H51: =F51*G51 -> 640960
H52: =F52*G52 -> 0
C53: PT76 Cover Clamp EG | F53: 12.9 | G53: 20000 | H53: =F53*G53 -> 258000
H54: =F54*G54 -> 0
C55: 90° Horizontal Bend Cover - 650R HDG | H55: =F55*G55 -> 0
C56: 76mm | E56: ea | F56: 468.2 | G56: 3500 | H56: =F56*G56 -> 1638700
C57: 114mm | E57: ea | F57: 477.8 | G57: 1500 | H57: =F57*G57 -> 716700
C58: 152mm | E58: ea | F58: 487.5 | G58: 700 | H58: =F58*G58 -> 341250
C59: 228mm | E59: ea | F59: 594.1 | G59: 700 | H59: =F59*G59 -> 415870
C60: 304mm | E60: ea | F60: 681.2 | G60: 700 | H60: =F60*G60 -> 476840
C61: 457mm | E61: ea | F61: 1145.3 | G61: 700 | H61: =F61*G61 -> 801710
C62: 609mm | E62: ea | F62: 2308.8 | G62: 700 | H62: =F62*G62 -> 1616160
C63: 90° Horizontal Bend Cover - 250R HDG | H63: =F63*G63 -> 0
C64: 76mm | E64: ea | F64: 468.2 | G64: 1500 | H64: =F64*G64 -> 702300
C65: 114mm | E65: ea | F65: 477.8 | G65: 1000 | H65: =F65*G65 -> 477800
H66: =F66*G66 -> 0
C67: 90° Horizontal Bend Cover - 450R HDG | H67: =F67*G67 -> 0
H68: =F68*G68 -> 0
C69: 76mm | E69: ea | F69: 468.2 | G69: 1000 | H69: =F69*G69 -> 468200
C70: 114mm | E70: ea | F70: 477.8 | G70: 1000 | H70: =F70*G70 -> 477800
H71: =F71*G71 -> 0
C72: 90° Internal / External Bend Cover - 650R HDG | H72: =F72*G72 -> 0
C73: 76mm | E73: ea | F73: 337.2 | G73: 3500 | H73: =F73*G73 -> 1180200
C74: 114mm | E74: ea | F74: 344 | G74: 1500 | H74: =F74*G74 -> 516000
C75: 152mm | E75: ea | F75: 351 | G75: 700 | H75: =F75*G75 -> 245700
C76: 228mm | E76: ea | F76: 313.3 | G76: 700 | H76: =F76*G76 -> 219310
C77: 304mm | E77: ea | F77: 447.2 | G77: 700 | H77: =F77*G77 -> 313040
C78: 457mm | E78: ea | F78: 631.8 | G78: 700 | H78: =F78*G78 -> 442260
C79: 609mm | E79: ea | F79: 1177.8 | G79: 700 | H79: =F79*G79 -> 824460
H80: =F80*G80 -> 0
C81: 90° Internal / External Bend Cover - 250R HDG | H81: =F81*G81 -> 0
C82: 76mm | E82: ea | F82: 337.2 | G82: 1000 | H82: =F82*G82 -> 337200
C83: 114mm | E83: ea | F83: 344 | G83: 1000 | H83: =F83*G83 -> 344000
H84: =F84*G84 -> 0
C85: Tee Cover - 650R HDG | H85: =F85*G85 -> 0
C86: 76mm | E86: ea | F86: 829.1 | G86: 550 | H86: =F86*G86 -> 456005
C87: 114mm | E87: ea | F87: 846 | G87: 500 | H87: =F87*G87 -> 423000
C88: 152mm | E88: ea | F88: 863.2 | G88: 250 | H88: =F88*G88 -> 215800
C89: 228mm | E89: ea | F89: 882.7 | G89: 250 | H89: =F89*G89 -> 220675
C90: 304mm | E90: ea | F90: 1011.4 | G90: 250 | H90: =F90*G90 -> 252850
C91: 457mm | E91: ea | F91: 2267.2 | G91: 250 | H91: =F91*G91 -> 566800
C92: 609mm | E92: ea | F92: 2542.8 | G92: 250 | H92: =F92*G92 -> 635700
H93: =F93*G93 -> 0
C94: Cantilever HDG | H94: =F94*G94 -> 0
C95: 435mm ARM:CANTILEVER, DOUBLE,435 MM,SPEC ARM 195 | E95: ea | F95: 300 | G95: 400 | H95: =F95*G95 -> 120000
C96: 535mm ARM:CANTILEVER DOUBLE,535 MM,SPEC ARM 105 | E96: ea | F96: 317 | G96: 400 | H96: =F96*G96 -> 126800
C97: 335mm ARM:CANTILEVER, DOUBLE,335 MM,SPEC ARM 36 | E97: ea | F97: 280 | G97: 400 | H97: =F97*G97 -> 112000
C98: 850mm ARM:CANTILEVER, DOUBLE,850 MM,SPEC ARM 36 | E98: ea | F98: 334 | G98: 400 | H98: =F98*G98 -> 133600
H99: =F99*G99 -> 0
H100: =SUM(H6:H99) -> 34725550 | J100: =H100+Racking!H266 -> 34725550

Sheet Racking and Earthing
A2: Tutuka Power Station: GX COAL PROJECTS
A4: Pricing Schudule | F4: CONTRACT BOQ
B6: ITEM | C6: DESCRIPTION | D6: CPA Formula | E6: UOM | F6: Qty | G6: Rate | H6: Total
C7: MV Cables | H7: =G7*F7 -> 0
C8: RACKING | H8: =G8*F8 -> 0
C9: CABLE TRAY AND ACCESSORIES | H9: =G9*F9 -> 0
C10: Cold drawn high tensile galvanized wire mesh cable tray (O-L GRIDSPAN GS 50x50) fixed in all positions, etc., to all heights above floor level, etc and to all areas. Complete with splice clamp sets, hold down brackets, bolts, nuts and washers, etc. | H10: =G10*F10 -> 0
C11: 650mm Long x 89mm high (O-L 251-650) | H11: =G11*F11 -> 0
A12: =C11 -> 650mm Long x 89mm high (O-L 251-650) | B12: 2.115 | C12: Supply | D12: C | E12: each | F12: 150 | G12: 126.45 | H12: =G12*F12 -> 18967.5 | K12: 150 | M12: =K12+F12 -> 300 | O12: 300
A13: =C11 -> 650mm Long x 89mm high (O-L 251-650) | B13: 2.116 | C13: Installation | D13: A | E13: each | F13: 150 | G13: 161.71 | H13: =G13*F13 -> 24256.5 | K13: 150 | M13: =K13+F13 -> 300 | O13: 300
C14: UNI-STRUT | H14: =G14*F14 -> 0 | M14: =K14+F14 -> 0 | O14: 0
C15: Double Uni-strut (90 x 45mm) Rack Support | H15: =G15*F15 -> 0 | M15: =K15+F15 -> 0 | O15: 0
A16: =C15 -> Double Uni-strut (90 x 45mm) Rack Support | B16: 2.117 | C16: Supply | D16: C | E16: m | F16: 3500 | G16: 297.03 | H16: =G16*F16 -> 1039605 | K16: 500 | M16: =K16+F16 -> 4000 | O16: 4000
A17: =C15 -> Double Uni-strut (90 x 45mm) Rack Support | B17: 2.118 | C17: Installation | D17: A | E17: m | F17: 3500 | G17: 242.45 | H17: =G17*F17 -> 848575 | K17: 500 | M17: =K17+F17 -> 4000 | O17: 4000
C18: Single Uni-strut (45 x 45mm) Rack Support | H18: =G18*F18 -> 0 | M18: =K18+F18 -> 0 | O18: 0
A19: =C18 -> Single Uni-strut (45 x 45mm) Rack Support | B19: 2.119 | C19: Supply | D19: C | E19: m | F19: 1800 | G19: 131.66 | H19: =G19*F19 -> 236988 | K19: 2400 | M19: =K19+F19 -> 4200 | O19: 4200
A20: =C18 -> Single Uni-strut (45 x 45mm) Rack Support | B20: 2.12 | C20: Installation | D20: A | E20: m | F20: 1800 | G20: 220.41 | H20: =G20*F20 -> 396738 | K20: 2400 | M20: =K20+F20 -> 4200 | O20: 4200
H21: =G21*F21 -> 0 | M21: =K21+F21 -> 0 | O21: 0
C22: CABLE TRAY AND ACCESSORIES | H22: =G22*F22 -> 0 | M22: =K22+F22 -> 0 | O22: 0
C23: Cold drawn high tensile galvanized wire mesh cable tray (O-L GRIDSPAN GS 50x50) fixed in all positions, to all heights above floor level, brackets, bolts, nuts and washers, etc. | H23: =G23*F23 -> 0 | M23: =K23+F23 -> 0 | O23: 0
C24: 300mm x 75mm | H24: =G24*F24 -> 0 | M24: =K24+F24 -> 0 | O24: 0
A25: =C24 -> 300mm x 75mm | B25: 2.121 | C25: Supply | D25: C | E25: m | F25: 700 | G25: 254.06 | H25: =G25*F25 -> 177842 | K25: 12800 | M25: =K25+F25 -> 13500 | O25: 13500
A26: =C24 -> 300mm x 75mm | B26: 2.122 | C26: Installation | D26: A | E26: m | F26: 700 | G26: 194.04 | H26: =G26*F26 -> 135828 | K26: 12800 | M26: =K26+F26 -> 13500 | O26: 13500
C27: 600mm x 75mm | H27: =G27*F27 -> 0 | M27: =K27+F27 -> 0 | O27: 0
A28: =C27 -> 600mm x 75mm | B28: 2.123 | C28: Supply | D28: C | E28: m | F28: 700 | G28: 290.24 | H28: =G28*F28 -> 203168 | K28: 12800 | M28: =K28+F28 -> 13500 | O28: 13500
A29: =C27 -> 600mm x 75mm | B29: 2.124 | C29: Installation | D29: A | E29: m | F29: 700 | G29: 277.2 | H29: =G29*F29 -> 194040 | K29: 12800 | M29: =K29+F29 -> 13500 | O29: 13500
C30: Cold drawn high tensile galvanized wire mesh cable tray fittings / accessories normal bending radius | H30: =G30*F30 -> 0 | M30: =K30+F30 -> 0 | O30: 0
C31: 300mm Wide x 75mm 90 degree horizontal bend | H31: =G31*F31 -> 0 | M31: =K31+F31 -> 0 | O31: 0
A32: =C31 -> 300mm Wide x 75mm 90 degree horizontal bend | B32: 2.125 | C32: Supply | D32: C | E32: each | F32: 50 | G32: 617.01 | H32: =G32*F32 -> 30850.5 | K32: 300 | M32: =K32+F32 -> 350 | O32: 350
A33: =C31 -> 300mm Wide x 75mm 90 degree horizontal bend | B33: 2.126 | C33: Installation | D33: A | E33: each | F33: 50 | G33: 323.4 | H33: =G33*F33 -> 16170 | K33: 300 | M33: =K33+F33 -> 350 | O33: 350
C34: 300mm Wide x 75mm 90 degree external/int bend | H34: =G34*F34 -> 0 | M34: =K34+F34 -> 0 | O34: 0
A35: =C34 -> 300mm Wide x 75mm 90 degree external/int bend | B35: 2.127 | C35: Supply | D35: C | E35: each | F35: 50 | G35: 397.07 | H35: =G35*F35 -> 19853.5 | K35: 300 | M35: =K35+F35 -> 350 | O35: 350
A36: =C34 -> 300mm Wide x 75mm 90 degree external/int bend | B36: 2.128 | C36: Installation | D36: A | E36: each | F36: 50 | G36: 323.4 | H36: =G36*F36 -> 16170 | K36: 300 | M36: =K36+F36 -> 350 | O36: 350
C37: 600mm Wide x 75mm 90 degree horizontal bend | H37: =G37*F37 -> 0 | M37: =K37+F37 -> 0 | O37: 0
A38: =C37 -> 600mm Wide x 75mm 90 degree horizontal bend | B38: 2.129 | C38: Supply | D38: C | E38: each | F38: 50 | G38: 1473.45 | H38: =G38*F38 -> 73672.5 | K38: 300 | M38: =K38+F38 -> 350 | O38: 350
A39: =C37 -> 600mm Wide x 75mm 90 degree horizontal bend | B39: 2.13 | C39: Installation | D39: A | E39: each | F39: 50 | G39: 527.07 | H39: =G39*F39 -> 26353.5 | K39: 300 | M39: =K39+F39 -> 350 | O39: 350
C40: 600mm Wide x 75mm 90 degree external/int bend | H40: =G40*F40 -> 0 | M40: =K40+F40 -> 0 | O40: 0
A41: =C40 -> 600mm Wide x 75mm 90 degree external/int bend | B41: 2.131 | C41: Supply | D41: C | E41: each | F41: 50 | G41: 524.46 | H41: =G41*F41 -> 26223 | K41: 300 | M41: =K41+F41 -> 350 | O41: 350
A42: =C40 -> 600mm Wide x 75mm 90 degree external/int bend | B42: 2.132 | C42: Installation | D42: A | E42: each | F42: 50 | G42: 527.07 | H42: =G42*F42 -> 26353.5 | K42: 300 | M42: =K42+F42 -> 350 | O42: 350
C43: 300mm Wide x 75mm tee | H43: =G43*F43 -> 0 | M43: =K43+F43 -> 0 | O43: 0
A44: =C43 -> 300mm Wide x 75mm tee | B44: 2.133 | C44: Supply | D44: C | E44: each | F44: 10 | G44: 778.36 | H44: =G44*F44 -> 7783.6 | K44: 150 | M44: =K44+F44 -> 160 | O44: 160
A45: =C43 -> 300mm Wide x 75mm tee | B45: 2.134 | C45: Installation | D45: A | E45: each | F45: 10 | G45: 510.64 | H45: =G45*F45 -> 5106.4 | K45: 150 | M45: =K45+F45 -> 160 | O45: 160
C46: 600mm Wide x 75mm tee | H46: =G46*F46 -> 0 | M46: =K46+F46 -> 0 | O46: 0
A47: =C46 -> 600mm Wide x 75mm tee | B47: 2.135 | C47: Supply | D47: C | E47: each | F47: 10 | G47: 1096.14 | H47: =G47*F47 -> 10961.4 | K47: 150 | M47: =K47+F47 -> 160 | O47: 160
A48: =C46 -> 600mm Wide x 75mm tee | B48: 2.136 | C48: Installation | D48: A | E48: each | F48: 10 | G48: 612.26 | H48: =G48*F48 -> 6122.6 | K48: 150 | M48: =K48+F48 -> 160 | O48: 160
H49: =G49*F49 -> 0 | M49: =K49+F49 -> 0 | O49: 0
C50: CABLE SUPPORT SYSTEM | H50: =G50*F50 -> 0 | M50: =K50+F50 -> 0 | O50: 0
C51: Galvanized steel channel forming frame support | H51: =G51*F51 -> 0 | M51: =K51+F51 -> 0 | O51: 0
C52: Complete with bolts, spring nuts, nuts and washers, fixed in all positions, to all heights above floor level, and to all areas. | H52: =G52*F52 -> 0 | M52: =K52+F52 -> 0 | O52: 0
C53: 41.3mm x 41.3mm x 2.5mm Thick (O-L 1000) | H53: =G53*F53 -> 0 | M53: =K53+F53 -> 0 | O53: 0
A54: =C53 -> 41.3mm x 41.3mm x 2.5mm Thick (O-L 1000) | B54: 2.137 | C54: Supply | D54: C | E54: m | F54: 3000 | G54: 131.66 | H54: =G54*F54 -> 394980 | K54: 6000 | M54: =K54+F54 -> 9000 | O54: 9000
A55: =C53 -> 41.3mm x 41.3mm x 2.5mm Thick (O-L 1000) | B55: 2.138 | C55: Installation | D55: A | E55: m | F55: 3000 | G55: 220.41 | H55: =G55*F55 -> 661230 | K55: 6000 | M55: =K55+F55 -> 9000 | O55: 9000
C56: 82.6mm x 41.3mm x 2.5mm Thick (O-L 1001) | H56: =G56*F56 -> 0 | M56: =K56+F56 -> 0 | O56: 0
A57: =C56 -> 82.6mm x 41.3mm x 2.5mm Thick (O-L 1001) | B57: 2.139 | C57: Supply | D57: C | E57: m | F57: 1300 | G57: 297.03 | H57: =G57*F57 -> 386139 | K57: 2600 | M57: =K57+F57 -> 3900 | O57: 3900
A58: =C56 -> 82.6mm x 41.3mm x 2.5mm Thick (O-L 1001) | B58: 2.14 | C58: Installation | D58: A | E58: m | F58: 1300 | G58: 242.45 | H58: =G58*F58 -> 315185 | K58: 2600 | M58: =K58+F58 -> 3900 | O58: 3900
C59: 41.3mm x 41.3mm x 2.5mm Thick (O-L 1000) - covers F1184 | H59: =G59*F59 -> 0 | M59: =K59+F59 -> 0 | O59: 0
A60: =C59 -> 41.3mm x 41.3mm x 2.5mm Thick (O-L 1000) - covers F1184 | B60: 2.141 | C60: Supply | D60: C | E60: m | F60: 300 | G60: 123.45 | H60: =G60*F60 -> 37035 | K60: 400 | M60: =K60+F60 -> 700 | O60: 700
A61: =C59 -> 41.3mm x 41.3mm x 2.5mm Thick (O-L 1000) - covers F1184 | B61: 2.142 | C61: Installation | D61: A | E61: m | F61: 300 | G61: 202.04 | H61: =G61*F61 -> 60612 | K61: 400 | M61: =K61+F61 -> 700 | O61: 700
H62: =G62*F62 -> 0 | M62: =K62+F62 -> 0 | O62: 0
C63: GALVANIZED CONDUIT | H63: =G63*F63 -> 0 | M63: =K63+F63 -> 0 | O63: 0
C64: Surface mounted and fixed in all positions, etc., to all heights above floor level, and to all areas. | H64: =G64*F64 -> 0 | M64: =K64+F64 -> 0 | O64: 0
C65: 20mm Diameter | H65: =G65*F65 -> 0 | M65: =K65+F65 -> 0 | O65: 0
A66: =C65 -> 20mm Diameter | B66: 2.143 | C66: Supply | D66: C | E66: m | F66: 240 | G66: 146.81 | H66: =G66*F66 -> 35234.4 | K66: 240 | M66: =K66+F66 -> 480 | O66: 480
A67: =C65 -> 20mm Diameter | B67: 2.144 | C67: Installation | D67: A | E67: m | F67: 240 | G67: 97.02 | H67: =G67*F67 -> 23284.8 | K67: 240 | M67: =K67+F67 -> 480 | O67: 480
C68: 25mm Diameter | H68: =G68*F68 -> 0 | M68: =K68+F68 -> 0 | O68: 0
A69: =C68 -> 25mm Diameter | B69: 2.145 | C69: Supply | D69: C | E69: m | F69: 420 | G69: 157.17 | H69: =G69*F69 -> 66011.4 | K69: 420 | M69: =K69+F69 -> 840 | O69: 840
A70: =C68 -> 25mm Diameter | B70: 2.146 | C70: Installation | D70: A | E70: m | F70: 420 | G70: 121.27 | H70: =G70*F70 -> 50933.4 | K70: 420 | M70: =K70+F70 -> 840 | O70: 840
C71: 50mm Diameter | H71: =G71*F71 -> 0 | M71: =K71+F71 -> 0 | O71: 0
A72: =C71 -> 50mm Diameter | B72: 2.147 | C72: Supply | D72: C | E72: m | F72: 408 | G72: 263.92 | H72: =G72*F72 -> 107679.36 | K72: 408 | M72: =K72+F72 -> 816 | O72: 816
A73: =C71 -> 50mm Diameter | B73: 2.148 | C73: Installation | D73: A | E73: m | F73: 408 | G73: 194.04 | H73: =G73*F73 -> 79168.32 | K73: 408 | M73: =K73+F73 -> 816 | O73: 816
C74: GALVANIZED THREADED ROD | H74: =G74*F74 -> 0 | M74: =K74+F74 -> 0 | O74: 0
C75: 12 mm Threaded rods with nuts and washers | H75: =G75*F75 -> 0 | M75: =K75+F75 -> 0 | O75: 0
A76: =C75 -> 12 mm Threaded rods with nuts and washers | B76: 2.149 | C76: Supply | D76: C | E76: m | F76: 360 | G76: 62.26 | H76: =G76*F76 -> 22413.6 | K76: 360 | M76: =K76+F76 -> 720 | O76: 720
A77: =C75 -> 12 mm Threaded rods with nuts and washers | B77: 2.15 | C77: Installation | D77: A | E77: m | F77: 360 | G77: 60.63 | H77: =G77*F77 -> 21826.8 | K77: 360 | M77: =K77+F77 -> 720 | O77: 720
H78: =G78*F78 -> 0 | M78: =K78+F78 -> 0 | O78: 0
C79: WIRING CHANNELS | H79: =G79*F79 -> 0 | M79: =K79+F79 -> 0 | O79: 0
C80: Galvanized steel channel complete with galvanized cover surface mounted and fixed in all positions, etc., to all heights above floor level, etc and to all areas. | H80: =G80*F80 -> 0 | M80: =K80+F80 -> 0 | O80: 0
C81: 41.3 x 41.3 x 1.6mm Thick (O-L 2000) | H81: =G81*F81 -> 0 | M81: =K81+F81 -> 0 | O81: 0
A82: =C81 -> 41.3 x 41.3 x 1.6mm Thick (O-L 2000) | B82: 2.151 | C82: Supply | D82: C | E82: m | F82: 500 | G82: 98.16 | H82: =G82*F82 -> 49080 | K82: 500 | M82: =K82+F82 -> 1000 | O82: 1000
A83: =C81 -> 41.3 x 41.3 x 1.6mm Thick (O-L 2000) | B83: 2.152 | C83: Installation | D83: A | E83: m | F83: 500 | G83: 84.32 | H83: =G83*F83 -> 42160 | K83: 500 | M83: =K83+F83 -> 1000 | O83: 1000
H84: =G84*F84 -> 0 | M84: =K84+F84 -> 0 | O84: 0
C85: MISCELLANEOUS STEELWORK | H85: =G85*F85 -> 0 | M85: =K85+F85 -> 0 | O85: 0
C86: Painted steel for support of racking, including all necessary fixing, bolts, nuts, washers, welding, holes, notches, fixed in all positions, to all heights above floor level, etc and to all areas. | H86: =G86*F86 -> 0 | M86: =K86+F86 -> 0 | O86: 0
C87: 25mm x 25mm x 5mm Angle section | H87: =G87*F87 -> 0 | M87: =K87+F87 -> 0 | O87: 0
A88: =C87 -> 25mm x 25mm x 5mm Angle section | B88: 2.153 | C88: Supply | D88: C | E88: m | F88: 850 | G88: 55.8 | H88: =G88*F88 -> 47430 | K88: 850 | M88: =K88+F88 -> 1700 | O88: 1700
A89: =C87 -> 25mm x 25mm x 5mm Angle section | B89: 2.154 | C89: Installation | D89: A | E89: m | F89: 850 | G89: 215.6 | H89: =G89*F89 -> 183260 | K89: 850 | M89: =K89+F89 -> 1700 | O89: 1700
C90: 50mm x 50mm x 6mm Angle section | H90: =G90*F90 -> 0 | M90: =K90+F90 -> 0 | O90: 0
A91: =C90 -> 50mm x 50mm x 6mm Angle section | B91: 2.155 | C91: Supply | D91: C | E91: m | F91: 850 | G91: 134.35 | H91: =G91*F91 -> 114197.5 | K91: 850 | M91: =K91+F91 -> 1700 | O91: 1700
A92: =C90 -> 50mm x 50mm x 6mm Angle section | B92: 2.156 | C92: Installation | D92: A | E92: m | F92: 850 | G92: 323.4 | H92: =G92*F92 -> 274890 | K92: 850 | M92: =K92+F92 -> 1700 | O92: 1700
C93: 76mm x 38mm x 6mm Channel iron | H93: =G93*F93 -> 0 | M93: =K93+F93 -> 0 | O93: 0
A94: =C93 -> 76mm x 38mm x 6mm Channel iron | B94: 2.157 | C94: Supply | D94: C | E94: m | F94: 850 | G94: 191.53 | H94: =G94*F94 -> 162800.5 | K94: 850 | M94: =K94+F94 -> 1700 | O94: 1700
A95: =C93 -> 76mm x 38mm x 6mm Channel iron | B95: 2.158 | C95: Installation | D95: A | E95: m | F95: 850 | G95: 161.71 | H95: =G95*F95 -> 137453.5 | K95: 850 | M95: =K95+F95 -> 1700 | O95: 1700
H96: =G96*F96 -> 0 | M96: =K96+F96 -> 0 | O96: 0
H97: =G97*F97 -> 0 | M97: =K97+F97 -> 0 | O97: 0
C98: EARTHING | H98: =G98*F98 -> 0 | M98: =K98+F98 -> 0 | O98: 0
C99: Earth connection to ex earth on racking 2,5 Green / Yellow | H99: =G99*F99 -> 0 | M99: =K99+F99 -> 0 | O99: 0
A100: =C100 -> Test of earth mat to reference point | B100: 2.159 | C100: Test of earth mat to reference point | D100: C | E100: no | F100: 100 | G100: 845.4 | H100: =G100*F100 -> 84540 | K100: 600 | M100: =K100+F100 -> 700 | O100: 700
C101: 50 x 3 mm Flat Cu +saddles | H101: =G101*F101 -> 0 | M101: =K101+F101 -> 0 | O101: 0
A102: =C101 -> 50 x 3 mm Flat Cu +saddles | B102: 2.16 | C102: Supply | D102: C | E102: m | F102: 300 | G102: 243.55 | H102: =G102*F102 -> 73065 | K102: 100 | M102: =K102+F102 -> 400 | O102: 400
A103: =C101 -> 50 x 3 mm Flat Cu +saddles | B103: 2.161 | C103: Installation | D103: A | E103: m | F103: 300 | G103: 93.69 | H103: =G103*F103 -> 28107 | K103: 100 | M103: =K103+F103 -> 400 | O103: 400
...

Sheet BOQ
A2: Tutuka Power Station: GX COAL PROJECTS
A4: Pricing Schudule | F4: CONTRACT BOQ | S4: Total | U4: Total | W4: Total | Y4: Total | AA4: Total
R5: Qty | S5: 44593 | T5: Qty | U5: 44621 | W5: 44652 | Y5: 44682 | AA5: 44713 | AB5: 44743 | AC5: 44774 | AD5: 44805 | AE5: 44835 | AF5: 44866 | AG5: 44896
B6: ITEM | C6: DESCRIPTION | D6: CPA Formula | E6: UOM | F6: Qty | G6: Rate | H6: Total | K6: Cumulative Qty | L6: Claimed Previous (ZAR) | M6: Claimed to date (ZAR) | O6: Qty remaining | P6: Balance to date (ZAR) | S6: Cert.1 | U6: Cert.2 | W6: Cert.3 | Y6: Cert.4 | AA6: Cert.5 | AB6: Cert.6 | AC6: Cert.7 | AD6: Cert.8 | AE6: Cert.9 | AF6: Cert.10 | AG6: Cert.11 | AH6: Cert.12 | AI6: Cert.13 | AJ6: Cert.14 | AK6: Cert.15 | AL6: Cert.16 | AM6: Cert.17 | AN6: Cert.18 | AO6: Cert.19 | AP6: Cert.20 | AQ6: Cert.21 | AR6: Cert.22 | AS6: Cert.23 | AT6: Cert.24 | AU6: Cert.25 | AV6: Cert.26 | AW6: Cert.27 | AX6: Cert.28 | AY6: Cert.29 | AZ6: Cert.30 | BA6: Cert.31 | BB6: Cert.32 | BC6: Cert.33 | BD6: Cert.34 | BE6: Cert.35 | BF6: Cert.36 | BG6: Cert.37 | BH6: Cert.38 | BI6: Cert.39 | BJ6: Cert.40 | BK6: Cert.41 | BL6: Cert.42 | BM6: Cert.43 | BN6: Cert.44 | BO6: Cert.45 | BP6: Cert.46 | BQ6: Cert.47 | BR6: Cert.48 | BS6: Cert.49 | BT6: Cert.50 | BU6: Cert.51 | BV6: Cert.52 | BW6: Cert.53 | BX6: Cert.54
C7: UNIT 1 - 6 MV CABLES
C8: Installation of New MV Cables including fixing materials | D8: `
C9: XLPE 11KV
C10: 500mm2 x 1 core (EXX01WCV) 6.35kV/11kV (Trefoil clamps) Cut & Join
A11: =C10 -> 500mm2 x 1 core (EXX01WCV) 6.35kV/11kV (Trefoil clamps) Cut & Join | B11: 2.001 | C11: Supply | D11: E | E11: m | F11: 20000 | G11: 1422.22 | H11: =G11*F11 -> 28444400 | K11: =M11/G11 -> #VALUE! | L11: =SUMIF(R4:Y4,S4,R11:Y11) -> #VALUE! | M11: =SUMIF(R4:BX4,S4,R11:BX11) -> #VALUE! | O11: =F11-K11 -> #VALUE! | P11: =H11-M11 -> #VALUE! | R11: =SUMIFS('[20]WorkDone DATA'!$L:$L,'[20]WorkDone DATA'!$N:$N,BOQ!S$6,'[20]WorkDone DATA'!$G:$G,BOQ!$B11) -> #VALUE! | S11: =R11*G11 -> #VALUE! | T11: =SUMIFS('[20]WorkDone DATA'!$L:$L,'[20]WorkDone DATA'!$N:$N,BOQ!U$6,'[20]WorkDone DATA'!$G:$G,BOQ!$B11) -> #VALUE! | U11: =T11*G11 -> #VALUE! | W11: =SUMIFS('[20]WorkDone DATA'!$L:$L,'[20]WorkDone DATA'!$N:$N,BOQ!W$6,'[20]WorkDone DATA'!$G:$G,BOQ!$B11)*$G11 -> #VALUE! | Y11: =SUMIFS('[20]WorkDone DATA'!$L:$L,'[20]WorkDone DATA'!$N:$N,BOQ!Y$6,'[20]WorkDone DATA'!$G:$G,BOQ!$B11)*$G11 -> #VALUE! | AA11: =SUMIFS('[20]WorkDone DATA'!$L:$L,'[20]WorkDone DATA'!$N:$N,BOQ!AA$6,'[20]WorkDone DATA'!$G:$G,BOQ!$B11)*$G11 -> #VALUE! | AB11: =SUMIFS('[20]WorkDone DATA'!$L:$L,'[20]WorkDone DATA'!$N:$N,BOQ!AB$6,'[20]WorkDone DATA'!$G:$G,BOQ!$B11)*$G11 -> #VALUE! | AC11: =SUMIFS('[20]WorkDone DATA'!$L:$L,'[20]WorkDone DATA'!$N:$N,BOQ!AC$6,'[20]WorkDone DATA'!$G:$G,BOQ!$B11)*$G11 -> #VALUE! | AD11: =SUMIFS('[20]WorkDone DATA'!$L:$L,'[20]WorkDone DATA'!$N:$N,BOQ!AD$6,'[20]WorkDone DATA'!$G:$G,BOQ!$B11)*$G11 -> #VALUE! | AE11: =SUMIFS('[20]WorkDone DATA'!$L:$L,'[20]WorkDone DATA'!$N:$N,BOQ!AE$6,'[20]WorkDone DATA'!$G:$G,BOQ!$B11)*$G11 -> #VALUE! | AF11: =SUMIFS('[20]WorkDone DATA'!$L:$L,'[20]WorkDone DATA'!$N:$N,BOQ!AF$6,'[20]WorkDone DATA'!$G:$G,BOQ!$B11)*$G11 -> #VALUE! | AG11: =SUMIFS('[20]WorkDone DATA'!$L:$L,'[20]WorkDone DATA'!$N:$N,BOQ!AG$6,'[20]WorkDone DATA'!$G:$G,BOQ!$B11)*$G11 -> #VALUE! | AH11: =SUMIFS('[20]WorkDone DATA'!$L:$L,'[20]WorkDone DATA'!$N:$N,BOQ!AH$6,'[20]WorkDone DATA'!$G:$G,BOQ!$B11)*$G11 -> #VALUE! | ... BX11: =SUMIFS('[20]WorkDone DATA'!$L:$L,'[20]WorkDone DATA'!$N:$N,BOQ!BX$6,'[20]WorkDone DATA'!$G:$G,BOQ!$B11)*$G11 -> #VALUE!
A12: =C10 -> 500mm2 x 1 core (EXX01WCV) 6.35kV/11kV (Trefoil clamps) Cut & Join | B12: 2.002 | C12: Installation | D12: A | E12: m | F12: 20000 | G12: 117.05 | H12: =G12*F12 -> 2341000 | K12: =M12/G12 -> #VALUE! | L12: =SUMIF(R5:Y5,S5,R12:Y12) -> #VALUE! | M12: =SUMIF(R5:BX5,S5,R12:BX12) -> #VALUE! | O12: =F12-K12 -> #VALUE! | P12: =H12-M12 -> #VALUE! | R12: =SUMIFS('[20]WorkDone DATA'!$L:$L,'[20]WorkDone DATA'!$N:$N,BOQ!S$6,'[20]WorkDone DATA'!$G:$G,BOQ!$B12) -> #VALUE! | S12: =R12*G12 -> #VALUE! | T12: =SUMIFS('[20]WorkDone DATA'!$L:$L,'[20]WorkDone DATA'!$N:$N,BOQ!U$6,'[20]WorkDone DATA'!$G:$G,BOQ!$B12) -> #VALUE! | U12: =T12*G12 -> #VALUE! | W12: =SUMIFS('[20]WorkDone DATA'!$L:$L,'[20]WorkDone DATA'!$N:$N,BOQ!W$6,'[20]WorkDone DATA'!$G:$G,BOQ!$B12)*$G12 -> #VALUE! | Y12: =SUMIFS('[20]WorkDone DATA'!$L:$L,'[20]WorkDone DATA'!$N:$N,BOQ!Y$6,'[20]WorkDone DATA'!$G:$G,BOQ!$B12)*$G12 -> #VALUE! | AA12: =SUMIFS('[20]WorkDone DATA'!$L:$L,'[20]WorkDone DATA'!$N:$N,BOQ!AA$6,'[20]WorkDone DATA'!$G:$G,BOQ!$B12)*$G12 -> #VALUE! | AB12: =SUMIFS('[20]WorkDone DATA'!$L:$L,'[20]WorkDone DATA'!$N:$N,BOQ!AB$6,'[20]WorkDone DATA'!$G:$G,BOQ!$B12)*$G12 -> #VALUE! | AC12: =SUMIFS('[20]WorkDone DATA'!$L:$L,'[20]WorkDone DATA'!$N:$N,BOQ!AC$6,'[20]WorkDone DATA'!$G:$G,BOQ!$B12)*$G12 -> #VALUE! | AD12: =SUMIFS('[20]WorkDone DATA'!$L:$L,'[20]WorkDone DATA'!$N:$N,BOQ!AD$6,'[20]WorkDone DATA'!$G:$G,BOQ!$B12)*$G12 -> #VALUE! | AE12: =SUMIFS('[20]WorkDone DATA'!$L:$L,'[20]WorkDone DATA'!$N:$N,BOQ!AE$6,'[20]WorkDone DATA'!$G:$G,BOQ!$B12)*$G12 -> #VALUE! | AF12: =SUMIFS('[20]WorkDone DATA'!$L:$L,'[20]WorkDone DATA'!$N:$N,BOQ!AF$6,'[20]WorkDone DATA'!$G:$G,BOQ!$B12)*$G12 -> #VALUE! | AG12: =SUMIFS('[20]WorkDone DATA'!$L:$L,'[20]WorkDone DATA'!$N:$N,BOQ!AG$6,'[20]WorkDone DATA'!$G:$G,BOQ!$B12)*$G12 -> #VALUE! | AH12: =SUMIFS('[20]WorkDone DATA'!$L:$L,'[20]WorkDone DATA'!$N:$N,BOQ!AH$6,'[20]WorkDone DATA'!$G:$G,BOQ!$B12)*$G12 -> #VALUE! | ... BX12: =SUMIFS('[20]WorkDone DATA'!$L:$L,'[20]WorkDone DATA'!$N:$N,BOQ!BX$6,'[20]WorkDone DATA'!$G:$G,BOQ!$B12)*$G12 -> #VALUE!
C13: 500mm2 x 1 core (EXX01WCV) 6.35kV/11kV (Trefoil clamps) New | H13: =G13*F13 -> 0 | L13: =SUMIF(R6:Y6,S6,R13:Y13) -> #VALUE! | M13: =SUMIF(R6:BX6,S6,R13:BX13) -> #VALUE! | O13: =F13-K13 -> 0 | P13: =H13-M13 -> #VALUE! | R13: =SUMIFS('[20]WorkDone DATA'!$L:$L,'[20]WorkDone DATA'!$N:$N,BOQ!S$6,'[20]WorkDone DATA'!$G:$G,BOQ!$B13) -> #VALUE! | S13: =R13*G13 -> #VALUE! | T13: =SUMIFS('[20]WorkDone DATA'!$L:$L,'[20]WorkDone DATA'!$N:$N,BOQ!U$6,'[20]WorkDone DATA'!$G:$G,BOQ!$B13) -> #VALUE! | U13: =T13*G13 -> #VALUE! | W13: =SUMIFS('[20]WorkDone DATA'!$L:$L,'[20]WorkDone DATA'!$N:$N,BOQ!W$6,'[20]WorkDone DATA'!$G:$G,BOQ!$B13)*$G13 -> #VALUE! | Y13: =SUMIFS('[20]WorkDone DATA'!$L:$L,'[20]WorkDone DATA'!$N:$N,BOQ!Y$6,'[20]WorkDone DATA'!$G:$G,BOQ!$B13)*$G13 -> #VALUE! | AA13: =SUMIFS('[20]WorkDone DATA'!$L:$L,'[20]WorkDone DATA'!$N:$N,BOQ!AA$6,'[20]WorkDone DATA'!$G:$G,BOQ!$B13)*$G13 -> #VALUE! | AB13: =SUMIFS('[20]WorkDone DATA'!$L:$L,'[20]WorkDone DATA'!$N:$N,BOQ!AB$6,'[20]WorkDone DATA'!$G:$G,BOQ!$B13)*$G13 -> #VALUE! | AC13: =SUMIFS('[20]WorkDone DATA'!$L:$L,'[20]WorkDone DATA'!$N:$N,BOQ!AC$6,'[20]WorkDone DATA'!$G:$G,BOQ!$B13)*$G13 -> #VALUE! | AD13: =SUMIFS('[20]WorkDone DATA'!$L:$L,'[20]WorkDone DATA'!$N:$N,BOQ!AD$6,'[20]WorkDone DATA'!$G:$G,BOQ!$B13)*$G13 -> #VALUE! | AE13: =SUMIFS('[20]WorkDone DATA'!$L:$L,'[20]WorkDone DATA'!$N:$N,BOQ!AE$6,'[20]WorkDone DATA'!$G:$G,BOQ!$B13)*$G13 -> #VALUE! | AF13: =SUMIFS('[20]WorkDone DATA'!$L:$L,'[20]WorkDone DATA'!$N:$N,BOQ!AF$6,'[20]WorkDone DATA'!$G:$G,BOQ!$B13)*$G13 -> #VALUE! | AG13: =SUMIFS('[20]WorkDone DATA'!$L:$L,'[20]WorkDone DATA'!$N:$N,BOQ!AG$6,'[20]WorkDone DATA'!$G:$G,BOQ!$B13)*$G13 -> #VALUE! | AH13: =SUMIFS('[20]WorkDone DATA'!$L:$L,'[20]WorkDone DATA'!$N:$N,BOQ!AH$6,'[20]WorkDone DATA'!$G:$G,BOQ!$B13)*$G13 -> #VALUE! | ... BX13: =SUMIFS('[20]WorkDone DATA'!$L:$L,'[20]WorkDone DATA'!$N:$N,BOQ!BX$6,'[20]WorkDone DATA'!$G:$G,BOQ!$B13)*$G13 -> #VALUE!
A14: =C13 -> 500mm2 x 1 core (EXX01WCV) 6.35kV/11kV (Trefoil clamps) New | B14: 2.003 | C14: Supply | D14: E | E14: m | F14: 8020 | G14: 1422.22 | H14: =G14*F14 -> 11406204 | K14: =M14/G14 -> 0 | L14: =SUMIF(R7:Y7,S7,R14:Y14) -> 0 | M14: =SUMIF(R7:BX7,S7,R14:BX14) -> 0 | O14: =F14-K14 -> 8020 | P14: =H14-M14 -> 11406204 | R14: =SUMIFS('[20]WorkDone DATA'!$L:$L,'[20]WorkDone DATA'!$N:$N,BOQ!S$6,'[20]WorkDone DATA'!$G:$G,BOQ!$B14) -> #VALUE! | S14: =R14*G14 -> #VALUE! | T14: =SUMIFS('[20]WorkDone DATA'!$L:$L,'[20]WorkDone DATA'!$N:$N,BOQ!U$6,'[20]WorkDone DATA'!$G:$G,BOQ!$B14) -> #VALUE! | U14: =T14*G14 -> #VALUE! | W14: =SUMIFS('[20]WorkDone DATA'!$L:$L,'[20]WorkDone DATA'!$N:$N,BOQ!W$6,'[20]WorkDone DATA'!$G:$G,BOQ!$B14)*$G14 -> #VALUE! | Y14: =SUMIFS('[20]WorkDone DATA'!$L:$L,'[20]WorkDone DATA'!$N:$N,BOQ!Y$6,'[20]WorkDone DATA'!$G:$G,BOQ!$B14)*$G14 -> #VALUE! | AA14: =SUMIFS('[20]WorkDone DATA'!$L:$L,'[20]WorkDone DATA'!$N:$N,BOQ!AA$6,'[20]WorkDone DATA'!$G:$G,BOQ!$B14)*$G14 -> #VALUE! | AB14: =SUMIFS('[20]WorkDone DATA'!$L:$L,'[20]WorkDone DATA'!$N:$N,BOQ!AB$6,'[20]WorkDone DATA'!$G:$G,BOQ!$B14)*$G14 -> #VALUE! | AC14: =SUMIFS('[20]WorkDone DATA'!$L:$L,'[20]WorkDone DATA'!$N:$N,BOQ!AC$6,'[20]WorkDone DATA'!$G:$G,BOQ!$B14)*$G14 -> #VALUE! | AD14: =SUMIFS('[20]WorkDone DATA'!$L:$L,'[20]WorkDone DATA'!$N:$N,BOQ!AD$6,'[20]WorkDone DATA'!$G:$G,BOQ!$B14)*$G14 -> #VALUE! | AE14: =SUMIFS('[20]WorkDone DATA'!$L:$L,'[20]WorkDone DATA'!$N:$N,BOQ!AE$6,'[20]WorkDone DATA'!$G:$G,BOQ!$B14)*$G14 -> #VALUE! | AF14: =SUMIFS('[20]WorkDone DATA'!$L:$L,'[20]WorkDone DATA'!$N:$N,BOQ!AF$6,'[20]WorkDone DATA'!$G:$G,BOQ!$B14)*$G14 -> #VALUE! | AG14: =SUMIFS('[20]WorkDone DATA'!$L:$L,'[20]WorkDone DATA'!$N:$N,BOQ!AG$6,'[20]WorkDone DATA'!$G:$G,BOQ!$B14)*$G14 -> #VALUE! | AH14: =SUMIFS('[20]WorkDone DATA'!$L:$L,'[20]WorkDone DATA'!$N:$N,BOQ!AH$6,'[20]WorkDone DATA'!$G:$G,BOQ!$B14)*$G14 -> #VALUE! | ... BX14: =SUMIFS('[20]WorkDone DATA'!$L:$L,'[20]WorkDone DATA'!$N:$N,BOQ!BX$6,'[20]WorkDone DATA'!$G:$G,BOQ!$B14)*$G14 -> #VALUE!
A15: =C13 -> 500mm2 x 1 core (EXX01WCV) 6.35kV/11kV (Trefoil clamps) New | B15: 2.004 | C15: Installation | D15: A | E15: m | F15: 8020 | G15: 117.05 | H15: =G15*F15 -> 938741 | K15: =M15/G15 -> 0 | L15: =SUMIF(R8:Y8,S8,R15:Y15) -> 0 | M15: =SUMIF(R8:BX8,S8,R15:BX15) -> 0 | O15: =F15-K15 -> 8020 | P15: =H15-M15 -> 938741 | R15: =SUMIFS('[20]WorkDone DATA'!$L:$L,'[20]WorkDone DATA'!$N:$N,BOQ!S$6,'[20]WorkDone DATA'!$G:$G,BOQ!$B15) -> #VALUE! | S15: =R15*G15 -> #VALUE! | T15: =SUMIFS('[20]WorkDone DATA'!$L:$L,'[20]WorkDone DATA'!$N:$N,BOQ!U$6,'[20]WorkDone DATA'!$G:$G,BOQ!$B15) -> #VALUE! | U15: =T15*G15 -> #VALUE! | W15: =SUMIFS('[20]WorkDone DATA'!$L:$L,'[20]WorkDone DATA'!$N:$N,BOQ!W$6,'[20]WorkDone DATA'!$G:$G,BOQ!$B15)*$G15 -> #VALUE! | Y15: =SUMIFS('[20]WorkDone DATA'!$L:$L,'[20]WorkDone DATA'!$N:$N,BOQ!Y$6,'[20]WorkDone DATA'!$G:$G,BOQ!$B15)*$G15 -> #VALUE! | AA15: =SUMIFS('[20]WorkDone DATA'!$L:$L,'[20]WorkDone DATA'!$N:$N,BOQ!AA$6,'[20]WorkDone DATA'!$G:$G,BOQ!$B15)*$G15 -> #VALUE! | AB15: =SUMIFS('[20]WorkDone DATA'!$L:$L,'[20]WorkDone DATA'!$N:$N,BOQ!AB$6,'[20]WorkDone DATA'!$G:$G,BOQ!$B15)*$G15 -> #VALUE! | AC15: =SUMIFS('[20]WorkDone DATA'!$L:$L,'[20]WorkDone DATA'!$N:$N,BOQ!AC$6,'[20]WorkDone DATA'!$G:$G,BOQ!$B15)*$G15 -> #VALUE! | AD15: =SUMIFS('[20]WorkDone DATA'!$L:$L,'[20]WorkDone DATA'!$N:$N,BOQ!AD$6,'[20]WorkDone DATA'!$G:$G,BOQ!$B15)*$G15 -> #VALUE! | AE15: =SUMIFS('[20]WorkDone DATA'!$L:$L,'[20]WorkDone DATA'!$N:$N,BOQ!AE$6,'[20]WorkDone DATA'!$G:$G,BOQ!$B15)*$G15 -> #VALUE! | AF15: =SUMIFS('[20]WorkDone DATA'!$L:$L,'[20]WorkDone DATA'!$N:$N,BOQ!AF$6,'[20]WorkDone DATA'!$G:$G,BOQ!$B15)*$G15 -> #VALUE! | AG15: =SUMIFS('[20]WorkDone DATA'!$L:$L,'[20]WorkDone DATA'!$N:$N,BOQ!AG$6,'[20]WorkDone DATA'!$G:$G,BOQ!$B15)*$G15 -> #VALUE! | AH15: =SUMIFS('[20]WorkDone DATA'!$L:$L,'[20]WorkDone DATA'!$N:$N,BOQ!AH$6,'[20]WorkDone DATA'!$G:$G,BOQ!$B15)*$G15 -> #VALUE! | ... BX15: =SUMIFS('[20]WorkDone DATA'!$L:$L,'[20]WorkDone DATA'!$N:$N,BOQ!BX$6,'[20]WorkDone DATA'!$G:$G,BOQ!$B15)*$G15 -> #VALUE!
C16: XLPE 11KV | H16: =G16*F16 -> 0 | L16: =SUMIF(R9:Y9,S9,R16:Y16) -> 0 | M16: =SUMIF(R9:BX9,S9,R16:BX16) -> 0 | O16: =F16-K16 -> 0 | P16: =H16-M16 -> 0 | R16: =SUMIFS('[20]WorkDone DATA'!$L:$L,'[20]WorkDone DATA'!$N:$N,BOQ!S$6,'[20]WorkDone DATA'!$G:$G,BOQ!$B16) -> #VALUE! | S16: =R16*G16 -> #VALUE! | T16: =SUMIFS('[20]WorkDone DATA'!$L:$L,'[20]WorkDone DATA'!$N:$N,BOQ!U$6,'[20]WorkDone DATA'!$G:$G,BOQ!$B16) -> #VALUE! | U16: =T16*G16 -> #VALUE! | W16: =SUMIFS('[20]WorkDone DATA'!$L:$L,'[20]WorkDone DATA'!$N:$N,BOQ!W$6,'[20]WorkDone DATA'!$G:$G,BOQ!$B16)*$G16 -> #VALUE! | Y16: =SUMIFS('[20]WorkDone DATA'!$L:$L,'[20]WorkDone DATA'!$N:$N,BOQ!Y$6,'[20]WorkDone DATA'!$G:$G,BOQ!$B16)*$G16 -> #VALUE! | AA16: =SUMIFS('[20]WorkDone DATA'!$L:$L,'[20]WorkDone DATA'!$N:$N,BOQ!AA$6,'[20]WorkDone DATA'!$G:$G,BOQ!$B16)*$G16 -> #VALUE! | AB16: =SUMIFS('[20]WorkDone DATA'!$L:$L,'[20]WorkDone DATA'!$N:$N,BOQ!AB$6,'[20]WorkDone DATA'!$G:$G,BOQ!$B16)*$G16 -> #VALUE! | AC16: =SUMIFS('[20]WorkDone DATA'!$L:$L,'[20]WorkDone DATA'!$N:$N,BOQ!AC$6,'[20]WorkDone DATA'!$G:$G,BOQ!$B16)*$G16 -> #VALUE! | AD16: =SUMIFS('[20]WorkDone DATA'!$L:$L,'[20]WorkDone DATA'!$N:$N,BOQ!AD$6,'[20]WorkDone DATA'!$G:$G,BOQ!$B16)*$G16 -> #VALUE! | AE16: =SUMIFS('[20]WorkDone DATA'!$L:$L,'[20]WorkDone DATA'!$N:$N,BOQ!AE$6,'[20]WorkDone DATA'!$G:$G,BOQ!$B16)*$G16 -> #VALUE! | AF16: =SUMIFS('[20]WorkDone DATA'!$L:$L,'[20]WorkDone DATA'!$N:$N,BOQ!AF$6,'[20]WorkDone DATA'!$G:$G,BOQ!$B16)*$G16 -> #VALUE! | AG16: =SUMIFS('[20]WorkDone DATA'!$L:$L,'[20]WorkDone DATA'!$N:$N,BOQ!AG$6,'[20]WorkDone DATA'!$G:$G,BOQ!$B16)*$G16 -> #VALUE! | AH16: =SUMIFS('[20]WorkDone DATA'!$L:$L,'[20]WorkDone DATA'!$N:$N,BOQ!AH$6,'[20]WorkDone DATA'!$G:$G,BOQ!$B16)*$G16 -> #VALUE! | ... BX16: =SUMIFS('[20]WorkDone DATA'!$L:$L,'[20]WorkDone DATA'!$N:$N,BOQ!BX$6,'[20]WorkDone DATA'!$G:$G,BOQ!$B16)*$G16 -> #VALUE!
C17: 300mm2 x 1 core (EXX01UCM) 6.35kV/11kV | H17: =G17*F17 -> 0 | L17: =SUMIF(R10:Y10,S10,R17:Y17) -> 0 | M17: =SUMIF(R10:BX10,S10,R17:BX17) -> 0 | O17: =F17-K17 -> 0 | P17: =H17-M17 -> 0 | R17: =SUMIFS('[20]WorkDone DATA'!$L:$L,'[20]WorkDone DATA'!$N:$N,BOQ!S$6,'[20]WorkDone DATA'!$G:$G,BOQ!$B17) -> #VALUE! | S17: =R17*G17 -> #VALUE! | T17: =SUMIFS('[20]WorkDone DATA'!$L:$L,'[20]WorkDone DATA'!$N:$N,BOQ!U$6,'[20]WorkDone DATA'!$G:$G,BOQ!$B17) -> #VALUE! | U17: =T17*G17 -> #VALUE! | W17: =SUMIFS('[20]WorkDone DATA'!$L:$L,'[20]WorkDone DATA'!$N:$N,BOQ!W$6,'[20]WorkDone DATA'!$G:$G,BOQ!$B17)*$G17 -> #VALUE! | Y17: =SUMIFS('[20]WorkDone DATA'!$L:$L,'[20]WorkDone DATA'!$N:$N,BOQ!Y$6,'[20]WorkDone DATA'!$G:$G,BOQ!$B17)*$G17 -> #VALUE! | AA17: =SUMIFS('[20]WorkDone DATA'!$L:$L,'[20]WorkDone DATA'!$N:$N,BOQ!AA$6,'[20]WorkDone DATA'!$G:$G,BOQ!$B17)*$G17 -> #VALUE! | AB17: =SUMIFS('[20]WorkDone DATA'!$L:$L,'[20]WorkDone DATA'!$N:$N,BOQ!AB$6,'[20]WorkDone DATA'!$G:$G,BOQ!$B17)*$G17 -> #VALUE! | AC17: =SUMIFS('[20]WorkDone DATA'!$L:$L,'[20]WorkDone DATA'!$N:$N,BOQ!AC$6,'[20]WorkDone DATA'!$G:$G,BOQ!$B17)*$G17 -> #VALUE! | AD17: =SUMIFS('[20]WorkDone DATA'!$L:$L,'[20]WorkDone DATA'!$N:$N,BOQ!AD$6,'[20]WorkDone DATA'!$G:$G,BOQ!$B17)*$G17 -> #VALUE! | AE17: =SUMIFS('[20]WorkDone DATA'!$L:$L,'[20]WorkDone DATA'!$N:$N,BOQ!AE$6,'[20]WorkDone DATA'!$G:$G,BOQ!$B17)*$G17 -> #VALUE! | AF17: =SUMIFS('[20]WorkDone DATA'!$L:$L,'[20]WorkDone DATA'!$N:$N,BOQ!AF$6,'[20]WorkDone DATA'!$G:$G,BOQ!$B17)*$G17 -> #VALUE! | AG17: =SUMIFS('[20]WorkDone DATA'!$L:$L,'[20]WorkDone DATA'!$N:$N,BOQ!AG$6,'[20]WorkDone DATA'!$G:$G,BOQ!$B17)*$G17 -> #VALUE! | AH17: =SUMIFS('[20]WorkDone DATA'!$L:$L,'[20]WorkDone DATA'!$N:$N,BOQ!AH$6,'[20]WorkDone DATA'!$G:$G,BOQ!$B17)*$G17 -> #VALUE! | ... BX17: =SUMIFS('[20]WorkDone DATA'!$L:$L,'[20]WorkDone DATA'!$N:$N,BOQ!BX$6,'[20]WorkDone DATA'!$G:$G,BOQ!$B17)*$G17 -> #VALUE!
A18: =C17 -> 300mm2 x 1 core (EXX01UCM) 6.35kV/11kV | B18: 2.005 | C18: Supply | D18: E | E18: m | F18: 7500 | G18: 905.62 | H18: =G18*F18 -> 6792150 | K18: =M18/G18 -> #VALUE! | L18: =SUMIF(R11:Y11,S11,R18:Y18) -> #VALUE! | M18: =SUMIF(R11:BX11,S11,R18:BX18) -> #VALUE! | O18: =F18-K18 -> #VALUE! | P18: =H18-M18 -> #VALUE! | R18: =SUMIFS('[20]WorkDone DATA'!$L:$L,'[20]WorkDone DATA'!$N:$N,BOQ!S$6,'[20]WorkDone DATA'!$G:$G,BOQ!$B18) -> #VALUE! | S18: =R18*G18 -> #VALUE! | T18: =SUMIFS('[20]WorkDone DATA'!$L:$L,'[20]WorkDone DATA'!$N:$N,BOQ!U$6,'[20]WorkDone DATA'!$G:$G,BOQ!$B18) -> #VALUE! | U18: =T18*G18 -> #VALUE! | W18: =SUMIFS('[20]WorkDone DATA'!$L:$L,'[20]WorkDone DATA'!$N:$N,BOQ!W$6,'[20]WorkDone DATA'!$G:$G,BOQ!$B18)*$G18 -> #VALUE! | Y18: =SUMIFS('[20]WorkDone DATA'!$L:$L,'[20]WorkDone DATA'!$N:$N,BOQ!Y$6,'[20]WorkDone DATA'!$G:$G,BOQ!$B18)*$G18 -> #VALUE! | AA18: =SUMIFS('[20]WorkDone DATA'!$L:$L,'[20]WorkDone DATA'!$N:$N,BOQ!AA$6,'[20]WorkDone DATA'!$G:$G,BOQ!$B18)*$G18 -> #VALUE! | AB18: =SUMIFS('[20]WorkDone DATA'!$L:$L,'[20]WorkDone DATA'!$N:$N,BOQ!AB$6,'[20]WorkDone DATA'!$G:$G,BOQ!$B18)*$G18 -> #VALUE! | AC18: =SUMIFS('[20]WorkDone DATA'!$L:$L,'[20]WorkDone DATA'!$N:$N,BOQ!AC$6,'[20]WorkDone DATA'!$G:$G,BOQ!$B18)*$G18 -> #VALUE! | AD18: =SUMIFS('[20]WorkDone DATA'!$L:$L,'[20]WorkDone DATA'!$N:$N,BOQ!AD$6,'[20]WorkDone DATA'!$G:$G,BOQ!$B18)*$G18 -> #VALUE! | AE18: =SUMIFS('[20]WorkDone DATA'!$L:$L,'[20]WorkDone DATA'!$N:$N,BOQ!AE$6,'[20]WorkDone DATA'!$G:$G,BOQ!$B18)*$G18 -> #VALUE! | AF18: =SUMIFS('[20]WorkDone DATA'!$L:$L,'[20]WorkDone DATA'!$N:$N,BOQ!AF$6,'[20]WorkDone DATA'!$G:$G,BOQ!$B18)*$G18 -> #VALUE! | AG18: =SUMIFS('[20]WorkDone DATA'!$L:$L,'[20]WorkDone DATA'!$N:$N,BOQ!AG$6,'[20]WorkDone DATA'!$G:$G,BOQ!$B18)*$G18 -> #VALUE! | AH18: =SUMIFS('[20]WorkDone DATA'!$L:$L,'[20]WorkDone DATA'!$N:$N,BOQ!AH$6,'[20]WorkDone DATA'!$G:$G,BOQ!$B18)*$G18 -> #VALUE! | ... BX18: =SUMIFS('[20]WorkDone DATA'!$L:$L,'[20]WorkDone DATA'!$N:$N,BOQ!BX$6,'[20]WorkDone DATA'!$G:$G,BOQ!$B18)*$G18 -> #VALUE!
A19: =C17 -> 300mm2 x 1 core (EXX01UCM) 6.35kV/11kV | B19: 2.006 | C19: Installation | D19: A | E19: m | F19: 7500 | G19: 103.38 | H19: =G19*F19 -> 775350 | K19: =M19/G19 -> #VALUE! | L19: =SUMIF(R12:Y12,S12,R19:Y19) -> #VALUE! | M19: =SUMIF(R12:BX12,S12,R19:BX19) -> #VALUE! | O19: =F19-K19 -> #VALUE! | P19: =H19-M19 -> #VALUE! | R19: =SUMIFS('[20]WorkDone DATA'!$L:$L,'[20]WorkDone DATA'!$N:$N,BOQ!S$6,'[20]WorkDone DATA'!$G:$G,BOQ!$B19) -> #VALUE! | S19: =R19*G19 -> #VALUE! | T19: =SUMIFS('[20]WorkDone DATA'!$L:$L,'[20]WorkDone DATA'!$N:$N,BOQ!U$6,'[20]WorkDone DATA'!$G:$G,BOQ!$B19) -> #VALUE! | U19: =T19*G19 -> #VALUE! | W19: =SUMIFS('[20]WorkDone DATA'!$L:$L,'[20]WorkDone DATA'!$N:$N,BOQ!W$6,'[20]WorkDone DATA'!$G:$G,BOQ!$B19)*$G19 -> #VALUE! | Y19: =SUMIFS('[20]WorkDone DATA'!$L:$L,'[20]WorkDone DATA'!$N:$N,BOQ!Y$6,'[20]WorkDone DATA'!$G:$G,BOQ!$B19)*$G19 -> #VALUE! | AA19: =SUMIFS('[20]WorkDone DATA'!$L:$L,'[20]WorkDone DATA'!$N:$N,BOQ!AA$6,'[20]WorkDone DATA'!$G:$G,BOQ!$B19)*$G19 -> #VALUE! | AB19: =SUMIFS('[20]WorkDone DATA'!$L:$L,'[20]WorkDone DATA'!$N:$N,BOQ!AB$6,'[20]WorkDone DATA'!$G:$G,BOQ!$B19)*$G19 -> #VALUE! | AC19: =SUMIFS('[20]WorkDone DATA'!$L:$L,'[20]WorkDone DATA'!$N:$N,BOQ!AC$6,'[20]WorkDone DATA'!$G:$G,BOQ!$B19)*$G19 -> #VALUE! | AD19: =SUMIFS('[20]WorkDone DATA'!$L:$L,'[20]WorkDone DATA'!$N:$N,BOQ!AD$6,'[20]WorkDone DATA'!$G:$G,BOQ!$B19)*$G19 -> #VALUE! | AE19: =SUMIFS('[20]WorkDone DATA'!$L:$L,'[20]WorkDone DATA'!$N:$N,BOQ!AE$6,'[20]WorkDone DATA'!$G:$G,BOQ!$B19)*$G19 -> #VALUE! | AF19: =SUMIFS('[20]WorkDone DATA'!$L:$L,'[20]WorkDone DATA'!$N:$N,BOQ!AF$6,'[20]WorkDone DATA'!$G:$G,BOQ!$B19)*$G19 -> #VALUE! | AG19: =SUMIFS('[20]WorkDone DATA'!$L:$L,'[20]WorkDone DATA'!$N:$N,BOQ!AG$6,'[20]WorkDone DATA'!$G:$G,BOQ!$B19)*$G19 -> #VALUE! | AH19: =SUMIFS('[20]WorkDone DATA'!$L:$L,'[20]WorkDone DATA'!$N:$N,BOQ!AH$6,'[20]WorkDone DATA'!$G:$G,BOQ!$B19)*$G19 -> #VALUE! | ... BX19: =SUMIFS('[20]WorkDone DATA'!$L:$L,'[20]WorkDone DATA'!$N:$N,BOQ!BX$6,'[20]WorkDone DATA'!$G:$G,BOQ!$B19)*$G19 -> #VALUE!
C20: 120mm2 x 1core (EXX01QCV) 6.35 kV/11kV New | H20: =G20*F20 -> 0 | L20: =SUMIF(R13:Y13,S13,R20:Y20) -> #VALUE! | M20: =SUMIF(R13:BX13,S13,R20:BX20) -> #VALUE! | O20: =F20-K20 -> 0 | P20: =H20-M20 -> #VALUE! | R20: =SUMIFS('[20]WorkDone DATA'!$L:$L,'[20]WorkDone DATA'!$N:$N,BOQ!S$6,'[20]WorkDone DATA'!$G:$G,BOQ!$B20) -> #VALUE! | S20: =R20*G20 -> #VALUE! | T20: =SUMIFS('[20]WorkDone DATA'!$L:$L,'[20]WorkDone DATA'!$N:$N,BOQ!U$6,'[20]WorkDone DATA'!$G:$G,BOQ!$B20) -> #VALUE! | U20: =T20*G20 -> #VALUE! | W20: =SUMIFS('[20]WorkDone DATA'!$L:$L,'[20]WorkDone DATA'!$N:$N,BOQ!W$6,'[20]WorkDone DATA'!$G:$G,BOQ!$B20)*$G20 -> #VALUE! | Y20: =SUMIFS('[20]WorkDone DATA'!$L:$L,'[20]WorkDone DATA'!$N:$N,BOQ!Y$6,'[20]WorkDone DATA'!$G:$G,BOQ!$B20)*$G20 -> #VALUE! | AA20: =SUMIFS('[20]WorkDone DATA'!$L:$L,'[20]WorkDone DATA'!$N:$N,BOQ!AA$6,'[20]WorkDone DATA'!$G:$G,BOQ!$B20)*$G20 -> #VALUE! | AB20: =SUMIFS('[20]WorkDone DATA'!$L:$L,'[20]WorkDone DATA'!$N:$N,BOQ!AB$6,'[20]WorkDone DATA'!$G:$G,BOQ!$B20)*$G20 -> #VALUE! | AC20: =SUMIFS('[20]WorkDone DATA'!$L:$L,'[20]WorkDone DATA'!$N:$N,BOQ!AC$6,'[20]WorkDone DATA'!$G:$G,BOQ!$B20)*$G20 -> #VALUE! | AD20: =SUMIFS('[20]WorkDone DATA'!$L:$L,'[20]WorkDone DATA'!$N:$N,BOQ!AD$6,'[20]WorkDone DATA'!$G:$G,BOQ!$B20)*$G20 -> #VALUE! | AE20: =SUMIFS('[20]WorkDone DATA'!$L:$L,'[20]WorkDone DATA'!$N:$N,BOQ!AE$6,'[20]WorkDone DATA'!$G:$G,BOQ!$B20)*$G20 -> #VALUE! | AF20: =SUMIFS('[20]WorkDone DATA'!$L:$L,'[20]WorkDone DATA'!$N:$N,BOQ!AF$6,'[20]WorkDone DATA'!$G:$G,BOQ!$B20)*$G20 -> #VALUE! | AG20: =SUMIFS('[20]WorkDone DATA'!$L:$L,'[20]WorkDone DATA'!$N:$N,BOQ!AG$6,'[20]WorkDone DATA'!$G:$G,BOQ!$B20)*$G20 -> #VALUE! | AH20: =SUMIFS('[20]WorkDone DATA'!$L:$L,'[20]WorkDone DATA'!$N:$N,BOQ!AH$6,'[20]WorkDone DATA'!$G:$G,BOQ!$B20)*$G20 -> #VALUE! | ... BX20: =SUMIFS('[20]WorkDone DATA'!$L:$L,'[20]WorkDone DATA'!$N:$N,BOQ!BX$6,'[20]WorkDone DATA'!$G:$G,BOQ!$B20)*$G20 -> #VALUE!
A21: =C20 -> 120mm2 x 1core (EXX01QCV) 6.35 kV/11kV New | B21: 2.007 | C21: Supply | D21: E | E21: m | F21: 14400 | G21: 417.34 | H21: =G21*F21 -> 6009696 | K21: =M21/G21 -> #VALUE! | L21: =SUMIF(R14:Y14,S14,R21:Y21) -> #VALUE! | M21: =SUMIF(R14:BX14,S14,R21:BX21) -> #VALUE! | O21: =F21-K21 -> #VALUE! | P21: =H21-M21 -> #VALUE! | R21: =SUMIFS('[20]WorkDone DATA'!$L:$L,'[20]WorkDone DATA'!$N:$N,BOQ!S$6,'[20]WorkDone DATA'!$G:$G,BOQ!$B21) -> #VALUE! | S21: =R21*G21 -> #VALUE! | T21: =SUMIFS('[20]WorkDone DATA'!$L:$L,'[20]WorkDone DATA'!$N:$N,BOQ!U$6,'[20]WorkDone DATA'!$G:$G,BOQ!$B21) -> #VALUE! | U21: =T21*G21 -> #VALUE! | W21: =SUMIFS('[20]WorkDone DATA'!$L:$L,'[20]WorkDone DATA'!$N:$N,BOQ!W$6,'[20]WorkDone DATA'!$G:$G,BOQ!$B21)*$G21 -> #VALUE! | Y21: =SUMIFS('[20]WorkDone DATA'!$L:$L,'[20]WorkDone DATA'!$N:$N,BOQ!Y$6,'[20]WorkDone DATA'!$G:$G,BOQ!$B21)*$G21 -> #VALUE! | AA21: =SUMIFS('[20]WorkDone DATA'!$L:$L,'[20]WorkDone DATA'!$N:$N,BOQ!AA$6,'[20]WorkDone DATA'!$G:$G,BOQ!$B21)*$G21 -> #VALUE! | AB21: =SUMIFS('[20]WorkDone DATA'!$L:$L,'[20]WorkDone DATA'!$N:$N,BOQ!AB$6,'[20]WorkDone DATA'!$G:$G,BOQ!$B21)*$G21 -> #VALUE! | AC21: =SUMIFS('[20]WorkDone DATA'!$L:$L,'[20]WorkDone DATA'!$N:$N,BOQ!AC$6,'[20]WorkDone DATA'!$G:$G,BOQ!$B21)*$G21 -> #VALUE! | AD21: =SUMIFS('[20]WorkDone DATA'!$L:$L,'[20]WorkDone DATA'!$N:$N,BOQ!AD$6,'[20]WorkDone DATA'!$G:$G,BOQ!$B21)*$G21 -> #VALUE! | AE21: =SUMIFS('[20]WorkDone DATA'!$L:$L,'[20]WorkDone DATA'!$N:$N,BOQ!AE$6,'[20]WorkDone DATA'!$G:$G,BOQ!$B21)*$G21 -> #VALUE! | AF21: =SUMIFS('[20]WorkDone DATA'!$L:$L,'[20]WorkDone DATA'!$N:$N,BOQ!AF$6,'[20]WorkDone DATA'!$G:$G,BOQ!$B21)*$G21 -> #VALUE! | AG21: =SUMIFS('[20]WorkDone DATA'!$L:$L,'[20]WorkDone DATA'!$N:$N,BOQ!AG$6,'[20]WorkDone DATA'!$G:$G,BOQ!$B21)*$G21 -> #VALUE! | AH21: =SUMIFS('[20]WorkDone DATA'!$L:$L,'[20]WorkDone DATA'!$N:$N,BOQ!AH$6,'[20]WorkDone DATA'!$G:$G,BOQ!$B21)*$G21 -> #VALUE! | ... BX21: =SUMIFS('[20]WorkDone DATA'!$L:$L,'[20]WorkDone DATA'!$N:$N,BOQ!BX$6,'[20]WorkDone DATA'!$G:$G,BOQ!$B21)*$G21 -> #VALUE!
A22: =C20 -> 120mm2 x 1core (EXX01QCV) 6.35 kV/11kV New | B22: 2.008 | C22: Installation | D22: A | E22: m | F22: 14400 | G22: 52.17 | H22: =G22*F22 -> 751248 | K22: =M22/G22 -> #VALUE! | L22: =SUMIF(R15:Y15,S15,R22:Y22) -> #VALUE! | M22: =SUMIF(R15:BX15,S15,R22:BX22) -> #VALUE! | O22: =F22-K22 -> #VALUE! | P22: =H22-M22 -> #VALUE! | R22: =SUMIFS('[20]WorkDone DATA'!$L:$L,'[20]WorkDone DATA'!$N:$N,BOQ!S$6,'[20]WorkDone DATA'!$G:$G,BOQ!$B22) -> #VALUE! | S22: =R22*G22 -> #VALUE! | T22: =SUMIFS('[20]WorkDone DATA'!$L:$L,'[20]WorkDone DATA'!$N:$N,BOQ!U$6,'[20]WorkDone DATA'!$G:$G,BOQ!$B22) -> #VALUE! | U22: =T22*G22 -> #VALUE! | W22: =SUMIFS('[20]WorkDone DATA'!$L:$L,'[20]WorkDone DATA'!$N:$N,BOQ!W$6,'[20]WorkDone DATA'!$G:$G,BOQ!$B22)*$G22 -> #VALUE! | Y22: =SUMIFS('[20]WorkDone DATA'!$L:$L,'[20]WorkDone DATA'!$N:$N,BOQ!Y$6,'[20]WorkDone DATA'!$G:$G,BOQ!$B22)*$G22 -> #VALUE! | AA22: =SUMIFS('[20]WorkDone DATA'!$L:$L,'[20]WorkDone DATA'!$N:$N,BOQ!AA$6,'[20]WorkDone DATA'!$G:$G,BOQ!$B22)*$G22 -> #VALUE! | AB22: =SUMIFS('[20]WorkDone DATA'!$L:$L,'[20]WorkDone DATA'!$N:$N,BOQ!AB$6,'[20]WorkDone DATA'!$G:$G,BOQ!$B22)*$G22 -> #VALUE! | AC22: =SUMIFS('[20]WorkDone DATA'!$L:$L,'[20]WorkDone DATA'!$N:$N,BOQ!AC$6,'[20]WorkDone DATA'!$G:$G,BOQ!$B22)*$G22 -> #VALUE! | AD22: =SUMIFS('[20]WorkDone DATA'!$L:$L,'[20]WorkDone DATA'!$N:$N,BOQ!AD$6,'[20]WorkDone DATA'!$G:$G,BOQ!$B22)*$G22 -> #VALUE! | AE22: =SUMIFS('[20]WorkDone DATA'!$L:$L,'[20]WorkDone DATA'!$N:$N,BOQ!AE$6,'[20]WorkDone DATA'!$G:$G,BOQ!$B22)*$G22 -> #VALUE! | AF22: =SUMIFS('[20]WorkDone DATA'!$L:$L,'[20]WorkDone DATA'!$N:$N,BOQ!AF$6,'[20]WorkDone DATA'!$G:$G,BOQ!$B22)*$G22 -> #VALUE! | AG22: =SUMIFS('[20]WorkDone DATA'!$L:$L,'[20]WorkDone DATA'!$N:$N,BOQ!AG$6,'[20]WorkDone DATA'!$G:$G,BOQ!$B22)*$G22 -> #VALUE! | AH22: =SUMIFS('[20]WorkDone DATA'!$L:$L,'[20]WorkDone DATA'!$N:$N,BOQ!AH$6,'[20]WorkDone DATA'!$G:$G,BOQ!$B22)*$G22 -> #VALUE! | ... BX22: =SUMIFS('[20]WorkDone DATA'!$L:$L,'[20]WorkDone DATA'!$N:$N,BOQ!BX$6,'[20]WorkDone DATA'!$G:$G,BOQ!$B22)*$G22 -> #VALUE!
C23: 150mm2 x 1core (EXX01RCV) 6.35 kV/11kV Cut & Join | H23: =G23*F23 -> 0 | L23: =SUMIF(R16:Y16,S16,R23:Y23) -> #VALUE! | M23: =SUMIF(R16:BX16,S16,R23:BX23) -> #VALUE! | O23: =F23-K23 -> 0 | P23: =H23-M23 -> #VALUE! | R23: =SUMIFS('[20]WorkDone DATA'!$L:$L,'[20]WorkDone DATA'!$N:$N,BOQ!S$6,'[20]WorkDone DATA'!$G:$G,BOQ!$B23) -> #VALUE! | S23: =R23*G23 -> #VALUE! | T23: =SUMIFS('[20]WorkDone DATA'!$L:$L,'[20]WorkDone DATA'!$N:$N,BOQ!U$6,'[20]WorkDone DATA'!$G:$G,BOQ!$B23) -> #VALUE! | U23: =T23*G23 -> #VALUE! | W23: =SUMIFS('[20]WorkDone DATA'!$L:$L,'[20]WorkDone DATA'!$N:$N,BOQ!W$6,'[20]WorkDone DATA'!$G:$G,BOQ!$B23)*$G23 -> #VALUE! | Y23: =SUMIFS('[20]WorkDone DATA'!$L:$L,'[20]WorkDone DATA'!$N:$N,BOQ!Y$6,'[20]WorkDone DATA'!$G:$G,BOQ!$B23)*$G23 -> #VALUE! | AA23: =SUMIFS('[20]WorkDone DATA'!$L:$L,'[20]WorkDone DATA'!$N:$N,BOQ!AA$6,'[20]WorkDone DATA'!$G:$G,BOQ!$B23)*$G23 -> #VALUE! | AB23: =SUMIFS('[20]WorkDone DATA'!$L:$L,'[20]WorkDone DATA'!$N:$N,BOQ!AB$6,'[20]WorkDone DATA'!$G:$G,BOQ!$B23)*$G23 -> #VALUE! | AC23: =SUMIFS('[20]WorkDone DATA'!$L:$L,'[20]WorkDone DATA'!$N:$N,BOQ!AC$6,'[20]WorkDone DATA'!$G:$G,BOQ!$B23)*$G23 -> #VALUE! | AD23: =SUMIFS('[20]WorkDone DATA'!$L:$L,'[20]WorkDone DATA'!$N:$N,BOQ!AD$6,'[20]WorkDone DATA'!$G:$G,BOQ!$B23)*$G23 -> #VALUE! | AE23: =SUMIFS('[20]WorkDone DATA'!$L:$L,'[20]WorkDone DATA'!$N:$N,BOQ!AE$6,'[20]WorkDone DATA'!$G:$G,BOQ!$B23)*$G23 -> #VALUE! | AF23: =SUMIFS('[20]WorkDone DATA'!$L:$L,'[20]WorkDone DATA'!$N:$N,BOQ!AF$6,'[20]WorkDone DATA'!$G:$G,BOQ!$B23)*$G23 -> #VALUE! | AG23: =SUMIFS('[20]WorkDone DATA'!$L:$L,'[20]WorkDone DATA'!$N:$N,BOQ!AG$6,'[20]WorkDone DATA'!$G:$G,BOQ!$B23)*$G23 -> #VALUE! | AH23: =SUMIFS('[20]WorkDone DATA'!$L:$L,'[20]WorkDone DATA'!$N:$N,BOQ!AH$6,'[20]WorkDone DATA'!$G:$G,BOQ!$B23)*$G23 -> #VALUE! | ... BX23: =SUMIFS('[20]WorkDone DATA'!$L:$L,'[20]WorkDone DATA'!$N:$N,BOQ!BX$6,'[20]WorkDone DATA'!$G:$G,BOQ!$B23)*$G23 -> #VALUE!
A24: =C23 -> 150mm2 x 1core (EXX01RCV) 6.35 kV/11kV Cut & Join | B24: 2.009 | C24: Supply | D24: E | E24: m | F24: 1200 | G24: 501.98 | H24: =G24*F24 -> 602376 | K24: =M24/G24 -> #VALUE! | L24: =SUMIF(R17:Y17,S17,R24:Y24) -> #VALUE! | M24: =SUMIF(R17:BX17,S17,R24:BX24) -> #VALUE! | O24: =F24-K24 -> #VALUE! | P24: =H24-M24 -> #VALUE! | R24: =SUMIFS('[20]WorkDone DATA'!$L:$L,'[20]WorkDone DATA'!$N:$N,BOQ!S$6,'[20]WorkDone DATA'!$G:$G,BOQ!$B24) -> #VALUE! | S24: =R24*G24 -> #VALUE! | T24: =SUMIFS('[20]WorkDone DATA'!$L:$L,'[20]WorkDone DATA'!$N:$N,BOQ!U$6,'[20]WorkDone DATA'!$G:$G,BOQ!$B24) -> #VALUE! | U24: =T24*G24 -> #VALUE! | W24: =SUMIFS('[20]WorkDone DATA'!$L:$L,'[20]WorkDone DATA'!$N:$N,BOQ!W$6,'[20]WorkDone DATA'!$G:$G,BOQ!$B24)*$G24 -> #VALUE! | Y24: =SUMIFS('[20]WorkDone DATA'!$L:$L,'[20]WorkDone DATA'!$N:$N,BOQ!Y$6,'[20]WorkDone DATA'!$G:$G,BOQ!$B24)*$G24 -> #VALUE! | AA24: =SUMIFS('[20]WorkDone DATA'!$L:$L,'[20]WorkDone DATA'!$N:$N,BOQ!AA$6,'[20]WorkDone DATA'!$G:$G,BOQ!$B24)*$G24 -> #VALUE! | AB24: =SUMIFS('[20]WorkDone DATA'!$L:$L,'[20]WorkDone DATA'!$N:$N,BOQ!AB$6,'[20]WorkDone DATA'!$G:$G,BOQ!$B24)*$G24 -> #VALUE! | AC24: =SUMIFS('[20]WorkDone DATA'!$L:$L,'[20]WorkDone DATA'!$N:$N,BOQ!AC$6,'[20]WorkDone DATA'!$G:$G,BOQ!$B24)*$G24 -> #VALUE! | AD24: =SUMIFS('[20]WorkDone DATA'!$L:$L,'[20]WorkDone DATA'!$N:$N,BOQ!AD$6,'[20]WorkDone DATA'!$G:$G,BOQ!$B24)*$G24 -> #VALUE! | AE24: =SUMIFS('[20]WorkDone DATA'!$L:$L,'[20]WorkDone DATA'!$N:$N,BOQ!AE$6,'[20]WorkDone DATA'!$G:$G,BOQ!$B24)*$G24 -> #VALUE! | AF24: =SUMIFS('[20]WorkDone DATA'!$L:$L,'[20]WorkDone DATA'!$N:$N,BOQ!AF$6,'[20]WorkDone DATA'!$G:$G,BOQ!$B24)*$G24 -> #VALUE! | AG24: =SUMIFS('[20]WorkDone DATA'!$L:$L,'[20]WorkDone DATA'!$N:$N,BOQ!AG$6,'[20]WorkDone DATA'!$G:$G,BOQ!$B24)*$G24 -> #VALUE! | AH24: =SUMIFS('[20]WorkDone DATA'!$L:$L,'[20]WorkDone DATA'!$N:$N,BOQ!AH$6,'[20]WorkDone DATA'!$G:$G,BOQ!$B24)*$G24 -> #VALUE! | ... BX24: =SUMIFS('[20]WorkDone DATA'!$L:$L,'[20]WorkDone DATA'!$N:$N,BOQ!BX$6,'[20]WorkDone DATA'!$G:$G,BOQ!$B24)*$G24 -> #VALUE!
A25: =C23 -> 150mm2 x 1core (EXX01RCV) 6.35 kV/11kV Cut & Join | B25: 2.01 | C25: Installation | D25: A | E25: m | F25: 1200 | G25: 76.72 | H25: =G25*F25 -> 92064 | K25: =M25/G25 -> #VALUE! | L25: =SUMIF(R18:Y18,S18,R25:Y25) -> #VALUE! | M25: =SUMIF(R18:BX18,S18,R25:BX25) -> #VALUE! | O25: =F25-K25 -> #VALUE! | P25: =H25-M25 -> #VALUE! | R25: =SUMIFS('[20]WorkDone DATA'!$L:$L,'[20]WorkDone DATA'!$N:$N,BOQ!S$6,'[20]WorkDone DATA'!$G:$G,BOQ!$B25) -> #VALUE! | S25: =R25*G25 -> #VALUE! | T25: =SUMIFS('[20]WorkDone DATA'!$L:$L,'[20]WorkDone DATA'!$N:$N,BOQ!U$6,'[20]WorkDone DATA'!$G:$G,BOQ!$B25) -> #VALUE! | U25: =T25*G25 -> #VALUE! | W25: =SUMIFS('[20]WorkDone DATA'!$L:$L,'[20]WorkDone DATA'!$N:$N,BOQ!W$6,'[20]WorkDone DATA'!$G:$G,BOQ!$B25)*$G25 -> #VALUE! | Y25: =SUMIFS('[20]WorkDone DATA'!$L:$L,'[20]WorkDone DATA'!$N:$N,BOQ!Y$6,'[20]WorkDone DATA'!$G:$G,BOQ!$B25)*$G25 -> #VALUE! | AA25: =SUMIFS('[20]WorkDone DATA'!$L:$L,'[20]WorkDone DATA'!$N:$N,BOQ!AA$6,'[20]WorkDone DATA'!$G:$G,BOQ!$B25)*$G25 -> #VALUE! | AB25: =SUMIFS('[20]WorkDone DATA'!$L:$L,'[20]WorkDone DATA'!$N:$N,BOQ!AB$6,'[20]WorkDone DATA'!$G:$G,BOQ!$B25)*$G25 -> #VALUE! | AC25: =SUMIFS('[20]WorkDone DATA'!$L:$L,'[20]WorkDone DATA'!$N:$N,BOQ!AC$6,'[20]WorkDone DATA'!$G:$G,BOQ!$B25)*$G25 -> #VALUE! | AD25: =SUMIFS('[20]WorkDone DATA'!$L:$L,'[20]WorkDone DATA'!$N:$N,BOQ!AD$6,'[20]WorkDone DATA'!$G:$G,BOQ!$B25)*$G25 -> #VALUE! | AE25: =SUMIFS('[20]WorkDone DATA'!$L:$L,'[20]WorkDone DATA'!$N:$N,BOQ!AE$6,'[20]WorkDone DATA'!$G:$G,BOQ!$B25)*$G25 -> #VALUE! | AF25: =SUMIFS('[20]WorkDone DATA'!$L:$L,'[20]WorkDone DATA'!$N:$N,BOQ!AF$6,'[20]WorkDone DATA'!$G:$G,BOQ!$B25)*$G25 -> #VALUE! | AG25: =SUMIFS('[20]WorkDone DATA'!$L:$L,'[20]WorkDone DATA'!$N:$N,BOQ!AG$6,'[20]WorkDone DATA'!$G:$G,BOQ!$B25)*$G25 -> #VALUE! | AH25: =SUMIFS('[20]WorkDone DATA'!$L:$L,'[20]WorkDone DATA'!$N:$N,BOQ!AH$6,'[20]WorkDone DATA'!$G:$G,BOQ!$B25)*$G25 -> #VALUE! | ... BX25: =SUMIFS('[20]WorkDone DATA'!$L:$L,'[20]WorkDone DATA'!$N:$N,BOQ!BX$6,'[20]WorkDone DATA'!$G:$G,BOQ!$B25)*$G25 -> #VALUE!
C26: XLPE 3.3kV | H26: =G26*F26 -> 0 | L26: =SUMIF(R19:Y19,S19,R26:Y26) -> #VALUE! | M26: =SUMIF(R19:BX19,S19,R26:BX26) -> #VALUE! | O26: =F26-K26 -> 0 | P26: =H26-M26 -> #VALUE! | R26: =SUMIFS('[20]WorkDone DATA'!$L:$L,'[20]WorkDone DATA'!$N:$N,BOQ!S$6,'[20]WorkDone DATA'!$G:$G,BOQ!$B26) -> #VALUE! | S26: =R26*G26 -> #VALUE! | T26: =SUMIFS('[20]WorkDone DATA'!$L:$L,'[20]WorkDone DATA'!$N:$N,BOQ!U$6,'[20]WorkDone DATA'!$G:$G,BOQ!$B26) -> #VALUE! | U26: =T26*G26 -> #VALUE! | W26: =SUMIFS('[20]WorkDone DATA'!$L:$L,'[20]WorkDone DATA'!$N:$N,BOQ!W$6,'[20]WorkDone DATA'!$G:$G,BOQ!$B26)*$G26 -> #VALUE! | Y26: =SUMIFS('[20]WorkDone DATA'!$L:$L,'[20]WorkDone DATA'!$N:$N,BOQ!Y$6,'[20]WorkDone DATA'!$G:$G,BOQ!$B26)*$G26 -> #VALUE! | AA26: =SUMIFS('[20]WorkDone DATA'!$L:$L,'[20]WorkDone DATA'!$N:$N,BOQ!AA$6,'[20]WorkDone DATA'!$G:$G,BOQ!$B26)*$G26 -> #VALUE! | AB26: =SUMIFS('[20]WorkDone DATA'!$L:$L,'[20]WorkDone DATA'!$N:$N,BOQ!AB$6,'[20]WorkDone DATA'!$G:$G,BOQ!$B26)*$G26 -> #VALUE! | AC26: =SUMIFS('[20]WorkDone DATA'!$L:$L,'[20]WorkDone DATA'!$N:$N,BOQ!AC$6,'[20]WorkDone DATA'!$G:$G,BOQ!$B26)*$G26 -> #VALUE! | AD26: =SUMIFS('[20]WorkDone DATA'!$L:$L,'[20]WorkDone DATA'!$N:$N,BOQ!AD$6,'[20]WorkDone DATA'!$G:$G,BOQ!$B26)*$G26 -> #VALUE! | AE26: =SUMIFS('[20]WorkDone DATA'!$L:$L,'[20]WorkDone DATA'!$N:$N,BOQ!AE$6,'[20]WorkDone DATA'!$G:$G,BOQ!$B26)*$G26 -> #VALUE! | AF26: =SUMIFS('[20]WorkDone DATA'!$L:$L,'[20]WorkDone DATA'!$N:$N,BOQ!AF$6,'[20]WorkDone DATA'!$G:$G,BOQ!$B26)*$G26 -> #VALUE! | AG26: =SUMIFS('[20]WorkDone DATA'!$L:$L,'[20]WorkDone DATA'!$N:$N,BOQ!AG$6,'[20]WorkDone DATA'!$G:$G,BOQ!$B26)*$G26 -> #VALUE! | AH26: =SUMIFS('[20]WorkDone DATA'!$L:$L,'[20]WorkDone DATA'!$N:$N,BOQ!AH$6,'[20]WorkDone DATA'!$G:$G,BOQ!$B26)*$G26 -> #VALUE! | ... BX26: =SUMIFS('[20]WorkDone DATA'!$L:$L,'[20]WorkDone DATA'!$N:$N,BOQ!BX$6,'[20]WorkDone DATA'!$G:$G,BOQ!$B26)*$G26 -> #VALUE!
C27: 630mm2 x 1core (CXX01XCV) 3.8kV/6.6kV | H27: =G27*F27 -> 0 | L27: =SUMIF(R20:Y20,S20,R27:Y27) -> #VALUE! | M27: =SUMIF(R20:BX20,S20,R27:BX27) -> #VALUE! | O27: =F27-K27 -> 0 | P27: =H27-M27 -> #VALUE! | R27: =SUMIFS('[20]WorkDone DATA'!$L:$L,'[20]WorkDone DATA'!$N:$N,BOQ!S$6,'[20]WorkDone DATA'!$G:$G,BOQ!$B27) -> #VALUE! | S27: =R27*G27 -> #VALUE! | T27: =SUMIFS('[20]WorkDone DATA'!$L:$L,'[20]WorkDone DATA'!$N:$N,BOQ!U$6,'[20]WorkDone DATA'!$G:$G,BOQ!$B27) -> #VALUE! | U27: =T27*G27 -> #VALUE! | W27: =SUMIFS('[20]WorkDone DATA'!$L:$L,'[20]WorkDone DATA'!$N:$N,BOQ!W$6,'[20]WorkDone DATA'!$G:$G,BOQ!$B27)*$G27 -> #VALUE! | Y27: =SUMIFS('[20]WorkDone DATA'!$L:$L,'[20]WorkDone DATA'!$N:$N,BOQ!Y$6,'[20]WorkDone DATA'!$G:$G,BOQ!$B27)*$G27 -> #VALUE! | AA27: =SUMIFS('[20]WorkDone DATA'!$L:$L,'[20]WorkDone DATA'!$N:$N,BOQ!AA$6,'[20]WorkDone DATA'!$G:$G,BOQ!$B27)*$G27 -> #VALUE! | AB27: =SUMIFS('[20]WorkDone DATA'!$L:$L,'[20]WorkDone DATA'!$N:$N,BOQ!AB$6,'[20]WorkDone DATA'!$G:$G,BOQ!$B27)*$G27 -> #VALUE! | AC27: =SUMIFS('[20]WorkDone DATA'!$L:$L,'[20]WorkDone DATA'!$N:$N,BOQ!AC$6,'[20]WorkDone DATA'!$G:$G,BOQ!$B27)*$G27 -> #VALUE! | AD27: =SUMIFS('[20]WorkDone DATA'!$L:$L,'[20]WorkDone DATA'!$N:$N,BOQ!AD$6,'[20]WorkDone DATA'!$G:$G,BOQ!$B27)*$G27 -> #VALUE! | AE27: =SUMIFS('[20]WorkDone DATA'!$L:$L,'[20]WorkDone DATA'!$N:$N,BOQ!AE$6,'[20]WorkDone DATA'!$G:$G,BOQ!$B27)*$G27 -> #VALUE! | AF27: =SUMIFS('[20]WorkDone DATA'!$L:$L,'[20]WorkDone DATA'!$N:$N,BOQ!AF$6,'[20]WorkDone DATA'!$G:$G,BOQ!$B27)*$G27 -> #VALUE! | AG27: =SUMIFS('[20]WorkDone DATA'!$L:$L,'[20]WorkDone DATA'!$N:$N,BOQ!AG$6,'[20]WorkDone DATA'!$G:$G,BOQ!$B27)*$G27 -> #VALUE! | AH27: =SUMIFS('[20]WorkDone DATA'!$L:$L,'[20]WorkDone DATA'!$N:$N,BOQ!AH$6,'[20]WorkDone DATA'!$G:$G,BOQ!$B27)*$G27 -> #VALUE! | ... BX27: =SUMIFS('[20]WorkDone DATA'!$L:$L,'[20]WorkDone DATA'!$N:$N,BOQ!BX$6,'[20]WorkDone DATA'!$G:$G,BOQ!$B27)*$G27 -> #VALUE!
A28: =C27 -> 630mm2 x 1core (CXX01XCV) 3.8kV/6.6kV | B28: 2.011 | C28: Supply | D28: E | E28: m | F28: 5000 | G28: 1820.02 | H28: =G28*F28 -> 9100100 | K28: =M28/G28 -> #VALUE! | L28: =SUMIF(R21:Y21,S21,R28:Y28) -> #VALUE! | M28: =SUMIF(R21:BX21,S21,R28:BX28) -> #VALUE! | O28: =F28-K28 -> #VALUE! | P28: =H28-M28 -> #VALUE! | R28: =SUMIFS('[20]WorkDone DATA'!$L:$L,'[20]WorkDone DATA'!$N:$N,BOQ!S$6,'[20]WorkDone DATA'!$G:$G,BOQ!$B28) -> #VALUE! | S28: =R28*G28 -> #VALUE! | T28: =SUMIFS('[20]WorkDone DATA'!$L:$L,'[20]WorkDone DATA'!$N:$N,BOQ!U$6,'[20]WorkDone DATA'!$G:$G,BOQ!$B28) -> #VALUE! | U28: =T28*G28 -> #VALUE! | W28: =SUMIFS('[20]WorkDone DATA'!$L:$L,'[20]WorkDone DATA'!$N:$N,BOQ!W$6,'[20]WorkDone DATA'!$G:$G,BOQ!$B28)*$G28 -> #VALUE! | Y28: =SUMIFS('[20]WorkDone DATA'!$L:$L,'[20]WorkDone DATA'!$N:$N,BOQ!Y$6,'[20]WorkDone DATA'!$G:$G,BOQ!$B28)*$G28 -> #VALUE! | AA28: =SUMIFS('[20]WorkDone DATA'!$L:$L,'[20]WorkDone DATA'!$N:$N,BOQ!AA$6,'[20]WorkDone DATA'!$G:$G,BOQ!$B28)*$G28 -> #VALUE! | AB28: =SUMIFS('[20]WorkDone DATA'!$L:$L,'[20]WorkDone DATA'!$N:$N,BOQ!AB$6,'[20]WorkDone DATA'!$G:$G,BOQ!$B28)*$G28 -> #VALUE! | AC28: =SUMIFS('[20]WorkDone DATA'!$L:$L,'[20]WorkDone DATA'!$N:$N,BOQ!AC$6,'[20]WorkDone DATA'!$G:$G,BOQ!$B28)*$G28 -> #VALUE! | AD28: =SUMIFS('[20]WorkDone DATA'!$L:$L,'[20]WorkDone DATA'!$N:$N,BOQ!AD$6,'[20]WorkDone DATA'!$G:$G,BOQ!$B28)*$G28 -> #VALUE! | AE28: =SUMIFS('[20]WorkDone DATA'!$L:$L,'[20]WorkDone DATA'!$N:$N,BOQ!AE$6,'[20]WorkDone DATA'!$G:$G,BOQ!$B28)*$G28 -> #VALUE! | AF28: =SUMIFS('[20]WorkDone DATA'!$L:$L,'[20]WorkDone DATA'!$N:$N,BOQ!AF$6,'[20]WorkDone DATA'!$G:$G,BOQ!$B28)*$G28 -> #VALUE! | AG28: =SUMIFS('[20]WorkDone DATA'!$L:$L,'[20]WorkDone DATA'!$N:$N,BOQ!AG$6,'[20]WorkDone DATA'!$G:$G,BOQ!$B28)*$G28 -> #VALUE! | AH28: =SUMIFS('[20]WorkDone DATA'!$L:$L,'[20]WorkDone DATA'!$N:$N,BOQ!AH$6,'[20]WorkDone DATA'!$G:$G,BOQ!$B28)*$G28 -> #VALUE! | ... BX28: =SUMIFS('[20]WorkDone DATA'!$L:$L,'[20]WorkDone DATA'!$N:$N,BOQ!BX$6,'[20]WorkDone DATA'!$G:$G,BOQ!$B28)*$G28 -> #VALUE!
A29: =C27 -> 630mm2 x 1core (CXX01XCV) 3.8kV/6.6kV | B29: 2.012 | C29: Installation | D29: A | E29: m | F29: 5000 | G29: 117.05 | H29: =G29*F29 -> 585250 | K29: =M29/G29 -> #VALUE! | L29: =SUMIF(R22:Y22,S22,R29:Y29) -> #VALUE! | M29: =SUMIF(R22:BX22,S22,R29:BX29) -> #VALUE! | O29: =F29-K29 -> #VALUE! | P29: =H29-M29 -> #VALUE! | R29: =SUMIFS('[20]WorkDone DATA'!$L:$L,'[20]WorkDone DATA'!$N:$N,BOQ!S$6,'[20]WorkDone DATA'!$G:$G,BOQ!$B29) -> #VALUE! | S29: =R29*G29 -> #VALUE! | T29: =SUMIFS('[20]WorkDone DATA'!$L:$L,'[20]WorkDone DATA'!$N:$N,BOQ!U$6,'[20]WorkDone DATA'!$G:$G,BOQ!$B29) -> #VALUE! | U29: =T29*G29 -> #VALUE! | W29: =SUMIFS('[20]WorkDone DATA'!$L:$L,'[20]WorkDone DATA'!$N:$N,BOQ!W$6,'[20]WorkDone DATA'!$G:$G,BOQ!$B29)*$G29 -> #VALUE! | Y29: =SUMIFS('[20]WorkDone DATA'!$L:$L,'[20]WorkDone DATA'!$N:$N,BOQ!Y$6,'[20]WorkDone DATA'!$G:$G,BOQ!$B29)*$G29 -> #VALUE! | AA29: =SUMIFS('[20]WorkDone DATA'!$L:$L,'[20]WorkDone DATA'!$N:$N,BOQ!AA$6,'[20]WorkDone DATA'!$G:$G,BOQ!$B29)*$G29 -> #VALUE! | AB29: =SUMIFS('[20]WorkDone DATA'!$L:$L,'[20]WorkDone DATA'!$N:$N,BOQ!AB$6,'[20]WorkDone DATA'!$G:$G,BOQ!$B29)*$G29 -> #VALUE! | AC29: =SUMIFS('[20]WorkDone DATA'!$L:$L,'[20]WorkDone DATA'!$N:$N,BOQ!AC$6,'[20]WorkDone DATA'!$G:$G,BOQ!$B29)*$G29 -> #VALUE! | AD29: =SUMIFS('[20]WorkDone DATA'!$L:$L,'[20]WorkDone DATA'!$N:$N,BOQ!AD$6,'[20]WorkDone DATA'!$G:$G,BOQ!$B29)*$G29 -> #VALUE! | AE29: =SUMIFS('[20]WorkDone DATA'!$L:$L,'[20]WorkDone DATA'!$N:$N,BOQ!AE$6,'[20]WorkDone DATA'!$G:$G,BOQ!$B29)*$G29 -> #VALUE! | AF29: =SUMIFS('[20]WorkDone DATA'!$L:$L,'[20]WorkDone DATA'!$N:$N,BOQ!AF$6,'[20]WorkDone DATA'!$G:$G,BOQ!$B29)*$G29 -> #VALUE! | AG29: =SUMIFS('[20]WorkDone DATA'!$L:$L,'[20]WorkDone DATA'!$N:$N,BOQ!AG$6,'[20]WorkDone DATA'!$G:$G,BOQ!$B29)*$G29 -> #VALUE! | AH29: =SUMIFS('[20]WorkDone DATA'!$L:$L,'[20]WorkDone DATA'!$N:$N,BOQ!AH$6,'[20]WorkDone DATA'!$G:$G,BOQ!$B29)*$G29 -> #VALUE! | ... BX29: =SUMIFS('[20]WorkDone DATA'!$L:$L,'[20]WorkDone DATA'!$N:$N,BOQ!BX$6,'[20]WorkDone DATA'!$G:$G,BOQ!$B29)*$G29 -> #VALUE!
C30: 120mm x 3 core (CXX03QCV) 3.8kV/6.6kV | H30: =G30*F30 -> 0 | L30: =SUMIF(R23:Y23,S23,R30:Y30) -> #VALUE! | M30: =SUMIF(R23:BX23,S23,R30:BX30) -> #VALUE! | O30: =F30-K30 -> 0 | P30: =H30-M30 -> #VALUE! | R30: =SUMIFS('[20]WorkDone DATA'!$L:$L,'[20]WorkDone DATA'!$N:$N,BOQ!S$6,'[20]WorkDone DATA'!$G:$G,BOQ!$B30) -> #VALUE! | S30: =R30*G30 -> #VALUE! | T30: =SUMIFS('[20]WorkDone DATA'!$L:$L,'[20]WorkDone DATA'!$N:$N,BOQ!U$6,'[20]WorkDone DATA'!$G:$G,BOQ!$B30) -> #VALUE! | U30: =T30*G30 -> #VALUE! | W30: =SUMIFS('[20]WorkDone DATA'!$L:$L,'[20]WorkDone DATA'!$N:$N,BOQ!W$6,'[20]WorkDone DATA'!$G:$G,BOQ!$B30)*$G30 -> #VALUE! | Y30: =SUMIFS('[20]WorkDone DATA'!$L:$L,'[20]WorkDone DATA'!$N:$N,BOQ!Y$6,'[20]WorkDone DATA'!$G:$G,BOQ!$B30)*$G30 -> #VALUE! | AA30: =SUMIFS('[20]WorkDone DATA'!$L:$L,'[20]WorkDone DATA'!$N:$N,BOQ!AA$6,'[20]WorkDone DATA'!$G:$G,BOQ!$B30)*$G30 -> #VALUE! | AB30: =SUMIFS('[20]WorkDone DATA'!$L:$L,'[20]WorkDone DATA'!$N:$N,BOQ!AB$6,'[20]WorkDone DATA'!$G:$G,BOQ!$B30)*$G30 -> #VALUE! | AC30: =SUMIFS('[20]WorkDone DATA'!$L:$L,'[20]WorkDone DATA'!$N:$N,BOQ!AC$6,'[20]WorkDone DATA'!$G:$G,BOQ!$B30)*$G30 -> #VALUE! | AD30: =SUMIFS('[20]WorkDone DATA'!$L:$L,'[20]WorkDone DATA'!$N:$N,BOQ!AD$6,'[20]WorkDone DATA'!$G:$G,BOQ!$B30)*$G30 -> #VALUE! | AE30: =SUMIFS('[20]WorkDone DATA'!$L:$L,'[20]WorkDone DATA'!$N:$N,BOQ!AE$6,'[20]WorkDone DATA'!$G:$G,BOQ!$B30)*$G30 -> #VALUE! | AF30: =SUMIFS('[20]WorkDone DATA'!$L:$L,'[20]WorkDone DATA'!$N:$N,BOQ!AF$6,'[20]WorkDone DATA'!$G:$G,BOQ!$B30)*$G30 -> #VALUE! | AG30: =SUMIFS('[20]WorkDone DATA'!$L:$L,'[20]WorkDone DATA'!$N:$N,BOQ!AG$6,'[20]WorkDone DATA'!$G:$G,BOQ!$B30)*$G30 -> #VALUE! | AH30: =SUMIFS('[20]WorkDone DATA'!$L:$L,'[20]WorkDone DATA'!$N:$N,BOQ!AH$6,'[20]WorkDone DATA'!$G:$G,BOQ!$B30)*$G30 -> #VALUE! | ... BX30: =SUMIFS('[20]WorkDone DATA'!$L:$L,'[20]WorkDone DATA'!$N:$N,BOQ!BX$6,'[20]WorkDone DATA'!$G:$G,BOQ!$B30)*$G30 -> #VALUE!
A31: =C30 -> 120mm x 3 core (CXX03QCV) 3.8kV/6.6kV | B31: 2.013 | C31: Supply | D31: E | E31: m | F31: 720 | G31: 1472.65 | H31: =G31*F31 -> 1060308 | K31: =M31/G31 -> #VALUE! | L31: =SUMIF(R24:Y24,S24,R31:Y31) -> #VALUE! | M31: =SUMIF(R24:BX24,S24,R31:BX31) -> #VALUE! | O31: =F31-K31 -> #VALUE! | P31: =H31-M31 -> #VALUE! | R31: =SUMIFS('[20]WorkDone DATA'!$L:$L,'[20]WorkDone DATA'!$N:$N,BOQ!S$6,'[20]WorkDone DATA'!$G:$G,BOQ!$B31) -> #VALUE! | S31: =R31*G31 -> #VALUE! | T31: =SUMIFS('[20]WorkDone DATA'!$L:$L,'[20]WorkDone DATA'!$N:$N,BOQ!U$6,'[20]WorkDone DATA'!$G:$G,BOQ!$B31) -> #VALUE! | U31: =T31*G31 -> #VALUE! | W31: =SUMIFS('[20]WorkDone DATA'!$L:$L,'[20]WorkDone DATA'!$N:$N,BOQ!W$6,'[20]WorkDone DATA'!$G:$G,BOQ!$B31)*$G31 -> #VALUE! | Y31: =SUMIFS('[20]WorkDone DATA'!$L:$L,'[20]WorkDone DATA'!$N:$N,BOQ!Y$6,'[20]WorkDone DATA'!$G:$G,BOQ!$B31)*$G31 -> #VALUE! | AA31: =SUMIFS('[20]WorkDone DATA'!$L:$L,'[20]WorkDone DATA'!$N:$N,BOQ!AA$6,'[20]WorkDone DATA'!$G:$G,BOQ!$B31)*$G31 -> #VALUE! | AB31: =SUMIFS('[20]WorkDone DATA'!$L:$L,'[20]WorkDone DATA'!$N:$N,BOQ!AB$6,'[20]WorkDone DATA'!$G:$G,BOQ!$B31)*$G31 -> #VALUE! | AC31: =SUMIFS('[20]WorkDone DATA'!$L:$L,'[20]WorkDone DATA'!$N:$N,BOQ!AC$6,'[20]WorkDone DATA'!$G:$G,BOQ!$B31)*$G31 -> #VALUE! | AD31: =SUMIFS('[20]WorkDone DATA'!$L:$L,'[20]WorkDone DATA'!$N:$N,BOQ!AD$6,'[20]WorkDone DATA'!$G:$G,BOQ!$B31)*$G31 -> #VALUE! | AE31: =SUMIFS('[20]WorkDone DATA'!$L:$L,'[20]WorkDone DATA'!$N:$N,BOQ!AE$6,'[20]WorkDone DATA'!$G:$G,BOQ!$B31)*$G31 -> #VALUE! | AF31: =SUMIFS('[20]WorkDone DATA'!$L:$L,'[20]WorkDone DATA'!$N:$N,BOQ!AF$6,'[20]WorkDone DATA'!$G:$G,BOQ!$B31)*$G31 -> #VALUE! | AG31: =SUMIFS('[20]WorkDone DATA'!$L:$L,'[20]WorkDone DATA'!$N:$N,BOQ!AG$6,'[20]WorkDone DATA'!$G:$G,BOQ!$B31)*$G31 -> #VALUE! | AH31: =SUMIFS('[20]WorkDone DATA'!$L:$L,'[20]WorkDone DATA'!$N:$N,BOQ!AH$6,'[20]WorkDone DATA'!$G:$G,BOQ!$B31)*$G31 -> #VALUE! | ... BX31: =SUMIFS('[20]WorkDone DATA'!$L:$L,'[20]WorkDone DATA'!$N:$N,BOQ!BX$6,'[20]WorkDone DATA'!$G:$G,BOQ!$B31)*$G31 -> #VALUE!
A32: =C30 -> 120mm x 3 core (CXX03QCV) 3.8kV/6.6kV | B32: 2.014 | C32: Installation | D32: A | E32: m | F32: 720 | G32: 73.47 | H32: =G32*F32 -> 52898.4 | K32: =M32/G32 -> #VALUE! | L32: =SUMIF(R25:Y25,S25,R32:Y32) -> #VALUE! | M32: =SUMIF(R25:BX25,S25,R32:BX32) -> #VALUE! | O32: =F32-K32 -> #VALUE! | P32: =H32-M32 -> #VALUE! | R32: =SUMIFS('[20]WorkDone DATA'!$L:$L,'[20]WorkDone DATA'!$N:$N,BOQ!S$6,'[20]WorkDone DATA'!$G:$G,BOQ!$B32) -> #VALUE! | S32: =R32*G32 -> #VALUE! | T32: =SUMIFS('[20]WorkDone DATA'!$L:$L,'[20]WorkDone DATA'!$N:$N,BOQ!U$6,'[20]WorkDone DATA'!$G:$G,BOQ!$B32) -> #VALUE! | U32: =T32*G32 -> #VALUE! | W32: =SUMIFS('[20]WorkDone DATA'!$L:$L,'[20]WorkDone DATA'!$N:$N,BOQ!W$6,'[20]WorkDone DATA'!$G:$G,BOQ!$B32)*$G32 -> #VALUE! | Y32: =SUMIFS('[20]WorkDone DATA'!$L:$L,'[20]WorkDone DATA'!$N:$N,BOQ!Y$6,'[20]WorkDone DATA'!$G:$G,BOQ!$B32)*$G32 -> #VALUE! | AA32: =SUMIFS('[20]WorkDone DATA'!$L:$L,'[20]WorkDone DATA'!$N:$N,BOQ!AA$6,'[20]WorkDone DATA'!$G:$G,BOQ!$B32)*$G32 -> #VALUE! | AB32: =SUMIFS('[20]WorkDone DATA'!$L:$L,'[20]WorkDone DATA'!$N:$N,BOQ!AB$6,'[20]WorkDone DATA'!$G:$G,BOQ!$B32)*$G32 -> #VALUE! | AC32: =SUMIFS('[20]WorkDone DATA'!$L:$L,'[20]WorkDone DATA'!$N:$N,BOQ!AC$6,'[20]WorkDone DATA'!$G:$G,BOQ!$B32)*$G32 -> #VALUE! | AD32: =SUMIFS('[20]WorkDone DATA'!$L:$L,'[20]WorkDone DATA'!$N:$N,BOQ!AD$6,'[20]WorkDone DATA'!$G:$G,BOQ!$B32)*$G32 -> #VALUE! | AE32: =SUMIFS('[20]WorkDone DATA'!$L:$L,'[20]WorkDone DATA'!$N:$N,BOQ!AE$6,'[20]WorkDone DATA'!$G:$G,BOQ!$B32)*$G32 -> #VALUE! | AF32: =SUMIFS('[20]WorkDone DATA'!$L:$L,'[20]WorkDone DATA'!$N:$N,BOQ!AF$6,'[20]WorkDone DATA'!$G:$G,BOQ!$B32)*$G32 -> #VALUE! | AG32: =SUMIFS('[20]WorkDone DATA'!$L:$L,'[20]WorkDone DATA'!$N:$N,BOQ!AG$6,'[20]WorkDone DATA'!$G:$G,BOQ!$B32)*$G32 -> #VALUE! | AH32: =SUMIFS('[20]WorkDone DATA'!$L:$L,'[20]WorkDone DATA'!$N:$N,BOQ!AH$6,'[20]WorkDone DATA'!$G:$G,BOQ!$B32)*$G32 -> #VALUE! | ... BX32: =SUMIFS('[20]WorkDone DATA'!$L:$L,'[20]WorkDone DATA'!$N:$N,BOQ!BX$6,'[20]WorkDone DATA'!$G:$G,BOQ!$B32)*$G32 -> #VALUE!
C33: 70mm2 x 3 core (CXX03NCV) 3.8kV/6.6kV | H33: =G33*F33 -> 0 | L33: =SUMIF(R26:Y26,S26,R33:Y33) -> #VALUE! | M33: =SUMIF(R26:BX26,S26,R33:BX33) -> #VALUE! | O33: =F33-K33 -> 0 | P33: =H33-M33 -> #VALUE! | R33: =SUMIFS('[20]WorkDone DATA'!$L:$L,'[20]WorkDone DATA'!$N:$N,BOQ!S$6,'[20]WorkDone DATA'!$G:$G,BOQ!$B33) -> #VALUE! | S33: =R33*G33 -> #VALUE! | T33: =SUMIFS('[20]WorkDone DATA'!$L:$L,'[20]WorkDone DATA'!$N:$N,BOQ!U$6,'[20]WorkDone DATA'!$G:$G,BOQ!$B33) -> #VALUE! | U33: =T33*G33 -> #VALUE! | W33: =SUMIFS('[20]WorkDone DATA'!$L:$L,'[20]WorkDone DATA'!$N:$N,BOQ!W$6,'[20]WorkDone DATA'!$G:$G,BOQ!$B33)*$G33 -> #VALUE! | Y33: =SUMIFS('[20]WorkDone DATA'!$L:$L,'[20]WorkDone DATA'!$N:$N,BOQ!Y$6,'[20]WorkDone DATA'!$G:$G,BOQ!$B33)*$G33 -> #VALUE! | AA33: =SUMIFS('[20]WorkDone DATA'!$L:$L,'[20]WorkDone DATA'!$N:$N,BOQ!AA$6,'[20]WorkDone DATA'!$G:$G,BOQ!$B33)*$G33 -> #VALUE! | AB33: =SUMIFS('[20]WorkDone DATA'!$L:$L,'[20]WorkDone DATA'!$N:$N,BOQ!AB$6,'[20]WorkDone DATA'!$G:$G,BOQ!$B33)*$G33 -> #VALUE! | AC33: =SUMIFS('[20]WorkDone DATA'!$L:$L,'[20]WorkDone DATA'!$N:$N,BOQ!AC$6,'[20]WorkDone DATA'!$G:$G,BOQ!$B33)*$G33 -> #VALUE! | AD33: =SUMIFS('[20]WorkDone DATA'!$L:$L,'[20]WorkDone DATA'!$N:$N,BOQ!AD$6,'[20]WorkDone DATA'!$G:$G,BOQ!$B33)*$G33 -> #VALUE! | AE33: =SUMIFS('[20]WorkDone DATA'!$L:$L,'[20]WorkDone DATA'!$N:$N,BOQ!AE$6,'[20]WorkDone DATA'!$G:$G,BOQ!$B33)*$G33 -> #VALUE! | AF33: =SUMIFS('[20]WorkDone DATA'!$L:$L,'[20]WorkDone DATA'!$N:$N,BOQ!AF$6,'[20]WorkDone DATA'!$G:$G,BOQ!$B33)*$G33 -> #VALUE! | AG33: =SUMIFS('[20]WorkDone DATA'!$L:$L,'[20]WorkDone DATA'!$N:$N,BOQ!AG$6,'[20]WorkDone DATA'!$G:$G,BOQ!$B33)*$G33 -> #VALUE! | AH33: =SUMIFS('[20]WorkDone DATA'!$L:$L,'[20]WorkDone DATA'!$N:$N,BOQ!AH$6,'[20]WorkDone DATA'!$G:$G,BOQ!$B33)*$G33 -> #VALUE! | ... BX33: =SUMIFS('[20]WorkDone DATA'!$L:$L,'[20]WorkDone DATA'!$N:$N,BOQ!BX$6,'[20]WorkDone DATA'!$G:$G,BOQ!$B33)*$G33 -> #VALUE!
A34: =C33 -> 70mm2 x 3 core (CXX03NCV) 3.8kV/6.6kV | B34: 2.015 | C34: Supply | D34: E | E34: m | F34: 2160 | G34: 860.35 | H34: =G34*F34 -> 1858356 | K34: =M34/G34 -> #VALUE! | L34: =SUMIF(R27:Y27,S27,R34:Y34) -> #VALUE! | M34: =SUMIF(R27:BX27,S27,R34:BX34) -> #VALUE! | O34: =F34-K34 -> #VALUE! | P34: =H34-M34 -> #VALUE! | R34: =SUMIFS('[20]WorkDone DATA'!$L:$L,'[20]WorkDone DATA'!$N:$N,BOQ!S$6,'[20]WorkDone DATA'!$G:$G,BOQ!$B34) -> #VALUE! | S34: =R34*G34 -> #VALUE! | T34: =SUMIFS('[20]WorkDone DATA'!$L:$L,'[20]WorkDone DATA'!$N:$N,BOQ!U$6,'[20]WorkDone DATA'!$G:$G,BOQ!$B34) -> #VALUE! | U34: =T34*G34 -> #VALUE! | W34: =SUMIFS('[20]WorkDone DATA'!$L:$L,'[20]WorkDone DATA'!$N:$N,BOQ!W$6,'[20]WorkDone DATA'!$G:$G,BOQ!$B34)*$G34 -> #VALUE! | Y34: =SUMIFS('[20]WorkDone DATA'!$L:$L,'[20]WorkDone DATA'!$N:$N,BOQ!Y$6,'[20]WorkDone DATA'!$G:$G,BOQ!$B34)*$G34 -> #VALUE! | AA34: =SUMIFS('[20]WorkDone DATA'!$L:$L,'[20]WorkDone DATA'!$N:$N,BOQ!AA$6,'[20]WorkDone DATA'!$G:$G,BOQ!$B34)*$G34 -> #VALUE! | AB34: =SUMIFS('[20]WorkDone DATA'!$L:$L,'[20]WorkDone DATA'!$N:$N,BOQ!AB$6,'[20]WorkDone DATA'!$G:$G,BOQ!$B34)*$G34 -> #VALUE! | AC34: =SUMIFS('[20]WorkDone DATA'!$L:$L,'[20]WorkDone DATA'!$N:$N,BOQ!AC$6,'[20]WorkDone DATA'!$G:$G,BOQ!$B34)*$G34 -> #VALUE! | AD34: =SUMIFS('[20]WorkDone DATA'!$L:$L,'[20]WorkDone DATA'!$N:$N,BOQ!AD$6,'[20]WorkDone DATA'!$G:$G,BOQ!$B34)*$G34 -> #VALUE! | AE34: =SUMIFS('[20]WorkDone DATA'!$L:$L,'[20]WorkDone DATA'!$N:$N,BOQ!AE$6,'[20]WorkDone DATA'!$G:$G,BOQ!$B34)*$G34 -> #VALUE! | AF34: =SUMIFS('[20]WorkDone DATA'!$L:$L,'[20]WorkDone DATA'!$N:$N,BOQ!AF$6,'[20]WorkDone DATA'!$G:$G,BOQ!$B34)*$G34 -> #VALUE! | AG34: =SUMIFS('[20]WorkDone DATA'!$L:$L,'[20]WorkDone DATA'!$N:$N,BOQ!AG$6,'[20]WorkDone DATA'!$G:$G,BOQ!$B34)*$G34 -> #VALUE! | AH34: =SUMIFS('[20]WorkDone DATA'!$L:$L,'[20]WorkDone DATA'!$N:$N,BOQ!AH$6,'[20]WorkDone DATA'!$G:$G,BOQ!$B34)*$G34 -> #VALUE! | ... BX34: =SUMIFS('[20]WorkDone DATA'!$L:$L,'[20]WorkDone DATA'!$N:$N,BOQ!BX$6,'[20]WorkDone DATA'!$G:$G,BOQ!$B34)*$G34 -> #VALUE!
A35: =C33 -> 70mm2 x 3 core (CXX03NCV) 3.8kV/6.6kV | B35: 2.016 | C35: Installation | D35: A | E35: m | F35: 2160 | G35: 64.61 | H35: =G35*F35 -> 139557.6 | K35: =M35/G35 -> #VALUE! | L35: =SUMIF(R28:Y28,S28,R35:Y35) -> #VALUE! | M35: =SUMIF(R28:BX28,S28,R35:BX35) -> #VALUE! | O35: =F35-K35 -> #VALUE! | P35: =H35-M35 -> #VALUE! | R35: =SUMIFS('[20]WorkDone DATA'!$L:$L,'[20]WorkDone DATA'!$N:$N,BOQ!S$6,'[20]WorkDone DATA'!$G:$G,BOQ!$B35) -> #VALUE! | S35: =R35*G35 -> #VALUE! | T35: =SUMIFS('[20]WorkDone DATA'!$L:$L,'[20]WorkDone DATA'!$N:$N,BOQ!U$6,'[20]WorkDone DATA'!$G:$G,BOQ!$B35) -> #VALUE! | U35: =T35*G35 -> #VALUE! | W35: =SUMIFS('[20]WorkDone DATA'!$L:$L,'[20]WorkDone DATA'!$N:$N,BOQ!W$6,'[20]WorkDone DATA'!$G:$G,BOQ!$B35)*$G35 -> #VALUE! | Y35: =SUMIFS('[20]WorkDone DATA'!$L:$L,'[20]WorkDone DATA'!$N:$N,BOQ!Y$6,'[20]WorkDone DATA'!$G:$G,BOQ!$B35)*$G35 -> #VALUE! | AA35: =SUMIFS('[20]WorkDone DATA'!$L:$L,'[20]WorkDone DATA'!$N:$N,BOQ!AA$6,'[20]WorkDone DATA'!$G:$G,BOQ!$B35)*$G35 -> #VALUE! | AB35: =SUMIFS('[20]WorkDone DATA'!$L:$L,'[20]WorkDone DATA'!$N:$N,BOQ!AB$6,'[20]WorkDone DATA'!$G:$G,BOQ!$B35)*$G35 -> #VALUE! | AC35: =SUMIFS('[20]WorkDone DATA'!$L:$L,'[20]WorkDone DATA'!$N:$N,BOQ!AC$6,'[20]WorkDone DATA'!$G:$G,BOQ!$B35)*$G35 -> #VALUE! | AD35: =SUMIFS('[20]WorkDone DATA'!$L:$L,'[20]WorkDone DATA'!$N:$N,BOQ!AD$6,'[20]WorkDone DATA'!$G:$G,BOQ!$B35)*$G35 -> #VALUE! | AE35: =SUMIFS('[20]WorkDone DATA'!$L:$L,'[20]WorkDone DATA'!$N:$N,BOQ!AE$6,'[20]WorkDone DATA'!$G:$G,BOQ!$B35)*$G35 -> #VALUE! | AF35: =SUMIFS('[20]WorkDone DATA'!$L:$L,'[20]WorkDone DATA'!$N:$N,BOQ!AF$6,'[20]WorkDone DATA'!$G:$G,BOQ!$B35)*$G35 -> #VALUE! | AG35: =SUMIFS('[20]WorkDone DATA'!$L:$L,'[20]WorkDone DATA'!$N:$N,BOQ!AG$6,'[20]WorkDone DATA'!$G:$G,BOQ!$B35)*$G35 -> #VALUE! | AH35: =SUMIFS('[20]WorkDone DATA'!$L:$L,'[20]WorkDone DATA'!$N:$N,BOQ!AH$6,'[20]WorkDone DATA'!$G:$G,BOQ!$B35)*$G35 -> #VALUE! | ... BX35: =SUMIFS('[20]WorkDone DATA'!$L:$L,'[20]WorkDone DATA'!$N:$N,BOQ!BX$6,'[20]WorkDone DATA'!$G:$G,BOQ!$B35)*$G35 -> #VALUE!
C36: 240mm2 x 3 core (CXX03TCV) 3.8kV/6.6kV | H36: =G36*F36 -> 0 | L36: =SUMIF(R29:Y29,S29,R36:Y36) -> #VALUE! | M36: =SUMIF(R29:BX29,S29,R36:BX36) -> #VALUE! | O36: =F36-K36 -> 0 | P36: =H36-M36 -> #VALUE! | R36: =SUMIFS('[20]WorkDone DATA'!$L:$L,'[20]WorkDone DATA'!$N:$N,BOQ!S$6,'[20]WorkDone DATA'!$G:$G,BOQ!$B36) -> #VALUE! | S36: =R36*G36 -> #VALUE! | T36: =SUMIFS('[20]WorkDone DATA'!$L:$L,'[20]WorkDone DATA'!$N:$N,BOQ!U$6,'[20]WorkDone DATA'!$G:$G,BOQ!$B36) -> #VALUE! | U36: =T36*G36 -> #VALUE! | W36: =SUMIFS('[20]WorkDone DATA'!$L:$L,'[20]WorkDone DATA'!$N:$N,BOQ!W$6,'[20]WorkDone DATA'!$G:$G,BOQ!$B36)*$G36 -> #VALUE! | Y36: =SUMIFS('[20]WorkDone DATA'!$L:$L,'[20]WorkDone DATA'!$N:$N,BOQ!Y$6,'[20]WorkDone DATA'!$G:$G,BOQ!$B36)*$G36 -> #VALUE! | AA36: =SUMIFS('[20]WorkDone DATA'!$L:$L,'[20]WorkDone DATA'!$N:$N,BOQ!AA$6,'[20]WorkDone DATA'!$G:$G,BOQ!$B36)*$G36 -> #VALUE! | AB36: =SUMIFS('[20]WorkDone DATA'!$L:$L,'[20]WorkDone DATA'!$N:$N,BOQ!AB$6,'[20]WorkDone DATA'!$G:$G,BOQ!$B36)*$G36 -> #VALUE! | AC36: =SUMIFS('[20]WorkDone DATA'!$L:$L,'[20]WorkDone DATA'!$N:$N,BOQ!AC$6,'[20]WorkDone DATA'!$G:$G,BOQ!$B36)*$G36 -> #VALUE! | AD36: =SUMIFS('[20]WorkDone DATA'!$L:$L,'[20]WorkDone DATA'!$N:$N,BOQ!AD$6,'[20]WorkDone DATA'!$G:$G,BOQ!$B36)*$G36 -> #VALUE! | AE36: =SUMIFS('[20]WorkDone DATA'!$L:$L,'[20]WorkDone DATA'!$N:$N,BOQ!AE$6,'[20]WorkDone DATA'!$G:$G,BOQ!$B36)*$G36 -> #VALUE! | AF36: =SUMIFS('[20]WorkDone DATA'!$L:$L,'[20]WorkDone DATA'!$N:$N,BOQ!AF$6,'[20]WorkDone DATA'!$G:$G,BOQ!$B36)*$G36 -> #VALUE! | AG36: =SUMIFS('[20]WorkDone DATA'!$L:$L,'[20]WorkDone DATA'!$N:$N,BOQ!AG$6,'[20]WorkDone DATA'!$G:$G,BOQ!$B36)*$G36 -> #VALUE! | AH36: =SUMIFS('[20]WorkDone DATA'!$L:$L,'[20]WorkDone DATA'!$N:$N,BOQ!AH$6,'[20]WorkDone DATA'!$G:$G,BOQ!$B36)*$G36 -> #VALUE! | ... BX36: =SUMIFS('[20]WorkDone DATA'!$L:$L,'[20]WorkDone DATA'!$N:$N,BOQ!BX$6,'[20]WorkDone DATA'!$G:$G,BOQ!$B36)*$G36 -> #VALUE!
A37: =C36 -> 240mm2 x 3 core (CXX03TCV) 3.8kV/6.6kV | B37: 2.017 | C37: Supply | D37: E | E37: m | F37: 1080 | G37: 2399.34 | H37: =G37*F37 -> 2591287.2 | K37: =M37/G37 -> #VALUE! | L37: =SUMIF(R30:Y30,S30,R37:Y37) -> #VALUE! | M37: =SUMIF(R30:BX30,S30,R37:BX37) -> #VALUE! | O37: =F37-K37 -> #VALUE! | P37: =H37-M37 -> #VALUE! | R37: =SUMIFS('[20]WorkDone DATA'!$L:$L,'[20]WorkDone DATA'!$N:$N,BOQ!S$6,'[20]WorkDone DATA'!$G:$G,BOQ!$B37) -> #VALUE! | S37: =R37*G37 -> #VALUE! | T37: =SUMIFS('[20]WorkDone DATA'!$L:$L,'[20]WorkDone DATA'!$N:$N,BOQ!U$6,'[20]WorkDone DATA'!$G:$G,BOQ!$B37) -> #VALUE! | U37: =T37*G37 -> #VALUE! | W37: =SUMIFS('[20]WorkDone DATA'!$L:$L,'[20]WorkDone DATA'!$N:$N,BOQ!W$6,'[20]WorkDone DATA'!$G:$G,BOQ!$B37)*$G37 -> #VALUE! | Y37: =SUMIFS('[20]WorkDone DATA'!$L:$L,'[20]WorkDone DATA'!$N:$N,BOQ!Y$6,'[20]WorkDone DATA'!$G:$G,BOQ!$B37)*$G37 -> #VALUE! | AA37: =SUMIFS('[20]WorkDone DATA'!$L:$L,'[20]WorkDone DATA'!$N:$N,BOQ!AA$6,'[20]WorkDone DATA'!$G:$G,BOQ!$B37)*$G37 -> #VALUE! | AB37: =SUMIFS('[20]WorkDone DATA'!$L:$L,'[20]WorkDone DATA'!$N:$N,BOQ!AB$6,'[20]WorkDone DATA'!$G:$G,BOQ!$B37)*$G37 -> #VALUE! | AC37: =SUMIFS('[20]WorkDone DATA'!$L:$L,'[20]WorkDone DATA'!$N:$N,BOQ!AC$6,'[20]WorkDone DATA'!$G:$G,BOQ!$B37)*$G37 -> #VALUE! | AD37: =SUMIFS('[20]WorkDone DATA'!$L:$L,'[20]WorkDone DATA'!$N:$N,BOQ!AD$6,'[20]WorkDone DATA'!$G:$G,BOQ!$B37)*$G37 -> #VALUE! | AE37: =SUMIFS('[20]WorkDone DATA'!$L:$L,'[20]WorkDone DATA'!$N:$N,BOQ!AE$6,'[20]WorkDone DATA'!$G:$G,BOQ!$B37)*$G37 -> #VALUE! | AF37: =SUMIFS('[20]WorkDone DATA'!$L:$L,'[20]WorkDone DATA'!$N:$N,BOQ!AF$6,'[20]WorkDone DATA'!$G:$G,BOQ!$B37)*$G37 -> #VALUE! | AG37: =SUMIFS('[20]WorkDone DATA'!$L:$L,'[20]WorkDone DATA'!$N:$N,BOQ!AG$6,'[20]WorkDone DATA'!$G:$G,BOQ!$B37)*$G37 -> #VALUE! | AH37: =SUMIFS('[20]WorkDone DATA'!$L:$L,'[20]WorkDone DATA'!$N:$N,BOQ!AH$6,'[20]WorkDone DATA'!$G:$G,BOQ!$B37)*$G37 -> #VALUE! | ... BX37: =SUMIFS('[20]WorkDone DATA'!$L:$L,'[20]WorkDone DATA'!$N:$N,BOQ!BX$6,'[20]WorkDone DATA'!$G:$G,BOQ!$B37)*$G37 -> #VALUE!
A38: =C36 -> 240mm2 x 3 core (CXX03TCV) 3.8kV/6.6kV | B38: 2.018 | C38: Installation | D38: A | E38: m | F38: 1080 | G38: 167.14 | H38: =G38*F38 -> 180511.2 | K38: =M38/G38 -> #VALUE! | L38: =SUMIF(R31:Y31,S31,R38:Y38) -> #VALUE! | M38: =SUMIF(R31:BX31,S31,R38:BX38) -> #VALUE! | O38: =F38-K38 -> #VALUE! | P38: =H38-M38 -> #VALUE! | R38: =SUMIFS('[20]WorkDone DATA'!$L:$L,'[20]WorkDone DATA'!$N:$N,BOQ!S$6,'[20]WorkDone DATA'!$G:$G,BOQ!$B38) -> #VALUE! | S38: =R38*G38 -> #VALUE! | T38: =SUMIFS('[20]WorkDone DATA'!$L:$L,'[20]WorkDone DATA'!$N:$N,BOQ!U$6,'[20]WorkDone DATA'!$G:$G,BOQ!$B38) -> #VALUE! | U38: =T38*G38 -> #VALUE! | W38: =SUMIFS('[20]WorkDone DATA'!$L:$L,'[20]WorkDone DATA'!$N:$N,BOQ!W$6,'[20]WorkDone DATA'!$G:$G,BOQ!$B38)*$G38 -> #VALUE! | Y38: =SUMIFS('[20]WorkDone DATA'!$L:$L,'[20]WorkDone DATA'!$N:$N,BOQ!Y$6,'[20]WorkDone DATA'!$G:$G,BOQ!$B38)*$G38 -> #VALUE! | AA38: =SUMIFS('[20]WorkDone DATA'!$L:$L,'[20]WorkDone DATA'!$N:$N,BOQ!AA$6,'[20]WorkDone DATA'!$G:$G,BOQ!$B38)*$G38 -> #VALUE! | AB38: =SUMIFS('[20]WorkDone DATA'!$L:$L,'[20]WorkDone DATA'!$N:$N,BOQ!AB$6,'[20]WorkDone DATA'!$G:$G,BOQ!$B38)*$G38 -> #VALUE! | AC38: =SUMIFS('[20]WorkDone DATA'!$L:$L,'[20]WorkDone DATA'!$N:$N,BOQ!AC$6,'[20]WorkDone DATA'!$G:$G,BOQ!$B38)*$G38 -> #VALUE! | AD38: =SUMIFS('[20]WorkDone DATA'!$L:$L,'[20]WorkDone DATA'!$N:$N,BOQ!AD$6,'[20]WorkDone DATA'!$G:$G,BOQ!$B38)*$G38 -> #VALUE! | AE38: =SUMIFS('[20]WorkDone DATA'!$L:$L,'[20]WorkDone DATA'!$N:$N,BOQ!AE$6,'[20]WorkDone DATA'!$G:$G,BOQ!$B38)*$G38 -> #VALUE! | AF38: =SUMIFS('[20]WorkDone DATA'!$L:$L,'[20]WorkDone DATA'!$N:$N,BOQ!AF$6,'[20]WorkDone DATA'!$G:$G,BOQ!$B38)*$G38 -> #VALUE! | AG38: =SUMIFS('[20]WorkDone DATA'!$L:$L,'[20]WorkDone DATA'!$N:$N,BOQ!AG$6,'[20]WorkDone DATA'!$G:$G,BOQ!$B38)*$G38 -> #VALUE! | AH38: =SUMIFS('[20]WorkDone DATA'!$L:$L,'[20]WorkDone DATA'!$N:$N,BOQ!AH$6,'[20]WorkDone DATA'!$G:$G,BOQ!$B38)*$G38 -> #VALUE! | ... BX38: =SUMIFS('[20]WorkDone DATA'!$L:$L,'[20]WorkDone DATA'!$N:$N,BOQ!BX$6,'[20]WorkDone DATA'!$G:$G,BOQ!$B38)*$G38 -> #VALUE!
H39: =G39*F39 -> 0 | L39: =SUMIF(R32:Y32,S32,R39:Y39) -> #VALUE! | M39: =SUMIF(R32:BX32,S32,R39:BX39) -> #VALUE! | O39: =F39-K39 -> 0 | P39: =H39-M39 -> #VALUE! | R39: =SUMIFS('[20]WorkDone DATA'!$L:$L,'[20]WorkDone DATA'!$N:$N,BOQ!S$6,'[20]WorkDone DATA'!$G:$G,BOQ!$B39) -> #VALUE! | S39: =R39*G39 -> #VALUE! | T39: =SUMIFS('[20]WorkDone DATA'!$L:$L,'[20]WorkDone DATA'!$N:$N,BOQ!U$6,'[20]WorkDone DATA'!$G:$G,BOQ!$B39) -> #VALUE! | U39: =T39*G39 -> #VALUE! | W39: =SUMIFS('[20]WorkDone DATA'!$L:$L,'[20]WorkDone DATA'!$N:$N,BOQ!W$6,'[20]WorkDone DATA'!$G:$G,BOQ!$B39)*$G39 -> #VALUE! | Y39: =SUMIFS('[20]WorkDone DATA'!$L:$L,'[20]WorkDone DATA'!$N:$N,BOQ!Y$6,'[20]WorkDone DATA'!$G:$G,BOQ!$B39)*$G39 -> #VALUE! | AA39: =SUMIFS('[20]WorkDone DATA'!$L:$L,'[20]WorkDone DATA'!$N:$N,BOQ!AA$6,'[20]WorkDone DATA'!$G:$G,BOQ!$B39)*$G39 -> #VALUE! | AB39: =SUMIFS('[20]WorkDone DATA'!$L:$L,'[20]WorkDone DATA'!$N:$N,BOQ!AB$6,'[20]WorkDone DATA'!$G:$G,BOQ!$B39)*$G39 -> #VALUE! | AC39: =SUMIFS('[20]WorkDone DATA'!$L:$L,'[20]WorkDone DATA'!$N:$N,BOQ!AC$6,'[20]WorkDone DATA'!$G:$G,BOQ!$B39)*$G39 -> #VALUE! | AD39: =SUMIFS('[20]WorkDone DATA'!$L:$L,'[20]WorkDone DATA'!$N:$N,BOQ!AD$6,'[20]WorkDone DATA'!$G:$G,BOQ!$B39)*$G39 -> #VALUE! | AE39: =SUMIFS('[20]WorkDone DATA'!$L:$L,'[20]WorkDone DATA'!$N:$N,BOQ!AE$6,'[20]WorkDone DATA'!$G:$G,BOQ!$B39)*$G39 -> #VALUE! | AF39: =SUMIFS('[20]WorkDone DATA'!$L:$L,'[20]WorkDone DATA'!$N:$N,BOQ!AF$6,'[20]WorkDone DATA'!$G:$G,BOQ!$B39)*$G39 -> #VALUE! | AG39: =SUMIFS('[20]WorkDone DATA'!$L:$L,'[20]WorkDone DATA'!$N:$N,BOQ!AG$6,'[20]WorkDone DATA'!$G:$G,BOQ!$B39)*$G39 -> #VALUE! | AH39: =SUMIFS('[20]WorkDone DATA'!$L:$L,'[20]WorkDone DATA'!$N:$N,BOQ!AH$6,'[20]WorkDone DATA'!$G:$G,BOQ!$B39)*$G39 -> #VALUE! | ... BX39: =SUMIFS('[20]WorkDone DATA'!$L:$L,'[20]WorkDone DATA'!$N:$N,BOQ!BX$6,'[20]WorkDone DATA'!$G:$G,BOQ!$B39)*$G39 -> #VALUE!
C40: Sub-Total for per unit | H40: =G40*F40 -> 0 | L40: =SUMIF(R33:Y33,S33,R40:Y40) -> #VALUE! | M40: =SUMIF(R33:BX33,S33,R40:BX40) -> #VALUE! | O40: =F40-K40 -> 0 | P40: =H40-M40 -> #VALUE! | R40: =SUMIFS('[20]WorkDone DATA'!$L:$L,'[20]WorkDone DATA'!$N:$N,BOQ!S$6,'[20]WorkDone DATA'!$G:$G,BOQ!$B40) -> #VALUE! | S40: =R40*G40 -> #VALUE! | T40: =SUMIFS('[20]WorkDone DATA'!$L:$L,'[20]WorkDone DATA'!$N:$N,BOQ!U$6,'[20]WorkDone DATA'!$G:$G,BOQ!$B40) -> #VALUE! | U40: =T40*G40 -> #VALUE! | W40: =SUMIFS('[20]WorkDone DATA'!$L:$L,'[20]WorkDone DATA'!$N:$N,BOQ!W$6,'[20]WorkDone DATA'!$G:$G,BOQ!$B40)*$G40 -> #VALUE! | Y40: =SUMIFS('[20]WorkDone DATA'!$L:$L,'[20]WorkDone DATA'!$N:$N,BOQ!Y$6,'[20]WorkDone DATA'!$G:$G,BOQ!$B40)*$G40 -> #VALUE! | AA40: =SUMIFS('[20]WorkDone DATA'!$L:$L,'[20]WorkDone DATA'!$N:$N,BOQ!AA$6,'[20]WorkDone DATA'!$G:$G,BOQ!$B40)*$G40 -> #VALUE! | AB40: =SUMIFS('[20]WorkDone DATA'!$L:$L,'[20]WorkDone DATA'!$N:$N,BOQ!AB$6,'[20]WorkDone DATA'!$G:$G,BOQ!$B40)*$G40 -> #VALUE! | AC40: =SUMIFS('[20]WorkDone DATA'!$L:$L,'[20]WorkDone DATA'!$N:$N,BOQ!AC$6,'[20]WorkDone DATA'!$G:$G,BOQ!$B40)*$G40 -> #VALUE! | AD40: =SUMIFS('[20]WorkDone DATA'!$L:$L,'[20]WorkDone DATA'!$N:$N,BOQ!AD$6,'[20]WorkDone DATA'!$G:$G,BOQ!$B40)*$G40 -> #VALUE! | AE40: =SUMIFS('[20]WorkDone DATA'!$L:$L,'[20]WorkDone DATA'!$N:$N,BOQ!AE$6,'[20]WorkDone DATA'!$G:$G,BOQ!$B40)*$G40 -> #VALUE! | AF40: =SUMIFS('[20]WorkDone DATA'!$L:$L,'[20]WorkDone DATA'!$N:$N,BOQ!AF$6,'[20]WorkDone DATA'!$G:$G,BOQ!$B40)*$G40 -> #VALUE! | AG40: =SUMIFS('[20]WorkDone DATA'!$L:$L,'[20]WorkDone DATA'!$N:$N,BOQ!AG$6,'[20]WorkDone DATA'!$G:$G,BOQ!$B40)*$G40 -> #VALUE! | AH40: =SUMIFS('[20]WorkDone DATA'!$L:$L,'[20]WorkDone DATA'!$N:$N,BOQ!AH$6,'[20]WorkDone DATA'!$G:$G,BOQ!$B40)*$G40 -> #VALUE! | ... BX40: =SUMIFS('[20]WorkDone DATA'!$L:$L,'[20]WorkDone DATA'!$N:$N,BOQ!BX$6,'[20]WorkDone DATA'!$G:$G,BOQ!$B40)*$G40 -> #VALUE!
H41: =G41*F41 -> 0 | L41: =SUMIF(R34:Y34,S34,R41:Y41) -> #VALUE! | M41: =SUMIF(R34:BX34,S34,R41:BX41) -> #VALUE! | O41: =F41-K41 -> 0 | P41: =H41-M41 -> #VALUE! | R41: =SUMIFS('[20]WorkDone DATA'!$L:$L,'[20]WorkDone DATA'!$N:$N,BOQ!S$6,'[20]WorkDone DATA'!$G:$G,BOQ!$B41) -> #VALUE! | S41: =R41*G41 -> #VALUE! | T41: =SUMIFS('[20]WorkDone DATA'!$L:$L,'[20]WorkDone DATA'!$N:$N,BOQ!U$6,'[20]WorkDone DATA'!$G:$G,BOQ!$B41) -> #VALUE! | U41: =T41*G41 -> #VALUE! | W41: =SUMIFS('[20]WorkDone DATA'!$L:$L,'[20]WorkDone DATA'!$N:$N,BOQ!W$6,'[20]WorkDone DATA'!$G:$G,BOQ!$B41)*$G41 -> #VALUE! | Y41: =SUMIFS('[20]WorkDone DATA'!$L:$L,'[20]WorkDone DATA'!$N:$N,BOQ!Y$6,'[20]WorkDone DATA'!$G:$G,BOQ!$B41)*$G41 -> #VALUE! | AA41: =SUMIFS('[20]WorkDone DATA'!$L:$L,'[20]WorkDone DATA'!$N:$N,BOQ!AA$6,'[20]WorkDone DATA'!$G:$G,BOQ!$B41)*$G41 -> #VALUE! | AB41: =SUMIFS('[20]WorkDone DATA'!$L:$L,'[20]WorkDone DATA'!$N:$N,BOQ!AB$6,'[20]WorkDone DATA'!$G:$G,BOQ!$B41)*$G41 -> #VALUE! | AC41: =SUMIFS('[20]WorkDone DATA'!$L:$L,'[20]WorkDone DATA'!$N:$N,BOQ!AC$6,'[20]WorkDone DATA'!$G:$G,BOQ!$B41)*$G41 -> #VALUE! | AD41: =SUMIFS('[20]WorkDone DATA'!$L:$L,'[20]WorkDone DATA'!$N:$N,BOQ!AD$6,'[20]WorkDone DATA'!$G:$G,BOQ!$B41)*$G41 -> #VALUE! | AE41: =SUMIFS('[20]WorkDone DATA'!$L:$L,'[20]WorkDone DATA'!$N:$N,BOQ!AE$6,'[20]WorkDone DATA'!$G:$G,BOQ!$B41)*$G41 -> #VALUE! | AF41: =SUMIFS('[20]WorkDone DATA'!$L:$L,'[20]WorkDone DATA'!$N:$N,BOQ!AF$6,'[20]WorkDone DATA'!$G:$G,BOQ!$B41)*$G41 -> #VALUE! | AG41: =SUMIFS('[20]WorkDone DATA'!$L:$L,'[20]WorkDone DATA'!$N:$N,BOQ!AG$6,'[20]WorkDone DATA'!$G:$G,BOQ!$B41)*$G41 -> #VALUE! | AH41: =SUMIFS('[20]WorkDone DATA'!$L:$L,'[20]WorkDone DATA'!$N:$N,BOQ!AH$6,'[20]WorkDone DATA'!$G:$G,BOQ!$B41)*$G41 -> #VALUE! | ... BX41: =SUMIFS('[20]WorkDone DATA'!$L:$L,'[20]WorkDone DATA'!$N:$N,BOQ!BX$6,'[20]WorkDone DATA'!$G:$G,BOQ!$B41)*$G41 -> #VALUE!
C42: TERMINATION | H42: =G42*F42 -> 0 | L42: =SUMIF(R35:Y35,S35,R42:Y42) -> #VALUE! | M42: =SUMIF(R35:BX35,S35,R42:BX42) -> #VALUE! | O42: =F42-K42 -> 0 | P42: =H42-M42 -> #VALUE! | R42: =SUMIFS('[20]WorkDone DATA'!$L:$L,'[20]WorkDone DATA'!$N:$N,BOQ!S$6,'[20]WorkDone DATA'!$G:$G,BOQ!$B42) -> #VALUE! | S42: =R42*G42 -> #VALUE! | T42: =SUMIFS('[20]WorkDone DATA'!$L:$L,'[20]WorkDone DATA'!$N:$N,BOQ!U$6,'[20]WorkDone DATA'!$G:$G,BOQ!$B42) -> #VALUE! | U42: =T42*G42 -> #VALUE! | W42: =SUMIFS('[20]WorkDone DATA'!$L:$L,'[20]WorkDone DATA'!$N:$N,BOQ!W$6,'[20]WorkDone DATA'!$G:$G,BOQ!$B42)*$G42 -> #VALUE! | Y42: =SUMIFS('[20]WorkDone DATA'!$L:$L,'[20]WorkDone DATA'!$N:$N,BOQ!Y$6,'[20]WorkDone DATA'!$G:$G,BOQ!$B42)*$G42 -> #VALUE! | AA42: =SUMIFS('[20]WorkDone DATA'!$L:$L,'[20]WorkDone DATA'!$N:$N,BOQ!AA$6,'[20]WorkDone DATA'!$G:$G,BOQ!$B42)*$G42 -> #VALUE! | AB42: =SUMIFS('[20]WorkDone DATA'!$L:$L,'[20]WorkDone DATA'!$N:$N,BOQ!AB$6,'[20]WorkDone DATA'!$G:$G,BOQ!$B42)*$G42 -> #VALUE! | AC42: =SUMIFS('[20]WorkDone DATA'!$L:$L,'[20]WorkDone DATA'!$N:$N,BOQ!AC$6,'[20]WorkDone DATA'!$G:$G,BOQ!$B42)*$G42 -> #VALUE! | AD42: =SUMIFS('[20]WorkDone DATA'!$L:$L,'[20]WorkDone DATA'!$N:$N,BOQ!AD$6,'[20]WorkDone DATA'!$G:$G,BOQ!$B42)*$G42 -> #VALUE! | AE42: =SUMIFS('[20]WorkDone DATA'!$L:$L,'[20]WorkDone DATA'!$N:$N,BOQ!AE$6,'[20]WorkDone DATA'!$G:$G,BOQ!$B42)*$G42 -> #VALUE! | AF42: =SUMIFS('[20]WorkDone DATA'!$L:$L,'[20]WorkDone DATA'!$N:$N,BOQ!AF$6,'[20]WorkDone DATA'!$G:$G,BOQ!$B42)*$G42 -> #VALUE! | AG42: =SUMIFS('[20]WorkDone DATA'!$L:$L,'[20]WorkDone DATA'!$N:$N,BOQ!AG$6,'[20]WorkDone DATA'!$G:$G,BOQ!$B42)*$G42 -> #VALUE! | AH42: =SUMIFS('[20]WorkDone DATA'!$L:$L,'[20]WorkDone DATA'!$N:$N,BOQ!AH$6,'[20]WorkDone DATA'!$G:$G,BOQ!$B42)*$G42 -> #VALUE! | ... BX42: =SUMIFS('[20]WorkDone DATA'!$L:$L,'[20]WorkDone DATA'!$N:$N,BOQ!BX$6,'[20]WorkDone DATA'!$G:$G,BOQ!$B42)*$G42 -> #VALUE!
C43: Termination complete, for 3.3kV and 11KV XLPE indoor complete with earthing 650mm tails and Glands where require | H43: =G43*F43 -> 0 | L43: =SUMIF(R36:Y36,S36,R43:Y43) -> #VALUE! | M43: =SUMIF(R36:BX36,S36,R43:BX43) -> #VALUE! | O43: =F43-K43 -> 0 | P43: =H43-M43 -> #VALUE! | R43: =SUMIFS('[20]WorkDone DATA'!$L:$L,'[20]WorkDone DATA'!$N:$N,BOQ!S$6,'[20]WorkDone DATA'!$G:$G,BOQ!$B43) -> #VALUE! | S43: =R43*G43 -> #VALUE! | T43: =SUMIFS('[20]WorkDone DATA'!$L:$L,'[20]WorkDone DATA'!$N:$N,BOQ!U$6,'[20]WorkDone DATA'!$G:$G,BOQ!$B43) -> #VALUE! | U43: =T43*G43 -> #VALUE! | W43: =SUMIFS('[20]WorkDone DATA'!$L:$L,'[20]WorkDone DATA'!$N:$N,BOQ!W$6,'[20]WorkDone DATA'!$G:$G,BOQ!$B43)*$G43 -> #VALUE! | Y43: =SUMIFS('[20]WorkDone DATA'!$L:$L,'[20]WorkDone DATA'!$N:$N,BOQ!Y$6,'[20]WorkDone DATA'!$G:$G,BOQ!$B43)*$G43 -> #VALUE! | AA43: =SUMIFS('[20]WorkDone DATA'!$L:$L,'[20]WorkDone DATA'!$N:$N,BOQ!AA$6,'[20]WorkDone DATA'!$G:$G,BOQ!$B43)*$G43 -> #VALUE! | AB43: =SUMIFS('[20]WorkDone DATA'!$L:$L,'[20]WorkDone DATA'!$N:$N,BOQ!AB$6,'[20]WorkDone DATA'!$G:$G,BOQ!$B43)*$G43 -> #VALUE! | AC43: =SUMIFS('[20]WorkDone DATA'!$L:$L,'[20]WorkDone DATA'!$N:$N,BOQ!AC$6,'[20]WorkDone DATA'!$G:$G,BOQ!$B43)*$G43 -> #VALUE! | AD43: =SUMIFS('[20]WorkDone DATA'!$L:$L,'[20]WorkDone DATA'!$N:$N,BOQ!AD$6,'[20]WorkDone DATA'!$G:$G,BOQ!$B43)*$G43 -> #VALUE! | AE43: =SUMIFS('[20]WorkDone DATA'!$L:$L,'[20]WorkDone DATA'!$N:$N,BOQ!AE$6,'[20]WorkDone DATA'!$G:$G,BOQ!$B43)*$G43 -> #VALUE! | AF43: =SUMIFS('[20]WorkDone DATA'!$L:$L,'[20]WorkDone DATA'!$N:$N,BOQ!AF$6,'[20]WorkDone DATA'!$G:$G,BOQ!$B43)*$G43 -> #VALUE! | AG43: =SUMIFS('[20]WorkDone DATA'!$L:$L,'[20]WorkDone DATA'!$N:$N,BOQ!AG$6,'[20]WorkDone DATA'!$G:$G,BOQ!$B43)*$G43 -> #VALUE! | AH43: =SUMIFS('[20]WorkDone DATA'!$L:$L,'[20]WorkDone DATA'!$N:$N,BOQ!AH$6,'[20]WorkDone DATA'!$G:$G,BOQ!$B43)*$G43 -> #VALUE! | ... BX43: =SUMIFS('[20]WorkDone DATA'!$L:$L,'[20]WorkDone DATA'!$N:$N,BOQ!BX$6,'[20]WorkDone DATA'!$G:$G,BOQ!$B43)*$G43 -> #VALUE!
C44: Cleats else where | H44: =G44*F44 -> 0 | L44: =SUMIF(R37:Y37,S37,R44:Y44) -> #VALUE! | M44: =SUMIF(R37:BX37,S37,R44:BX44) -> #VALUE! | O44: =F44-K44 -> 0 | P44: =H44-M44 -> #VALUE! | R44: =SUMIFS('[20]WorkDone DATA'!$L:$L,'[20]WorkDone DATA'!$N:$N,BOQ!S$6,'[20]WorkDone DATA'!$G:$G,BOQ!$B44) -> #VALUE! | S44: =R44*G44 -> #VALUE! | T44: =SUMIFS('[20]WorkDone DATA'!$L:$L,'[20]WorkDone DATA'!$N:$N,BOQ!U$6,'[20]WorkDone DATA'!$G:$G,BOQ!$B44) -> #VALUE! | U44: =T44*G44 -> #VALUE! | W44: =SUMIFS('[20]WorkDone DATA'!$L:$L,'[20]WorkDone DATA'!$N:$N,BOQ!W$6,'[20]WorkDone DATA'!$G:$G,BOQ!$B44)*$G44 -> #VALUE! | Y44: =SUMIFS('[20]WorkDone DATA'!$L:$L,'[20]WorkDone DATA'!$N:$N,BOQ!Y$6,'[20]WorkDone DATA'!$G:$G,BOQ!$B44)*$G44 -> #VALUE! | AA44: =SUMIFS('[20]WorkDone DATA'!$L:$L,'[20]WorkDone DATA'!$N:$N,BOQ!AA$6,'[20]WorkDone DATA'!$G:$G,BOQ!$B44)*$G44 -> #VALUE! | AB44: =SUMIFS('[20]WorkDone DATA'!$L:$L,'[20]WorkDone DATA'!$N:$N,BOQ!AB$6,'[20]WorkDone DATA'!$G:$G,BOQ!$B44)*$G44 -> #VALUE! | AC44: =SUMIFS('[20]WorkDone DATA'!$L:$L,'[20]WorkDone DATA'!$N:$N,BOQ!AC$6,'[20]WorkDone DATA'!$G:$G,BOQ!$B44)*$G44 -> #VALUE! | AD44: =SUMIFS('[20]WorkDone DATA'!$L:$L,'[20]WorkDone DATA'!$N:$N,BOQ!AD$6,'[20]WorkDone DATA'!$G:$G,BOQ!$B44)*$G44 -> #VALUE! | AE44: =SUMIFS('[20]WorkDone DATA'!$L:$L,'[20]WorkDone DATA'!$N:$N,BOQ!AE$6,'[20]WorkDone DATA'!$G:$G,BOQ!$B44)*$G44 -> #VALUE! | AF44: =SUMIFS('[20]WorkDone DATA'!$L:$L,'[20]WorkDone DATA'!$N:$N,BOQ!AF$6,'[20]WorkDone DATA'!$G:$G,BOQ!$B44)*$G44 -> #VALUE! | AG44: =SUMIFS('[20]WorkDone DATA'!$L:$L,'[20]WorkDone DATA'!$N:$N,BOQ!AG$6,'[20]WorkDone DATA'!$G:$G,BOQ!$B44)*$G44 -> #VALUE! | AH44: =SUMIFS('[20]WorkDone DATA'!$L:$L,'[20]WorkDone DATA'!$N:$N,BOQ!AH$6,'[20]WorkDone DATA'!$G:$G,BOQ!$B44)*$G44 -> #VALUE! | ... BX44: =SUMIFS('[20]WorkDone DATA'!$L:$L,'[20]WorkDone DATA'!$N:$N,BOQ!BX$6,'[20]WorkDone DATA'!$G:$G,BOQ!$B44)*$G44 -> #VALUE!
C45: Terminate both ends on MV only | H45: =G45*F45 -> 0 | L45: =SUMIF(R38:Y38,S38,R45:Y45) -> #VALUE! | M45: =SUMIF(R38:BX38,S38,R45:BX45) -> #VALUE! | O45: =F45-K45 -> 0 | P45: =H45-M45 -> #VALUE! | R45: =SUMIFS('[20]WorkDone DATA'!$L:$L,'[20]WorkDone DATA'!$N:$N,BOQ!S$6,'[20]WorkDone DATA'!$G:$G,BOQ!$B45) -> #VALUE! | S45: =R45*G45 -> #VALUE! | T45: =SUMIFS('[20]WorkDone DATA'!$L:$L,'[20]WorkDone DATA'!$N:$N,BOQ!U$6,'[20]WorkDone DATA'!$G:$G,BOQ!$B45) -> #VALUE! | U45: =T45*G45 -> #VALUE! | W45: =SUMIFS('[20]WorkDone DATA'!$L:$L,'[20]WorkDone DATA'!$N:$N,BOQ!W$6,'[20]WorkDone DATA'!$G:$G,BOQ!$B45)*$G45 -> #VALUE! | Y45: =SUMIFS('[20]WorkDone DATA'!$L:$L,'[20]WorkDone DATA'!$N:$N,BOQ!Y$6,'[20]WorkDone DATA'!$G:$G,BOQ!$B45)*$G45 -> #VALUE! | AA45: =SUMIFS('[20]WorkDone DATA'!$L:$L,'[20]WorkDone DATA'!$N:$N,BOQ!AA$6,'[20]WorkDone DATA'!$G:$G,BOQ!$B45)*$G45 -> #VALUE! | AB45: =SUMIFS('[20]WorkDone DATA'!$L:$L,'[20]WorkDone DATA'!$N:$N,BOQ!AB$6,'[20]WorkDone DATA'!$G:$G,BOQ!$B45)*$G45 -> #VALUE! | AC45: =SUMIFS('[20]WorkDone DATA'!$L:$L,'[20]WorkDone DATA'!$N:$N,BOQ!AC$6,'[20]WorkDone DATA'!$G:$G,BOQ!$B45)*$G45 -> #VALUE! | AD45: =SUMIFS('[20]WorkDone DATA'!$L:$L,'[20]WorkDone DATA'!$N:$N,BOQ!AD$6,'[20]WorkDone DATA'!$G:$G,BOQ!$B45)*$G45 -> #VALUE! | AE45: =SUMIFS('[20]WorkDone DATA'!$L:$L,'[20]WorkDone DATA'!$N:$N,BOQ!AE$6,'[20]WorkDone DATA'!$G:$G,BOQ!$B45)*$G45 -> #VALUE! | AF45: =SUMIFS('[20]WorkDone DATA'!$L:$L,'[20]WorkDone DATA'!$N:$N,BOQ!AF$6,'[20]WorkDone DATA'!$G:$G,BOQ!$B45)*$G45 -> #VALUE! | AG45: =SUMIFS('[20]WorkDone DATA'!$L:$L,'[20]WorkDone DATA'!$N:$N,BOQ!AG$6,'[20]WorkDone DATA'!$G:$G,BOQ!$B45)*$G45 -> #VALUE! | AH45: =SUMIFS('[20]WorkDone DATA'!$L:$L,'[20]WorkDone DATA'!$N:$N,BOQ!AH$6,'[20]WorkDone DATA'!$G:$G,BOQ!$B45)*$G45 -> #VALUE! | ... BX45: =SUMIFS('[20]WorkDone DATA'!$L:$L,'[20]WorkDone DATA'!$N:$N,BOQ!BX$6,'[20]WorkDone DATA'!$G:$G,BOQ!$B45)*$G45 -> #VALUE!
C46: 500mm2 x 1 core (EXX01WCV) 6.35kV/11kV | H46: =G46*F46 -> 0 | L46: =SUMIF(R39:Y39,S39,R46:Y46) -> #VALUE! | M46: =SUMIF(R39:BX39,S39,R46:BX46) -> #VALUE! | O46: =F46-K46 -> 0 | P46: =H46-M46 -> #VALUE! | R46: =SUMIFS('[20]WorkDone DATA'!$L:$L,'[20]WorkDone DATA'!$N:$N,BOQ!S$6,'[20]WorkDone DATA'!$G:$G,BOQ!$B46) -> #VALUE! | S46: =R46*G46 -> #VALUE! | T46: =SUMIFS('[20]WorkDone DATA'!$L:$L,'[20]WorkDone DATA'!$N:$N,BOQ!U$6,'[20]WorkDone DATA'!$G:$G,BOQ!$B46) -> #VALUE! | U46: =T46*G46 -> #VALUE! | W46: =SUMIFS('[20]WorkDone DATA'!$L:$L,'[20]WorkDone DATA'!$N:$N,BOQ!W$6,'[20]WorkDone DATA'!$G:$G,BOQ!$B46)*$G46 -> #VALUE! | Y46: =SUMIFS('[20]WorkDone DATA'!$L:$L,'[20]WorkDone DATA'!$N:$N,BOQ!Y$6,'[20]WorkDone DATA'!$G:$G,BOQ!$B46)*$G46 -> #VALUE! | AA46: =SUMIFS('[20]WorkDone DATA'!$L:$L,'[20]WorkDone DATA'!$N:$N,BOQ!AA$6,'[20]WorkDone DATA'!$G:$G,BOQ!$B46)*$G46 -> #VALUE! | AB46: =SUMIFS('[20]WorkDone DATA'!$L:$L,'[20]WorkDone DATA'!$N:$N,BOQ!AB$6,'[20]WorkDone DATA'!$G:$G,BOQ!$B46)*$G46 -> #VALUE! | AC46: =SUMIFS('[20]WorkDone DATA'!$L:$L,'[20]WorkDone DATA'!$N:$N,BOQ!AC$6,'[20]WorkDone DATA'!$G:$G,BOQ!$B46)*$G46 -> #VALUE! | AD46: =SUMIFS('[20]WorkDone DATA'!$L:$L,'[20]WorkDone DATA'!$N:$N,BOQ!AD$6,'[20]WorkDone DATA'!$G:$G,BOQ!$B46)*$G46 -> #VALUE! | AE46: =SUMIFS('[20]WorkDone DATA'!$L:$L,'[20]WorkDone DATA'!$N:$N,BOQ!AE$6,'[20]WorkDone DATA'!$G:$G,BOQ!$B46)*$G46 -> #VALUE! | AF46: =SUMIFS('[20]WorkDone DATA'!$L:$L,'[20]WorkDone DATA'!$N:$N,BOQ!AF$6,'[20]WorkDone DATA'!$G:$G,BOQ!$B46)*$G46 -> #VALUE! | AG46: =SUMIFS('[20]WorkDone DATA'!$L:$L,'[20]WorkDone DATA'!$N:$N,BOQ!AG$6,'[20]WorkDone DATA'!$G:$G,BOQ!$B46)*$G46 -> #VALUE! | AH46: =SUMIFS('[20]WorkDone DATA'!$L:$L,'[20]WorkDone DATA'!$N:$N,BOQ!AH$6,'[20]WorkDone DATA'!$G:$G,BOQ!$B46)*$G46 -> #VALUE! | ... BX46: =SUMIFS('[20]WorkDone DATA'!$L:$L,'[20]WorkDone DATA'!$N:$N,BOQ!BX$6,'[20]WorkDone DATA'!$G:$G,BOQ!$B46)*$G46 -> #VALUE!
A47: =C46 -> 500mm2 x 1 core (EXX01WCV) 6.35kV/11kV | B47: 2.019 | C47: Supply | D47: E | E47: set | F47: 1458 | G47: 6766.19 | H47: =G47*F47 -> 9865105 | K47: =M47/G47 -> #VALUE! | L47: =SUMIF(R40:Y40,S40,R47:Y47) -> #VALUE! | M47: =SUMIF(R40:BX40,S40,R47:BX47) -> #VALUE! | O47: =F47-K47 -> #VALUE! | P47: =H47-M47 -> #VALUE! | R47: =SUMIFS('[20]WorkDone DATA'!$L:$L,'[20]WorkDone DATA'!$N:$N,BOQ!S$6,'[20]WorkDone DATA'!$G:$G,BOQ!$B47) -> #VALUE! | S47: =R47*G47 -> #VALUE! | T47: =SUMIFS('[20]WorkDone DATA'!$L:$L,'[20]WorkDone DATA'!$N:$N,BOQ!U$6,'[20]WorkDone DATA'!$G:$G,BOQ!$B47) -> #VALUE! | U47: =T47*G47 -> #VALUE! | W47: =SUMIFS('[20]WorkDone DATA'!$L:$L,'[20]WorkDone DATA'!$N:$N,BOQ!W$6,'[20]WorkDone DATA'!$G:$G,BOQ!$B47)*$G47 -> #VALUE! | Y47: =SUMIFS('[20]WorkDone DATA'!$L:$L,'[20]WorkDone DATA'!$N:$N,BOQ!Y$6,'[20]WorkDone DATA'!$G:$G,BOQ!$B47)*$G47 -> #VALUE! | AA47: =SUMIFS('[20]WorkDone DATA'!$L:$L,'[20]WorkDone DATA'!$N:$N,BOQ!AA$6,'[20]WorkDone DATA'!$G:$G,BOQ!$B47)*$G47 -> #VALUE! | AB47: =SUMIFS('[20]WorkDone DATA'!$L:$L,'[20]WorkDone DATA'!$N:$N,BOQ!AB$6,'[20]WorkDone DATA'!$G:$G,BOQ!$B47)*$G47 -> #VALUE! | AC47: =SUMIFS('[20]WorkDone DATA'!$L:$L,'[20]WorkDone DATA'!$N:$N,BOQ!AC$6,'[20]WorkDone DATA'!$G:$G,BOQ!$B47)*$G47 -> #VALUE! | AD47: =SUMIFS('[20]WorkDone DATA'!$L:$L,'[20]WorkDone DATA'!$N:$N,BOQ!AD$6,'[20]WorkDone DATA'!$G:$G,BOQ!$B47)*$G47 -> #VALUE! | AE47: =SUMIFS('[20]WorkDone DATA'!$L:$L,'[20]WorkDone DATA'!$N:$N,BOQ!AE$6,'[20]WorkDone DATA'!$G:$G,BOQ!$B47)*$G47 -> #VALUE! | AF47: =SUMIFS('[20]WorkDone DATA'!$L:$L,'[20]WorkDone DATA'!$N:$N,BOQ!AF$6,'[20]WorkDone DATA'!$G:$G,BOQ!$B47)*$G47 -> #VALUE! | AG47: =SUMIFS('[20]WorkDone DATA'!$L:$L,'[20]WorkDone DATA'!$N:$N,BOQ!AG$6,'[20]WorkDone DATA'!$G:$G,BOQ!$B47)*$G47 -> #VALUE! | AH47: =SUMIFS('[20]WorkDone DATA'!$L:$L,'[20]WorkDone DATA'!$N:$N,BOQ!AH$6,'[20]WorkDone DATA'!$G:$G,BOQ!$B47)*$G47 -> #VALUE! | ... BX47: =SUMIFS('[20]WorkDone DATA'!$L:$L,'[20]WorkDone DATA'!$N:$N,BOQ!BX$6,'[20]WorkDone DATA'!$G:$G,BOQ!$B47)*$G47 -> #VALUE!
A48: =C46 -> 500mm2 x 1 core (EXX01WCV) 6.35kV/11kV | B48: 2.02 | C48: Installation | D48: A | E48: set | F48: 1458 | G48: 3609.98 | H48: =G48*F48 -> 5263350.8 | K48: =M48/G48 -> #VALUE! | L48: =SUMIF(R41:Y41,S41,R48:Y48) -> #VALUE! | M48: =SUMIF(R41:BX41,S41,R48:BX48) -> #VALUE! | O48: =F48-K48 -> #VALUE! | P48: =H48-M48 -> #VALUE! | R48: =SUMIFS('[20]WorkDone DATA'!$L:$L,'[20]WorkDone DATA'!$N:$N,BOQ!S$6,'[20]WorkDone DATA'!$G:$G,BOQ!$B48) -> #VALUE! | S48: =R48*G48 -> #VALUE! | T48: =SUMIFS('[20]WorkDone DATA'!$L:$L,'[20]WorkDone DATA'!$N:$N,BOQ!U$6,'[20]WorkDone DATA'!$G:$G,BOQ!$B48) -> #VALUE! | U48: =T48*G48 -> #VALUE! | W48: =SUMIFS('[20]WorkDone DATA'!$L:$L,'[20]WorkDone DATA'!$N:$N,BOQ!W$6,'[20]WorkDone DATA'!$G:$G,BOQ!$B48)*$G48 -> #VALUE! | Y48: =SUMIFS('[20]WorkDone DATA'!$L:$L,'[20]WorkDone DATA'!$N:$N,BOQ!Y$6,'[20]WorkDone DATA'!$G:$G,BOQ!$B48)*$G48 -> #VALUE! | AA48: =SUMIFS('[20]WorkDone DATA'!$L:$L,'[20]WorkDone DATA'!$N:$N,BOQ!AA$6,'[20]WorkDone DATA'!$G:$G,BOQ!$B48)*$G48 -> #VALUE! | AB48: =SUMIFS('[20]WorkDone DATA'!$L:$L,'[20]WorkDone DATA'!$N:$N,BOQ!AB$6,'[20]WorkDone DATA'!$G:$G,BOQ!$B48)*$G48 -> #VALUE! | AC48: =SUMIFS('[20]WorkDone DATA'!$L:$L,'[20]WorkDone DATA'!$N:$N,BOQ!AC$6,'[20]WorkDone DATA'!$G:$G,BOQ!$B48)*$G48 -> #VALUE! | AD48: =SUMIFS('[20]WorkDone DATA'!$L:$L,'[20]WorkDone DATA'!$N:$N,BOQ!AD$6,'[20]WorkDone DATA'!$G:$G,BOQ!$B48)*$G48 -> #VALUE! | AE48: =SUMIFS('[20]WorkDone DATA'!$L:$L,'[20]WorkDone DATA'!$N:$N,BOQ!AE$6,'[20]WorkDone DATA'!$G:$G,BOQ!$B48)*$G48 -> #VALUE! | AF48: =SUMIFS('[20]WorkDone DATA'!$L:$L,'[20]WorkDone DATA'!$N:$N,BOQ!AF$6,'[20]WorkDone DATA'!$G:$G,BOQ!$B48)*$G48 -> #VALUE! | AG48: =SUMIFS('[20]WorkDone DATA'!$L:$L,'[20]WorkDone DATA'!$N:$N,BOQ!AG$6,'[20]WorkDone DATA'!$G:$G,BOQ!$B48)*$G48 -> #VALUE! | AH48: =SUMIFS('[20]WorkDone DATA'!$L:$L,'[20]WorkDone DATA'!$N:$N,BOQ!AH$6,'[20]WorkDone DATA'!$G:$G,BOQ!$B48)*$G48 -> #VALUE! | ... BX48: =SUMIFS('[20]WorkDone DATA'!$L:$L,'[20]WorkDone DATA'!$N:$N,BOQ!BX$6,'[20]WorkDone DATA'!$G:$G,BOQ!$B48)*$G48 -> #VALUE!
C49: 300mm2 x 1 core (EXX01UCM) 6.35kV/11kV | H49: =G49*F49 -> 0 | L49: =SUMIF(R42:Y42,S42,R49:Y49) -> #VALUE! | M49: =SUMIF(R42:BX42,S42,R49:BX49) -> #VALUE! | O49: =F49-K49 -> 0 | P49: =H49-M49 -> #VALUE! | R49: =SUMIFS('[20]WorkDone DATA'!$L:$L,'[20]WorkDone DATA'!$N:$N,BOQ!S$6,'[20]WorkDone DATA'!$G:$G,BOQ!$B49) -> #VALUE! | S49: =R49*G49 -> #VALUE! | T49: =SUMIFS('[20]WorkDone DATA'!$L:$L,'[20]WorkDone DATA'!$N:$N,BOQ!U$6,'[20]WorkDone DATA'!$G:$G,BOQ!$B49) -> #VALUE! | U49: =T49*G49 -> #VALUE! | W49: =SUMIFS('[20]WorkDone DATA'!$L:$L,'[20]WorkDone DATA'!$N:$N,BOQ!W$6,'[20]WorkDone DATA'!$G:$G,BOQ!$B49)*$G49 -> #VALUE! | Y49: =SUMIFS('[20]WorkDone DATA'!$L:$L,'[20]WorkDone DATA'!$N:$N,BOQ!Y$6,'[20]WorkDone DATA'!$G:$G,BOQ!$B49)*$G49 -> #VALUE! | AA49: =SUMIFS('[20]WorkDone DATA'!$L:$L,'[20]WorkDone DATA'!$N:$N,BOQ!AA$6,'[20]WorkDone DATA'!$G:$G,BOQ!$B49)*$G49 -> #VALUE! | AB49: =SUMIFS('[20]WorkDone DATA'!$L:$L,'[20]WorkDone DATA'!$N:$N,BOQ!AB$6,'[20]WorkDone DATA'!$G:$G,BOQ!$B49)*$G49 -> #VALUE! | AC49: =SUMIFS('[20]WorkDone DATA'!$L:$L,'[20]WorkDone DATA'!$N:$N,BOQ!AC$6,'[20]WorkDone DATA'!$G:$G,BOQ!$B49)*$G49 -> #VALUE! | AD49: =SUMIFS('[20]WorkDone DATA'!$L:$L,'[20]WorkDone DATA'!$N:$N,BOQ!AD$6,'[20]WorkDone DATA'!$G:$G,BOQ!$B49)*$G49 -> #VALUE! | AE49: =SUMIFS('[20]WorkDone DATA'!$L:$L,'[20]WorkDone DATA'!$N:$N,BOQ!AE$6,'[20]WorkDone DATA'!$G:$G,BOQ!$B49)*$G49 -> #VALUE! | AF49: =SUMIFS('[20]WorkDone DATA'!$L:$L,'[20]WorkDone DATA'!$N:$N,BOQ!AF$6,'[20]WorkDone DATA'!$G:$G,BOQ!$B49)*$G49 -> #VALUE! | AG49: =SUMIFS('[20]WorkDone DATA'!$L:$L,'[20]WorkDone DATA'!$N:$N,BOQ!AG$6,'[20]WorkDone DATA'!$G:$G,BOQ!$B49)*$G49 -> #VALUE! | AH49: =SUMIFS('[20]WorkDone DATA'!$L:$L,'[20]WorkDone DATA'!$N:$N,BOQ!AH$6,'[20]WorkDone DATA'!$G:$G,BOQ!$B49)*$G49 -> #VALUE! | ... BX49: =SUMIFS('[20]WorkDone DATA'!$L:$L,'[20]WorkDone DATA'!$N:$N,BOQ!BX$6,'[20]WorkDone DATA'!$G:$G,BOQ!$B49)*$G49 -> #VALUE!
A50: =C49 -> 300mm2 x 1 core (EXX01UCM) 6.35kV/11kV | B50: 2.021 | C50: Supply | D50: E | E50: set | F50: 40 | G50: 2704.28 | H50: =G50*F50 -> 108171.2 | K50: =M50/G50 -> #VALUE! | L50: =SUMIF(R43:Y43,S43,R50:Y50) -> #VALUE! | M50: =SUMIF(R43:BX43,S43,R50:BX50) -> #VALUE! | O50: =F50-K50 -> #VALUE! | P50: =H50-M50 -> #VALUE! | R50: =SUMIFS('[20]WorkDone DATA'!$L:$L,'[20]WorkDone DATA'!$N:$N,BOQ!S$6,'[20]WorkDone DATA'!$G:$G,BOQ!$B50) -> #VALUE! | S50: =R50*G50 -> #VALUE! | T50: =SUMIFS('[20]WorkDone DATA'!$L:$L,'[20]WorkDone DATA'!$N:$N,BOQ!U$6,'[20]WorkDone DATA'!$G:$G,BOQ!$B50) -> #VALUE! | U50: =T50*G50 -> #VALUE! | W50: =SUMIFS('[20]WorkDone DATA'!$L:$L,'[20]WorkDone DATA'!$N:$N,BOQ!W$6,'[20]WorkDone DATA'!$G:$G,BOQ!$B50)*$G50 -> #VALUE! | Y50: =SUMIFS('[20]WorkDone DATA'!$L:$L,'[20]WorkDone DATA'!$N:$N,BOQ!Y$6,'[20]WorkDone DATA'!$G:$G,BOQ!$B50)*$G50 -> #VALUE! | AA50: =SUMIFS('[20]WorkDone DATA'!$L:$L,'[20]WorkDone DATA'!$N:$N,BOQ!AA$6,'[20]WorkDone DATA'!$G:$G,BOQ!$B50)*$G50 -> #VALUE! | AB50: =SUMIFS('[20]WorkDone DATA'!$L:$L,'[20]WorkDone DATA'!$N:$N,BOQ!AB$6,'[20]WorkDone DATA'!$G:$G,BOQ!$B50)*$G50 -> #VALUE! | AC50: =SUMIFS('[20]WorkDone DATA'!$L:$L,'[20]WorkDone DATA'!$N:$N,BOQ!AC$6,'[20]WorkDone DATA'!$G:$G,BOQ!$B50)*$G50 -> #VALUE! | AD50: =SUMIFS('[20]WorkDone DATA'!$L:$L,'[20]WorkDone DATA'!$N:$N,BOQ!AD$6,'[20]WorkDone DATA'!$G:$G,BOQ!$B50)*$G50 -> #VALUE! | AE50: =SUMIFS('[20]WorkDone DATA'!$L:$L,'[20]WorkDone DATA'!$N:$N,BOQ!AE$6,'[20]WorkDone DATA'!$G:$G,BOQ!$B50)*$G50 -> #VALUE! | AF50: =SUMIFS('[20]WorkDone DATA'!$L:$L,'[20]WorkDone DATA'!$N:$N,BOQ!AF$6,'[20]WorkDone DATA'!$G:$G,BOQ!$B50)*$G50 -> #VALUE! | AG50: =SUMIFS('[20]WorkDone DATA'!$L:$L,'[20]WorkDone DATA'!$N:$N,BOQ!AG$6,'[20]WorkDone DATA'!$G:$G,BOQ!$B50)*$G50 -> #VALUE! | AH50: =SUMIFS('[20]WorkDone DATA'!$L:$L,'[20]WorkDone DATA'!$N:$N,BOQ!AH$6,'[20]WorkDone DATA'!$G:$G,BOQ!$B50)*$G50 -> #VALUE! | ... BX50: =SUMIFS('[20]WorkDone DATA'!$L:$L,'[20]WorkDone DATA'!$N:$N,BOQ!BX$6,'[20]WorkDone DATA'!$G:$G,BOQ!$B50)*$G50 -> #VALUE!
A51: =C49 -> 300mm2 x 1 core (EXX01UCM) 6.35kV/11kV | B51: 2.022 | C51: Installation | D51: A | E51: set | F51: 40 | G51: 3176.13 | H51: =G51*F51 -> 127045.2 | K51: =M51/G51 -> #VALUE! | L51: =SUMIF(R44:Y44,S44,R51:Y51) -> #VALUE! | M51: =SUMIF(R44:BX44,S44,R51:BX51) -> #VALUE! | O51: =F51-K51 -> #VALUE! | P51: =H51-M51 -> #VALUE! | R51: =SUMIFS('[20]WorkDone DATA'!$L:$L,'[20]WorkDone DATA'!$N:$N,BOQ!S$6,'[20]WorkDone DATA'!$G:$G,BOQ!$B51) -> #VALUE! | S51: =R51*G51 -> #VALUE! | T51: =SUMIFS('[20]WorkDone DATA'!$L:$L,'[20]WorkDone DATA'!$N:$N,BOQ!U$6,'[20]WorkDone DATA'!$G:$G,BOQ!$B51) -> #VALUE! | U51: =T51*G51 -> #VALUE! | W51: =SUMIFS('[20]WorkDone DATA'!$L:$L,'[20]WorkDone DATA'!$N:$N,BOQ!W$6,'[20]WorkDone DATA'!$G:$G,BOQ!$B51)*$G51 -> #VALUE! | Y51: =SUMIFS('[20]WorkDone DATA'!$L:$L,'[20]WorkDone DATA'!$N:$N,BOQ!Y$6,'[20]WorkDone DATA'!$G:$G,BOQ!$B51)*$G51 -> #VALUE! | AA51: =SUMIFS('[20]WorkDone DATA'!$L:$L,'[20]WorkDone DATA'!$N:$N,BOQ!AA$6,'[20]WorkDone DATA'!$G:$G,BOQ!$B51)*$G51 -> #VALUE! | AB51: =SUMIFS('[20]WorkDone DATA'!$L:$L,'[20]WorkDone DATA'!$N:$N,BOQ!AB$6,'[20]WorkDone DATA'!$G:$G,BOQ!$B51)*$G51 -> #VALUE! | AC51: =SUMIFS('[20]WorkDone DATA'!$L:$L,'[20]WorkDone DATA'!$N:$N,BOQ!AC$6,'[20]WorkDone DATA'!$G:$G,BOQ!$B51)*$G51 -> #VALUE! | AD51: =SUMIFS('[20]WorkDone DATA'!$L:$L,'[20]WorkDone DATA'!$N:$N,BOQ!AD$6,'[20]WorkDone DATA'!$G:$G,BOQ!$B51)*$G51 -> #VALUE! | AE51: =SUMIFS('[20]WorkDone DATA'!$L:$L,'[20]WorkDone DATA'!$N:$N,BOQ!AE$6,'[20]WorkDone DATA'!$G:$G,BOQ!$B51)*$G51 -> #VALUE! | AF51: =SUMIFS('[20]WorkDone DATA'!$L:$L,'[20]WorkDone DATA'!$N:$N,BOQ!AF$6,'[20]WorkDone DATA'!$G:$G,BOQ!$B51)*$G51 -> #VALUE! | AG51: =SUMIFS('[20]WorkDone DATA'!$L:$L,'[20]WorkDone DATA'!$N:$N,BOQ!AG$6,'[20]WorkDone DATA'!$G:$G,BOQ!$B51)*$G51 -> #VALUE! | AH51: =SUMIFS('[20]WorkDone DATA'!$L:$L,'[20]WorkDone DATA'!$N:$N,BOQ!AH$6,'[20]WorkDone DATA'!$G:$G,BOQ!$B51)*$G51 -> #VALUE! | ... BX51: =SUMIFS('[20]WorkDone DATA'!$L:$L,'[20]WorkDone DATA'!$N:$N,BOQ!BX$6,'[20]WorkDone DATA'!$G:$G,BOQ!$B51)*$G51 -> #VALUE!
C52: 120mm2 x 1core (EXX01QCV) 6.35 kV/11kV | H52: =G52*F52 -> 0 | L52: =SUMIF(R45:Y45,S45,R52:Y52) -> #VALUE! | M52: =SUMIF(R45:BX45,S45,R52:BX52) -> #VALUE! | O52: =F52-K52 -> 0 | P52: =H52-M52 -> #VALUE! | R52: =SUMIFS('[20]WorkDone DATA'!$L:$L,'[20]WorkDone DATA'!$N:$N,BOQ!S$6,'[20]WorkDone DATA'!$G:$G,BOQ!$B52) -> #VALUE! | S52: =R52*G52 -> #VALUE! | T52: =SUMIFS('[20]WorkDone DATA'!$L:$L,'[20]WorkDone DATA'!$N:$N,BOQ!U$6,'[20]WorkDone DATA'!$G:$G,BOQ!$B52) -> #VALUE! | U52: =T52*G52 -> #VALUE! | W52: =SUMIFS('[20]WorkDone DATA'!$L:$L,'[20]WorkDone DATA'!$N:$N,BOQ!W$6,'[20]WorkDone DATA'!$G:$G,BOQ!$B52)*$G52 -> #VALUE! | Y52: =SUMIFS('[20]WorkDone DATA'!$L:$L,'[20]WorkDone DATA'!$N:$N,BOQ!Y$6,'[20]WorkDone DATA'!$G:$G,BOQ!$B52)*$G52 -> #VALUE! | AA52: =SUMIFS('[20]WorkDone DATA'!$L:$L,'[20]WorkDone DATA'!$N:$N,BOQ!AA$6,'[20]WorkDone DATA'!$G:$G,BOQ!$B52)*$G52 -> #VALUE! | AB52: =SUMIFS('[20]WorkDone DATA'!$L:$L,'[20]WorkDone DATA'!$N:$N,BOQ!AB$6,'[20]WorkDone DATA'!$G:$G,BOQ!$B52)*$G52 -> #VALUE! | AC52: =SUMIFS('[20]WorkDone DATA'!$L:$L,'[20]WorkDone DATA'!$N:$N,BOQ!AC$6,'[20]WorkDone DATA'!$G:$G,BOQ!$B52)*$G52 -> #VALUE! | AD52: =SUMIFS('[20]WorkDone DATA'!$L:$L,'[20]WorkDone DATA'!$N:$N,BOQ!AD$6,'[20]WorkDone DATA'!$G:$G,BOQ!$B52)*$G52 -> #VALUE! | AE52: =SUMIFS('[20]WorkDone DATA'!$L:$L,'[20]WorkDone DATA'!$N:$N,BOQ!AE$6,'[20]WorkDone DATA'!$G:$G,BOQ!$B52)*$G52 -> #VALUE! | AF52: =SUMIFS('[20]WorkDone DATA'!$L:$L,'[20]WorkDone DATA'!$N:$N,BOQ!AF$6,'[20]WorkDone DATA'!$G:$G,BOQ!$B52)*$G52 -> #VALUE! | AG52: =SUMIFS('[20]WorkDone DATA'!$L:$L,'[20]WorkDone DATA'!$N:$N,BOQ!AG$6,'[20]WorkDone DATA'!$G:$G,BOQ!$B52)*$G52 -> #VALUE! | AH52: =SUMIFS('[20]WorkDone DATA'!$L:$L,'[20]WorkDone DATA'!$N:$N,BOQ!AH$6,'[20]WorkDone DATA'!$G:$G,BOQ!$B52)*$G52 -> #VALUE! | ... BX52: =SUMIFS('[20]WorkDone DATA'!$L:$L,'[20]WorkDone DATA'!$N:$N,BOQ!BX$6,'[20]WorkDone DATA'!$G:$G,BOQ!$B52)*$G52 -> #VALUE!
A53: =C52 -> 120mm2 x 1core (EXX01QCV) 6.35 kV/11kV | B53: 2.023 | C53: Supply | D53: E | E53: set | F53: 72 | G53: 2995.91 | H53: =G53*F53 -> 215705.52 | K53: =M53/G53 -> #VALUE! | L53: =SUMIF(R46:Y46,S46,R53:Y53) -> #VALUE! | M53: =SUMIF(R46:BX46,S46,R53:BX53) -> #VALUE! | O53: =F53-K53 -> #VALUE! | P53: =H53-M53 -> #VALUE! | R53: =SUMIFS('[20]WorkDone DATA'!$L:$L,'[20]WorkDone DATA'!$N:$N,BOQ!S$6,'[20]WorkDone DATA'!$G:$G,BOQ!$B53) -> #VALUE! | S53: =R53*G53 -> #VALUE! | T53: =SUMIFS('[20]WorkDone DATA'!$L:$L,'[20]WorkDone DATA'!$N:$N,BOQ!U$6,'[20]WorkDone DATA'!$G:$G,BOQ!$B53) -> #VALUE! | U53: =T53*G53 -> #VALUE! | W53: =SUMIFS('[20]WorkDone DATA'!$L:$L,'[20]WorkDone DATA'!$N:$N,BOQ!W$6,'[20]WorkDone DATA'!$G:$G,BOQ!$B53)*$G53 -> #VALUE! | Y53: =SUMIFS('[20]WorkDone DATA'!$L:$L,'[20]WorkDone DATA'!$N:$N,BOQ!Y$6,'[20]WorkDone DATA'!$G:$G,BOQ!$B53)*$G53 -> #VALUE! | AA53: =SUMIFS('[20]WorkDone DATA'!$L:$L,'[20]WorkDone DATA'!$N:$N,BOQ!AA$6,'[20]WorkDone DATA'!$G:$G,BOQ!$B53)*$G53 -> #VALUE! | AB53: =SUMIFS('[20]WorkDone DATA'!$L:$L,'[20]WorkDone DATA'!$N:$N,BOQ!AB$6,'[20]WorkDone DATA'!$G:$G,BOQ!$B53)*$G53 -> #VALUE! | AC53: =SUMIFS('[20]WorkDone DATA'!$L:$L,'[20]WorkDone DATA'!$N:$N,BOQ!AC$6,'[20]WorkDone DATA'!$G:$G,BOQ!$B53)*$G53 -> #VALUE! | AD53: =SUMIFS('[20]WorkDone DATA'!$L:$L,'[20]WorkDone DATA'!$N:$N,BOQ!AD$6,'[20]WorkDone DATA'!$G:$G,BOQ!$B53)*$G53 -> #VALUE! | AE53: =SUMIFS('[20]WorkDone DATA'!$L:$L,'[20]WorkDone DATA'!$N:$N,BOQ!AE$6,'[20]WorkDone DATA'!$G:$G,BOQ!$B53)*$G53 -> #VALUE! | AF53: =SUMIFS('[20]WorkDone DATA'!$L:$L,'[20]WorkDone DATA'!$N:$N,BOQ!AF$6,'[20]WorkDone DATA'!$G:$G,BOQ!$B53)*$G53 -> #VALUE! | AG53: =SUMIFS('[20]WorkDone DATA'!$L:$L,'[20]WorkDone DATA'!$N:$N,BOQ!AG$6,'[20]WorkDone DATA'!$G:$G,BOQ!$B53)*$G53 -> #VALUE! | AH53: =SUMIFS('[20]WorkDone DATA'!$L:$L,'[20]WorkDone DATA'!$N:$N,BOQ!AH$6,'[20]WorkDone DATA'!$G:$G,BOQ!$B53)*$G53 -> #VALUE! | ... BX53: =SUMIFS('[20]WorkDone DATA'!$L:$L,'[20]WorkDone DATA'!$N:$N,BOQ!BX$6,'[20]WorkDone DATA'!$G:$G,BOQ!$B53)*$G53 -> #VALUE!
A54: =C52 -> 120mm2 x 1core (EXX01QCV) 6.35 kV/11kV | B54: 2.024 | C54: Installation | D54: A | E54: set | F54: 72 | G54: 1332.69 | H54: =G54*F54 -> 95953.68 | K54: =M54/G54 -> #VALUE! | L54: =SUMIF(R47:Y47,S47,R54:Y54) -> #VALUE! | M54: =SUMIF(R47:BX47,S47,R54:BX54) -> #VALUE! | O54: =F54-K54 -> #VALUE! | P54: =H54-M54 -> #VALUE! | R54: =SUMIFS('[20]WorkDone DATA'!$L:$L,'[20]WorkDone DATA'!$N:$N,BOQ!S$6,'[20]WorkDone DATA'!$G:$G,BOQ!$B54) -> #VALUE! | S54: =R54*G54 -> #VALUE! | T54: =SUMIFS('[20]WorkDone DATA'!$L:$L,'[20]WorkDone DATA'!$N:$N,BOQ!U$6,'[20]WorkDone DATA'!$G:$G,BOQ!$B54) -> #VALUE! | U54: =T54*G54 -> #VALUE! | W54: =SUMIFS('[20]WorkDone DATA'!$L:$L,'[20]WorkDone DATA'!$N:$N,BOQ!W$6,'[20]WorkDone DATA'!$G:$G,BOQ!$B54)*$G54 -> #VALUE! | Y54: =SUMIFS('[20]WorkDone DATA'!$L:$L,'[20]WorkDone DATA'!$N:$N,BOQ!Y$6,'[20]WorkDone DATA'!$G:$G,BOQ!$B54)*$G54 -> #VALUE! | AA54: =SUMIFS('[20]WorkDone DATA'!$L:$L,'[20]WorkDone DATA'!$N:$N,BOQ!AA$6,'[20]WorkDone DATA'!$G:$G,BOQ!$B54)*$G54 -> #VALUE! | AB54: =SUMIFS('[20]WorkDone DATA'!$L:$L,'[20]WorkDone DATA'!$N:$N,BOQ!AB$6,'[20]WorkDone DATA'!$G:$G,BOQ!$B54)*$G54 -> #VALUE! | AC54: =SUMIFS('[20]WorkDone DATA'!$L:$L,'[20]WorkDone DATA'!$N:$N,BOQ!AC$6,'[20]WorkDone DATA'!$G:$G,BOQ!$B54)*$G54 -> #VALUE! | AD54: =SUMIFS('[20]WorkDone DATA'!$L:$L,'[20]WorkDone DATA'!$N:$N,BOQ!AD$6,'[20]WorkDone DATA'!$G:$G,BOQ!$B54)*$G54 -> #VALUE! | AE54: =SUMIFS('[20]WorkDone DATA'!$L:$L,'[20]WorkDone DATA'!$N:$N,BOQ!AE$6,'[20]WorkDone DATA'!$G:$G,BOQ!$B54)*$G54 -> #VALUE! | AF54: =SUMIFS('[20]WorkDone DATA'!$L:$L,'[20]WorkDone DATA'!$N:$N,BOQ!AF$6,'[20]WorkDone DATA'!$G:$G,BOQ!$B54)*$G54 -> #VALUE! | AG54: =SUMIFS('[20]WorkDone DATA'!$L:$L,'[20]WorkDone DATA'!$N:$N,BOQ!AG$6,'[20]WorkDone DATA'!$G:$G,BOQ!$B54)*$G54 -> #VALUE! | AH54: =SUMIFS('[20]WorkDone DATA'!$L:$L,'[20]WorkDone DATA'!$N:$N,BOQ!AH$6,'[20]WorkDone DATA'!$G:$G,BOQ!$B54)*$G54 -> #VALUE! | ... BX54: =SUMIFS('[20]WorkDone DATA'!$L:$L,'[20]WorkDone DATA'!$N:$N,BOQ!BX$6,'[20]WorkDone DATA'!$G:$G,BOQ!$B54)*$G54 -> #VALUE!
C55: 630mm2 x 1core (CXX01XCV) 3.8kV/6.6kV | H55: =G55*F55 -> 0 | L55: =SUMIF(R48:Y48,S48,R55:Y55) -> #VALUE! | M55: =SUMIF(R48:BX48,S48,R55:BX55) -> #VALUE! | O55: =F55-K55 -> 0 | P55: =H55-M55 -> #VALUE! | R55: =SUMIFS('[20]WorkDone DATA'!$L:$L,'[20]WorkDone DATA'!$N:$N,BOQ!S$6,'[20]WorkDone DATA'!$G:$G,BOQ!$B55) -> #VALUE! | S55: =R55*G55 -> #VALUE! | T55: =SUMIFS('[20]WorkDone DATA'!$L:$L,'[20]WorkDone DATA'!$N:$N,BOQ!U$6,'[20]WorkDone DATA'!$G:$G,BOQ!$B55) -> #VALUE! | U55: =T55*G55 -> #VALUE! | W55: =SUMIFS('[20]WorkDone DATA'!$L:$L,'[20]WorkDone DATA'!$N:$N,BOQ!W$6,'[20]WorkDone DATA'!$G:$G,BOQ!$B55)*$G55 -> #VALUE! | Y55: =SUMIFS('[20]WorkDone DATA'!$L:$L,'[20]WorkDone DATA'!$N:$N,BOQ!Y$6,'[20]WorkDone DATA'!$G:$G,BOQ!$B55)*$G55 -> #VALUE! | AA55: =SUMIFS('[20]WorkDone DATA'!$L:$L,'[20]WorkDone DATA'!$N:$N,BOQ!AA$6,'[20]WorkDone DATA'!$G:$G,BOQ!$B55)*$G55 -> #VALUE! | AB55: =SUMIFS('[20]WorkDone DATA'!$L:$L,'[20]WorkDone DATA'!$N:$N,BOQ!AB$6,'[20]WorkDone DATA'!$G:$G,BOQ!$B55)*$G55 -> #VALUE! | AC55: =SUMIFS('[20]WorkDone DATA'!$L:$L,'[20]WorkDone DATA'!$N:$N,BOQ!AC$6,'[20]WorkDone DATA'!$G:$G,BOQ!$B55)*$G55 -> #VALUE! | AD55: =SUMIFS('[20]WorkDone DATA'!$L:$L,'[20]WorkDone DATA'!$N:$N,BOQ!AD$6,'[20]WorkDone DATA'!$G:$G,BOQ!$B55)*$G55 -> #VALUE! | AE55: =SUMIFS('[20]WorkDone DATA'!$L:$L,'[20]WorkDone DATA'!$N:$N,BOQ!AE$6,'[20]WorkDone DATA'!$G:$G,BOQ!$B55)*$G55 -> #VALUE! | AF55: =SUMIFS('[20]WorkDone DATA'!$L:$L,'[20]WorkDone DATA'!$N:$N,BOQ!AF$6,'[20]WorkDone DATA'!$G:$G,BOQ!$B55)*$G55 -> #VALUE! | AG55: =SUMIFS('[20]WorkDone DATA'!$L:$L,'[20]WorkDone DATA'!$N:$N,BOQ!AG$6,'[20]WorkDone DATA'!$G:$G,BOQ!$B55)*$G55 -> #VALUE! | AH55: =SUMIFS('[20]WorkDone DATA'!$L:$L,'[20]WorkDone DATA'!$N:$N,BOQ!AH$6,'[20]WorkDone DATA'!$G:$G,BOQ!$B55)*$G55 -> #VALUE! | ... BX55: =SUMIFS('[20]WorkDone DATA'!$L:$L,'[20]WorkDone DATA'!$N:$N,BOQ!BX$6,'[20]WorkDone DATA'!$G:$G,BOQ!$B55)*$G55 -> #VALUE!
A56: =C55 -> 630mm2 x 1core (CXX01XCV) 3.8kV/6.6kV | B56: 2.025 | C56: Supply | D56: E | E56: set | F56: 252 | G56: 6766.19 | H56: =G56*F56 -> 1705079.9 | K56: =M56/G56 -> #VALUE! | L56: =SUMIF(R49:Y49,S49,R56:Y56) -> #VALUE! | M56: =SUMIF(R49:BX49,S49,R56:BX56) -> #VALUE! | O56: =F56-K56 -> #VALUE! | P56: =H56-M56 -> #VALUE! | R56: =SUMIFS('[20]WorkDone DATA'!$L:$L,'[20]WorkDone DATA'!$N:$N,BOQ!S$6,'[20]WorkDone DATA'!$G:$G,BOQ!$B56) -> #VALUE! | S56: =R56*G56 -> #VALUE! | T56: =SUMIFS('[20]WorkDone DATA'!$L:$L,'[20]WorkDone DATA'!$N:$N,BOQ!U$6,'[20]WorkDone DATA'!$G:$G,BOQ!$B56) -> #VALUE! | U56: =T56*G56 -> #VALUE! | W56: =SUMIFS('[20]WorkDone DATA'!$L:$L,'[20]WorkDone DATA'!$N:$N,BOQ!W$6,'[20]WorkDone DATA'!$G:$G,BOQ!$B56)*$G56 -> #VALUE! | Y56: =SUMIFS('[20]WorkDone DATA'!$L:$L,'[20]WorkDone DATA'!$N:$N,BOQ!Y$6,'[20]WorkDone DATA'!$G:$G,BOQ!$B56)*$G56 -> #VALUE! | AA56: =SUMIFS('[20]WorkDone DATA'!$L:$L,'[20]WorkDone DATA'!$N:$N,BOQ!AA$6,'[20]WorkDone DATA'!$G:$G,BOQ!$B56)*$G56 -> #VALUE! | AB56: =SUMIFS('[20]WorkDone DATA'!$L:$L,'[20]WorkDone DATA'!$N:$N,BOQ!AB$6,'[20]WorkDone DATA'!$G:$G,BOQ!$B56)*$G56 -> #VALUE! | AC56: =SUMIFS('[20]WorkDone DATA'!$L:$L,'[20]WorkDone DATA'!$N:$N,BOQ!AC$6,'[20]WorkDone DATA'!$G:$G,BOQ!$B56)*$G56 -> #VALUE! | AD56: =SUMIFS('[20]WorkDone DATA'!$L:$L,'[20]WorkDone DATA'!$N:$N,BOQ!AD$6,'[20]WorkDone DATA'!$G:$G,BOQ!$B56)*$G56 -> #VALUE! | AE56: =SUMIFS('[20]WorkDone DATA'!$L:$L,'[20]WorkDone DATA'!$N:$N,BOQ!AE$6,'[20]WorkDone DATA'!$G:$G,BOQ!$B56)*$G56 -> #VALUE! | AF56: =SUMIFS('[20]WorkDone DATA'!$L:$L,'[20]WorkDone DATA'!$N:$N,BOQ!AF$6,'[20]WorkDone DATA'!$G:$G,BOQ!$B56)*$G56 -> #VALUE! | AG56: =SUMIFS('[20]WorkDone DATA'!$L:$L,'[20]WorkDone DATA'!$N:$N,BOQ!AG$6,'[20]WorkDone DATA'!$G:$G,BOQ!$B56)*$G56 -> #VALUE! | AH56: =SUMIFS('[20]WorkDone DATA'!$L:$L,'[20]WorkDone DATA'!$N:$N,BOQ!AH$6,'[20]WorkDone DATA'!$G:$G,BOQ!$B56)*$G56 -> #VALUE! | ... BX56: =SUMIFS('[20]WorkDone DATA'!$L:$L,'[20]WorkDone DATA'!$N:$N,BOQ!BX$6,'[20]WorkDone DATA'!$G:$G,BOQ!$B56)*$G56 -> #VALUE!
A57: =C55 -> 630mm2 x 1core (CXX01XCV) 3.8kV/6.6kV | B57: 2.026 | C57: Installation | D57: A | E57: set | F57: 252 | G57: 3609.98 | H57: =G57*F57 -> 909714.96 | K57: =M57/G57 -> #VALUE! | L57: =SUMIF(R50:Y50,S50,R57:Y57) -> #VALUE! | M57: =SUMIF(R50:BX50,S50,R57:BX57) -> #VALUE! | O57: =F57-K57 -> #VALUE! | P57: =H57-M57 -> #VALUE! | R57: =SUMIFS('[20]WorkDone DATA'!$L:$L,'[20]WorkDone DATA'!$N:$N,BOQ!S$6,'[20]WorkDone DATA'!$G:$G,BOQ!$B57) -> #VALUE! | S57: =R57*G57 -> #VALUE! | T57: =SUMIFS('[20]WorkDone DATA'!$L:$L,'[20]WorkDone DATA'!$N:$N,BOQ!U$6,'[20]WorkDone DATA'!$G:$G,BOQ!$B57) -> #VALUE! | U57: =T57*G57 -> #VALUE! | W57: =SUMIFS('[20]WorkDone DATA'!$L:$L,'[20]WorkDone DATA'!$N:$N,BOQ!W$6,'[20]WorkDone DATA'!$G:$G,BOQ!$B57)*$G57 -> #VALUE! | Y57: =SUMIFS('[20]WorkDone DATA'!$L:$L,'[20]WorkDone DATA'!$N:$N,BOQ!Y$6,'[20]WorkDone DATA'!$G:$G,BOQ!$B57)*$G57 -> #VALUE! | AA57: =SUMIFS('[20]WorkDone DATA'!$L:$L,'[20]WorkDone DATA'!$N:$N,BOQ!AA$6,'[20]WorkDone DATA'!$G:$G,BOQ!$B57)*$G57 -> #VALUE! | AB57: =SUMIFS('[20]WorkDone DATA'!$L:$L,'[20]WorkDone DATA'!$N:$N,BOQ!AB$6,'[20]WorkDone DATA'!$G:$G,BOQ!$B57)*$G57 -> #VALUE! | AC57: =SUMIFS('[20]WorkDone DATA'!$L:$L,'[20]WorkDone DATA'!$N:$N,BOQ!AC$6,'[20]WorkDone DATA'!$G:$G,BOQ!$B57)*$G57 -> #VALUE! | AD57: =SUMIFS('[20]WorkDone DATA'!$L:$L,'[20]WorkDone DATA'!$N:$N,BOQ!AD$6,'[20]WorkDone DATA'!$G:$G,BOQ!$B57)*$G57 -> #VALUE! | AE57: =SUMIFS('[20]WorkDone DATA'!$L:$L,'[20]WorkDone DATA'!$N:$N,BOQ!AE$6,'[20]WorkDone DATA'!$G:$G,BOQ!$B57)*$G57 -> #VALUE! | AF57: =SUMIFS('[20]WorkDone DATA'!$L:$L,'[20]WorkDone DATA'!$N:$N,BOQ!AF$6,'[20]WorkDone DATA'!$G:$G,BOQ!$B57)*$G57 -> #VALUE! | AG57: =SUMIFS('[20]WorkDone DATA'!$L:$L,'[20]WorkDone DATA'!$N:$N,BOQ!AG$6,'[20]WorkDone DATA'!$G:$G,BOQ!$B57)*$G57 -> #VALUE! | AH57: =SUMIFS('[20]WorkDone DATA'!$L:$L,'[20]WorkDone DATA'!$N:$N,BOQ!AH$6,'[20]WorkDone DATA'!$G:$G,BOQ!$B57)*$G57 -> #VALUE! | ... BX57: =SUMIFS('[20]WorkDone DATA'!$L:$L,'[20]WorkDone DATA'!$N:$N,BOQ!BX$6,'[20]WorkDone DATA'!$G:$G,BOQ!$B57)*$G57 -> #VALUE!
C58: 120mm x 3 core (CXX03QCV) 3.8kV/6.6kV | H58: =G58*F58 -> 0 | L58: =SUMIF(R51:Y51,S51,R58:Y58) -> #VALUE! | M58: =SUMIF(R51:BX51,S51,R58:BX58) -> #VALUE! | O58: =F58-K58 -> 0 | P58: =H58-M58 -> #VALUE! | R58: =SUMIFS('[20]WorkDone DATA'!$L:$L,'[20]WorkDone DATA'!$N:$N,BOQ!S$6,'[20]WorkDone DATA'!$G:$G,BOQ!$B58) -> #VALUE! | S58: =R58*G58 -> #VALUE! | T58: =SUMIFS('[20]WorkDone DATA'!$L:$L,'[20]WorkDone DATA'!$N:$N,BOQ!U$6,'[20]WorkDone DATA'!$G:$G,BOQ!$B58) -> #VALUE! | U58: =T58*G58 -> #VALUE! | W58: =SUMIFS('[20]WorkDone DATA'!$L:$L,'[20]WorkDone DATA'!$N:$N,BOQ!W$6,'[20]WorkDone DATA'!$G:$G,BOQ!$B58)*$G58 -> #VALUE! | Y58: =SUMIFS('[20]WorkDone DATA'!$L:$L,'[20]WorkDone DATA'!$N:$N,BOQ!Y$6,'[20]WorkDone DATA'!$G:$G,BOQ!$B58)*$G58 -> #VALUE! | AA58: =SUMIFS('[20]WorkDone DATA'!$L:$L,'[20]WorkDone DATA'!$N:$N,BOQ!AA$6,'[20]WorkDone DATA'!$G:$G,BOQ!$B58)*$G58 -> #VALUE! | AB58: =SUMIFS('[20]WorkDone DATA'!$L:$L,'[20]WorkDone DATA'!$N:$N,BOQ!AB$6,'[20]WorkDone DATA'!$G:$G,BOQ!$B58)*$G58 -> #VALUE! | AC58: =SUMIFS('[20]WorkDone DATA'!$L:$L,'[20]WorkDone DATA'!$N:$N,BOQ!AC$6,'[20]WorkDone DATA'!$G:$G,BOQ!$B58)*$G58 -> #VALUE! | AD58: =SUMIFS('[20]WorkDone DATA'!$L:$L,'[20]WorkDone DATA'!$N:$N,BOQ!AD$6,'[20]WorkDone DATA'!$G:$G,BOQ!$B58)*$G58 -> #VALUE! | AE58: =SUMIFS('[20]WorkDone DATA'!$L:$L,'[20]WorkDone DATA'!$N:$N,BOQ!AE$6,'[20]WorkDone DATA'!$G:$G,BOQ!$B58)*$G58 -> #VALUE! | AF58: =SUMIFS('[20]WorkDone DATA'!$L:$L,'[20]WorkDone DATA'!$N:$N,BOQ!AF$6,'[20]WorkDone DATA'!$G:$G,BOQ!$B58)*$G58 -> #VALUE! | AG58: =SUMIFS('[20]WorkDone DATA'!$L:$L,'[20]WorkDone DATA'!$N:$N,BOQ!AG$6,'[20]WorkDone DATA'!$G:$G,BOQ!$B58)*$G58 -> #VALUE! | AH58: =SUMIFS('[20]WorkDone DATA'!$L:$L,'[20]WorkDone DATA'!$N:$N,BOQ!AH$6,'[20]WorkDone DATA'!$G:$G,BOQ!$B58)*$G58 -> #VALUE! | ... BX58: =SUMIFS('[20]WorkDone DATA'!$L:$L,'[20]WorkDone DATA'!$N:$N,BOQ!BX$6,'[20]WorkDone DATA'!$G:$G,BOQ!$B58)*$G58 -> #VALUE!
A59: =C58 -> 120mm x 3 core (CXX03QCV) 3.8kV/6.6kV | B59: 2.027 | C59: Supply | D59: E | E59: set | F59: 72 | G59: 2995.91 | H59: =G59*F59 -> 215705.52 | K59: =M59/G59 -> #VALUE! | L59: =SUMIF(R52:Y52,S52,R59:Y59) -> #VALUE! | M59: =SUMIF(R52:BX52,S52,R59:BX59) -> #VALUE! | O59: =F59-K59 -> #VALUE! | P59: =H59-M59 -> #VALUE! | R59: =SUMIFS('[20]WorkDone DATA'!$L:$L,'[20]WorkDone DATA'!$N:$N,BOQ!S$6,'[20]WorkDone DATA'!$G:$G,BOQ!$B59) -> #VALUE! | S59: =R59*G59 -> #VALUE! | T59: =SUMIFS('[20]WorkDone DATA'!$L:$L,'[20]WorkDone DATA'!$N:$N,BOQ!U$6,'[20]WorkDone DATA'!$G:$G,BOQ!$B59) -> #VALUE! | U59: =T59*G59 -> #VALUE! | W59: =SUMIFS('[20]WorkDone DATA'!$L:$L,'[20]WorkDone DATA'!$N:$N,BOQ!W$6,'[20]WorkDone DATA'!$G:$G,BOQ!$B59)*$G59 -> #VALUE! | Y59: =SUMIFS('[20]WorkDone DATA'!$L:$L,'[20]WorkDone DATA'!$N:$N,BOQ!Y$6,'[20]WorkDone DATA'!$G:$G,BOQ!$B59)*$G59 -> #VALUE! | AA59: =SUMIFS('[20]WorkDone DATA'!$L:$L,'[20]WorkDone DATA'!$N:$N,BOQ!AA$6,'[20]WorkDone DATA'!$G:$G,BOQ!$B59)*$G59 -> #VALUE! | AB59: =SUMIFS('[20]WorkDone DATA'!$L:$L,'[20]WorkDone DATA'!$N:$N,BOQ!AB$6,'[20]WorkDone DATA'!$G:$G,BOQ!$B59)*$G59 -> #VALUE! | AC59: =SUMIFS('[20]WorkDone DATA'!$L:$L,'[20]WorkDone DATA'!$N:$N,BOQ!AC$6,'[20]WorkDone DATA'!$G:$G,BOQ!$B59)*$G59 -> #VALUE! | AD59: =SUMIFS('[20]WorkDone DATA'!$L:$L,'[20]WorkDone DATA'!$N:$N,BOQ!AD$6,'[20]WorkDone DATA'!$G:$G,BOQ!$B59)*$G59 -> #VALUE! | AE59: =SUMIFS('[20]WorkDone DATA'!$L:$L,'[20]WorkDone DATA'!$N:$N,BOQ!AE$6,'[20]WorkDone DATA'!$G:$G,BOQ!$B59)*$G59 -> #VALUE! | AF59: =SUMIFS('[20]WorkDone DATA'!$L:$L,'[20]WorkDone DATA'!$N:$N,BOQ!AF$6,'[20]WorkDone DATA'!$G:$G,BOQ!$B59)*$G59 -> #VALUE! | AG59: =SUMIFS('[20]WorkDone DATA'!$L:$L,'[20]WorkDone DATA'!$N:$N,BOQ!AG$6,'[20]WorkDone DATA'!$G:$G,BOQ!$B59)*$G59 -> #VALUE! | AH59: =SUMIFS('[20]WorkDone DATA'!$L:$L,'[20]WorkDone DATA'!$N:$N,BOQ!AH$6,'[20]WorkDone DATA'!$G:$G,BOQ!$B59)*$G59 -> #VALUE! | ... BX59: =SUMIFS('[20]WorkDone DATA'!$L:$L,'[20]WorkDone DATA'!$N:$N,BOQ!BX$6,'[20]WorkDone DATA'!$G:$G,BOQ!$B59)*$G59 -> #VALUE!
A60: =C58 -> 120mm x 3 core (CXX03QCV) 3.8kV/6.6kV | B60: 2.028 | C60: Installation | D60: A | E60: set | F60: 72 | G60: 1865.76 | H60: =G60*F60 -> 134334.72 | K60: =M60/G60 -> #VALUE! | L60: =SUMIF(R53:Y53,S53,R60:Y60) -> #VALUE! | M60: =SUMIF(R53:BX53,S53,R60:BX60) -> #VALUE! | O60: =F60-K60 -> #VALUE! | P60: =H60-M60 -> #VALUE! | R60: =SUMIFS('[20]WorkDone DATA'!$L:$L,'[20]WorkDone DATA'!$N:$N,BOQ!S$6,'[20]WorkDone DATA'!$G:$G,BOQ!$B60) -> #VALUE! | S60: =R60*G60 -> #VALUE! | T60: =SUMIFS('[20]WorkDone DATA'!$L:$L,'[20]WorkDone DATA'!$N:$N,BOQ!U$6,'[20]WorkDone DATA'!$G:$G,BOQ!$B60) -> #VALUE! | U60: =T60*G60 -> #VALUE! | W60: =SUMIFS('[20]WorkDone DATA'!$L:$L,'[20]WorkDone DATA'!$N:$N,BOQ!W$6,'[20]WorkDone DATA'!$G:$G,BOQ!$B60)*$G60 -> #VALUE! | Y60: =SUMIFS('[20]WorkDone DATA'!$L:$L,'[20]WorkDone DATA'!$N:$N,BOQ!Y$6,'[20]WorkDone DATA'!$G:$G,BOQ!$B60)*$G60 -> #VALUE! | AA60: =SUMIFS('[20]WorkDone DATA'!$L:$L,'[20]WorkDone DATA'!$N:$N,BOQ!AA$6,'[20]WorkDone DATA'!$G:$G,BOQ!$B60)*$G60 -> #VALUE! | AB60: =SUMIFS('[20]WorkDone DATA'!$L:$L,'[20]WorkDone DATA'!$N:$N,BOQ!AB$6,'[20]WorkDone DATA'!$G:$G,BOQ!$B60)*$G60 -> #VALUE! | AC60: =SUMIFS('[20]WorkDone DATA'!$L:$L,'[20]WorkDone DATA'!$N:$N,BOQ!AC$6,'[20]WorkDone DATA'!$G:$G,BOQ!$B60)*$G60 -> #VALUE! | AD60: =SUMIFS('[20]WorkDone DATA'!$L:$L,'[20]WorkDone DATA'!$N:$N,BOQ!AD$6,'[20]WorkDone DATA'!$G:$G,BOQ!$B60)*$G60 -> #VALUE! | AE60: =SUMIFS('[20]WorkDone DATA'!$L:$L,'[20]WorkDone DATA'!$N:$N,BOQ!AE$6,'[20]WorkDone DATA'!$G:$G,BOQ!$B60)*$G60 -> #VALUE! | AF60: =SUMIFS('[20]WorkDone DATA'!$L:$L,'[20]WorkDone DATA'!$N:$N,BOQ!AF$6,'[20]WorkDone DATA'!$G:$G,BOQ!$B60)*$G60 -> #VALUE! | AG60: =SUMIFS('[20]WorkDone DATA'!$L:$L,'[20]WorkDone DATA'!$N:$N,BOQ!AG$6,'[20]WorkDone DATA'!$G:$G,BOQ!$B60)*$G60 -> #VALUE! | AH60: =SUMIFS('[20]WorkDone DATA'!$L:$L,'[20]WorkDone DATA'!$N:$N,BOQ!AH$6,'[20]WorkDone DATA'!$G:$G,BOQ!$B60)*$G60 -> #VALUE! | ... BX60: =SUMIFS('[20]WorkDone DATA'!$L:$L,'[20]WorkDone DATA'!$N:$N,BOQ!BX$6,'[20]WorkDone DATA'!$G:$G,BOQ!$B60)*$G60 -> #VALUE!
C61: 70mm2 x 3 core (CXX03NCV) 3.8kV/6.6kV | H61: =G61*F61 -> 0 | L61: =SUMIF(R54:Y54,S54,R61:Y61) -> #VALUE! | M61: =SUMIF(R54:BX54,S54,R61:BX61) -> #VALUE! | O61: =F61-K61 -> 0 | P61: =H61-M61 -> #VALUE! | R61: =SUMIFS('[20]WorkDone DATA'!$L:$L,'[20]WorkDone DATA'!$N:$N,BOQ!S$6,'[20]WorkDone DATA'!$G:$G,BOQ!$B61) -> #VALUE! | S61: =R61*G61 -> #VALUE! | T61: =SUMIFS('[20]WorkDone DATA'!$L:$L,'[20]WorkDone DATA'!$N:$N,BOQ!U$6,'[20]WorkDone DATA'!$G:$G,BOQ!$B61) -> #VALUE! | U61: =T61*G61 -> #VALUE! | W61: =SUMIFS('[20]WorkDone DATA'!$L:$L,'[20]WorkDone DATA'!$N:$N,BOQ!W$6,'[20]WorkDone DATA'!$G:$G,BOQ!$B61)*$G61 -> #VALUE! | Y61: =SUMIFS('[20]WorkDone DATA'!$L:$L,'[20]WorkDone DATA'!$N:$N,BOQ!Y$6,'[20]WorkDone DATA'!$G:$G,BOQ!$B61)*$G61 -> #VALUE! | AA61: =SUMIFS('[20]WorkDone DATA'!$L:$L,'[20]WorkDone DATA'!$N:$N,BOQ!AA$6,'[20]WorkDone DATA'!$G:$G,BOQ!$B61)*$G61 -> #VALUE! | AB61: =SUMIFS('[20]WorkDone DATA'!$L:$L,'[20]WorkDone DATA'!$N:$N,BOQ!AB$6,'[20]WorkDone DATA'!$G:$G,BOQ!$B61)*$G61 -> #VALUE! | AC61: =SUMIFS('[20]WorkDone DATA'!$L:$L,'[20]WorkDone DATA'!$N:$N,BOQ!AC$6,'[20]WorkDone DATA'!$G:$G,BOQ!$B61)*$G61 -> #VALUE! | AD61: =SUMIFS('[20]WorkDone DATA'!$L:$L,'[20]WorkDone DATA'!$N:$N,BOQ!AD$6,'[20]WorkDone DATA'!$G:$G,BOQ!$B61)*$G61 -> #VALUE! | AE61: =SUMIFS('[20]WorkDone DATA'!$L:$L,'[20]WorkDone DATA'!$N:$N,BOQ!AE$6,'[20]WorkDone DATA'!$G:$G,BOQ!$B61)*$G61 -> #VALUE! | AF61: =SUMIFS('[20]WorkDone DATA'!$L:$L,'[20]WorkDone DATA'!$N:$N,BOQ!AF$6,'[20]WorkDone DATA'!$G:$G,BOQ!$B61)*$G61 -> #VALUE! | AG61: =SUMIFS('[20]WorkDone DATA'!$L:$L,'[20]WorkDone DATA'!$N:$N,BOQ!AG$6,'[20]WorkDone DATA'!$G:$G,BOQ!$B61)*$G61 -> #VALUE! | AH61: =SUMIFS('[20]WorkDone DATA'!$L:$L,'[20]WorkDone DATA'!$N:$N,BOQ!AH$6,'[20]WorkDone DATA'!$G:$G,BOQ!$B61)*$G61 -> #VALUE! | ... BX61: =SUMIFS('[20]WorkDone DATA'!$L:$L,'[20]WorkDone DATA'!$N:$N,BOQ!BX$6,'[20]WorkDone DATA'!$G:$G,BOQ!$B61)*$G61 -> #VALUE!
A62: =C61 -> 70mm2 x 3 core (CXX03NCV) 3.8kV/6.6kV | B62: 2.029 | C62: Supply | D62: E | E62: set | F62: 216 | G62: 2898.89 | H62: =G62*F62 -> 626160.24 | K62: =M62/G62 -> #VALUE! | L62: =SUMIF(R55:Y55,S55,R62:Y62) -> #VALUE! | M62: =SUMIF(R55:BX55,S55,R62:BX62) -> #VALUE! | O62: =F62-K62 -> #VALUE! | P62: =H62-M62 -> #VALUE! | R62: =SUMIFS('[20]WorkDone DATA'!$L:$L,'[20]WorkDone DATA'!$N:$N,BOQ!S$6,'[20]WorkDone DATA'!$G:$G,BOQ!$B62) -> #VALUE! | S62: =R62*G62 -> #VALUE! | T62: =SUMIFS('[20]WorkDone DATA'!$L:$L,'[20]WorkDone DATA'!$N:$N,BOQ!U$6,'[20]WorkDone DATA'!$G:$G,BOQ!$B62) -> #VALUE! | U62: =T62*G62 -> #VALUE! | W62: =SUMIFS('[20]WorkDone DATA'!$L:$L,'[20]WorkDone DATA'!$N:$N,BOQ!W$6,'[20]WorkDone DATA'!$G:$G,BOQ!$B62)*$G62 -> #VALUE! | Y62: =SUMIFS('[20]WorkDone DATA'!$L:$L,'[20]WorkDone DATA'!$N:$N,BOQ!Y$6,'[20]WorkDone DATA'!$G:$G,BOQ!$B62)*$G62 -> #VALUE! | AA62: =SUMIFS('[20]WorkDone DATA'!$L:$L,'[20]WorkDone DATA'!$N:$N,BOQ!AA$6,'[20]WorkDone DATA'!$G:$G,BOQ!$B62)*$G62 -> #VALUE! | AB62: =SUMIFS('[20]WorkDone DATA'!$L:$L,'[20]WorkDone DATA'!$N:$N,BOQ!AB$6,'[20]WorkDone DATA'!$G:$G,BOQ!$B62)*$G62 -> #VALUE! | AC62: =SUMIFS('[20]WorkDone DATA'!$L:$L,'[20]WorkDone DATA'!$N:$N,BOQ!AC$6,'[20]WorkDone DATA'!$G:$G,BOQ!$B62)*$G62 -> #VALUE! | AD62: =SUMIFS('[20]WorkDone DATA'!$L:$L,'[20]WorkDone DATA'!$N:$N,BOQ!AD$6,'[20]WorkDone DATA'!$G:$G,BOQ!$B62)*$G62 -> #VALUE! | AE62: =SUMIFS('[20]WorkDone DATA'!$L:$L,'[20]WorkDone DATA'!$N:$N,BOQ!AE$6,'[20]WorkDone DATA'!$G:$G,BOQ!$B62)*$G62 -> #VALUE! | AF62: =SUMIFS('[20]WorkDone DATA'!$L:$L,'[20]WorkDone DATA'!$N:$N,BOQ!AF$6,'[20]WorkDone DATA'!$G:$G,BOQ!$B62)*$G62 -> #VALUE! | AG62: =SUMIFS('[20]WorkDone DATA'!$L:$L,'[20]WorkDone DATA'!$N:$N,BOQ!AG$6,'[20]WorkDone DATA'!$G:$G,BOQ!$B62)*$G62 -> #VALUE! | AH62: =SUMIFS('[20]WorkDone DATA'!$L:$L,'[20]WorkDone DATA'!$N:$N,BOQ!AH$6,'[20]WorkDone DATA'!$G:$G,BOQ!$B62)*$G62 -> #VALUE! | ... BX62: =SUMIFS('[20]WorkDone DATA'!$L:$L,'[20]WorkDone DATA'!$N:$N,BOQ!BX$6,'[20]WorkDone DATA'!$G:$G,BOQ!$B62)*$G62 -> #VALUE!
A63: =C61 -> 70mm2 x 3 core (CXX03NCV) 3.8kV/6.6kV | B63: 2.03 | C63: Installation | D63: A | E63: set | F63: 216 | G63: 1814.46 | H63: =G63*F63 -> 391923.36 | K63: =M63/G63 -> #VALUE! | L63: =SUMIF(R56:Y56,S56,R63:Y63) -> #VALUE! | M63: =SUMIF(R56:BX56,S56,R63:BX63) -> #VALUE! | O63: =F63-K63 -> #VALUE! | P63: =H63-M63 -> #VALUE! | R63: =SUMIFS('[20]WorkDone DATA'!$L:$L,'[20]WorkDone DATA'!$N:$N,BOQ!S$6,'[20]WorkDone DATA'!$G:$G,BOQ!$B63) -> #VALUE! | S63: =R63*G63 -> #VALUE! | T63: =SUMIFS('[20]WorkDone DATA'!$L:$L,'[20]WorkDone DATA'!$N:$N,BOQ!U$6,'[20]WorkDone DATA'!$G:$G,BOQ!$B63) -> #VALUE! | U63: =T63*G63 -> #VALUE! | W63: =SUMIFS('[20]WorkDone DATA'!$L:$L,'[20]WorkDone DATA'!$N:$N,BOQ!W$6,'[20]WorkDone DATA'!$G:$G,BOQ!$B63)*$G63 -> #VALUE! | Y63: =SUMIFS('[20]WorkDone DATA'!$L:$L,'[20]WorkDone DATA'!$N:$N,BOQ!Y$6,'[20]WorkDone DATA'!$G:$G,BOQ!$B63)*$G63 -> #VALUE! | AA63: =SUMIFS('[20]WorkDone DATA'!$L:$L,'[20]WorkDone DATA'!$N:$N,BOQ!AA$6,'[20]WorkDone DATA'!$G:$G,BOQ!$B63)*$G63 -> #VALUE! | AB63: =SUMIFS('[20]WorkDone DATA'!$L:$L,'[20]WorkDone DATA'!$N:$N,BOQ!AB$6,'[20]WorkDone DATA'!$G:$G,BOQ!$B63)*$G63 -> #VALUE! | AC63: =SUMIFS('[20]WorkDone DATA'!$L:$L,'[20]WorkDone DATA'!$N:$N,BOQ!AC$6,'[20]WorkDone DATA'!$G:$G,BOQ!$B63)*$G63 -> #VALUE! | AD63: =SUMIFS('[20]WorkDone DATA'!$L:$L,'[20]WorkDone DATA'!$N:$N,BOQ!AD$6,'[20]WorkDone DATA'!$G:$G,BOQ!$B63)*$G63 -> #VALUE! | AE63: =SUMIFS('[20]WorkDone DATA'!$L:$L,'[20]WorkDone DATA'!$N:$N,BOQ!AE$6,'[20]WorkDone DATA'!$G:$G,BOQ!$B63)*$G63 -> #VALUE! | AF63: =SUMIFS('[20]WorkDone DATA'!$L:$L,'[20]WorkDone DATA'!$N:$N,BOQ!AF$6,'[20]WorkDone DATA'!$G:$G,BOQ!$B63)*$G63 -> #VALUE! | AG63: =SUMIFS('[20]WorkDone DATA'!$L:$L,'[20]WorkDone DATA'!$N:$N,BOQ!AG$6,'[20]WorkDone DATA'!$G:$G,BOQ!$B63)*$G63 -> #VALUE! | AH63: =SUMIFS('[20]WorkDone DATA'!$L:$L,'[20]WorkDone DATA'!$N:$N,BOQ!AH$6,'[20]WorkDone DATA'!$G:$G,BOQ!$B63)*$G63 -> #VALUE! | ... BX63: =SUMIFS('[20]WorkDone DATA'!$L:$L,'[20]WorkDone DATA'!$N:$N,BOQ!BX$6,'[20]WorkDone DATA'!$G:$G,BOQ!$B63)*$G63 -> #VALUE!
C64: 240mm2 x 3 core (CXX03TCV) 3.8kV/6.6kV | H64: =G64*F64 -> 0 | L64: =SUMIF(R57:Y57,S57,R64:Y64) -> #VALUE! | M64: =SUMIF(R57:BX57,S57,R64:BX64) -> #VALUE! | O64: =F64-K64 -> 0 | P64: =H64-M64 -> #VALUE! | R64: =SUMIFS('[20]WorkDone DATA'!$L:$L,'[20]WorkDone DATA'!$N:$N,BOQ!S$6,'[20]WorkDone DATA'!$G:$G,BOQ!$B64) -> #VALUE! | S64: =R64*G64 -> #VALUE! | T64: =SUMIFS('[20]WorkDone DATA'!$L:$L,'[20]WorkDone DATA'!$N:$N,BOQ!U$6,'[20]WorkDone DATA'!$G:$G,BOQ!$B64) -> #VALUE! | U64: =T64*G64 -> #VALUE! | W64: =SUMIFS('[20]WorkDone DATA'!$L:$L,'[20]WorkDone DATA'!$N:$N,BOQ!W$6,'[20]WorkDone DATA'!$G:$G,BOQ!$B64)*$G64 -> #VALUE! | Y64: =SUMIFS('[20]WorkDone DATA'!$L:$L,'[20]WorkDone DATA'!$N:$N,BOQ!Y$6,'[20]WorkDone DATA'!$G:$G,BOQ!$B64)*$G64 -> #VALUE! | AA64: =SUMIFS('[20]WorkDone DATA'!$L:$L,'[20]WorkDone DATA'!$N:$N,BOQ!AA$6,'[20]WorkDone DATA'!$G:$G,BOQ!$B64)*$G64 -> #VALUE! | AB64: =SUMIFS('[20]WorkDone DATA'!$L:$L,'[20]WorkDone DATA'!$N:$N,BOQ!AB$6,'[20]WorkDone DATA'!$G:$G,BOQ!$B64)*$G64 -> #VALUE! | AC64: =SUMIFS('[20]WorkDone DATA'!$L:$L,'[20]WorkDone DATA'!$N:$N,BOQ!AC$6,'[20]WorkDone DATA'!$G:$G,BOQ!$B64)*$G64 -> #VALUE! | AD64: =SUMIFS('[20]WorkDone DATA'!$L:$L,'[20]WorkDone DATA'!$N:$N,BOQ!AD$6,'[20]WorkDone DATA'!$G:$G,BOQ!$B64)*$G64 -> #VALUE! | AE64: =SUMIFS('[20]WorkDone DATA'!$L:$L,'[20]WorkDone DATA'!$N:$N,BOQ!AE$6,'[20]WorkDone DATA'!$G:$G,BOQ!$B64)*$G64 -> #VALUE! | AF64: =SUMIFS('[20]WorkDone DATA'!$L:$L,'[20]WorkDone DATA'!$N:$N,BOQ!AF$6,'[20]WorkDone DATA'!$G:$G,BOQ!$B64)*$G64 -> #VALUE! | AG64: =SUMIFS('[20]WorkDone DATA'!$L:$L,'[20]WorkDone DATA'!$N:$N,BOQ!AG$6,'[20]WorkDone DATA'!$G:$G,BOQ!$B64)*$G64 -> #VALUE! | AH64: =SUMIFS('[20]WorkDone DATA'!$L:$L,'[20]WorkDone DATA'!$N:$N,BOQ!AH$6,'[20]WorkDone DATA'!$G:$G,BOQ!$B64)*$G64 -> #VALUE! | ... BX64: =SUMIFS('[20]WorkDone DATA'!$L:$L,'[20]WorkDone DATA'!$N:$N,BOQ!BX$6,'[20]WorkDone DATA'!$G:$G,BOQ!$B64)*$G64 -> #VALUE!
A65: =C64 -> 240mm2 x 3 core (CXX03TCV) 3.8kV/6.6kV | B65: 2.031 | C65: Supply | D65: E | E65: set | F65: 108 | G65: 4606.36 | H65: =G65*F65 -> 497486.88 | K65: =M65/G65 -> #VALUE! | L65: =SUMIF(R58:Y58,S58,R65:Y65) -> #VALUE! | M65: =SUMIF(R58:BX58,S58,R65:BX65) -> #VALUE! | O65: =F65-K65 -> #VALUE! | P65: =H65-M65 -> #VALUE! | R65: =SUMIFS('[20]WorkDone DATA'!$L:$L,'[20]WorkDone DATA'!$N:$N,BOQ!S$6,'[20]WorkDone DATA'!$G:$G,BOQ!$B65) -> #VALUE! | S65: =R65*G65 -> #VALUE! | T65: =SUMIFS('[20]WorkDone DATA'!$L:$L,'[20]WorkDone DATA'!$N:$N,BOQ!U$6,'[20]WorkDone DATA'!$G:$G,BOQ!$B65) -> #VALUE! | U65: =T65*G65 -> #VALUE! | W65: =SUMIFS('[20]WorkDone DATA'!$L:$L,'[20]WorkDone DATA'!$N:$N,BOQ!W$6,'[20]WorkDone DATA'!$G:$G,BOQ!$B65)*$G65 -> #VALUE! | Y65: =SUMIFS('[20]WorkDone DATA'!$L:$L,'[20]WorkDone DATA'!$N:$N,BOQ!Y$6,'[20]WorkDone DATA'!$G:$G,BOQ!$B65)*$G65 -> #VALUE! | AA65: =SUMIFS('[20]WorkDone DATA'!$L:$L,'[20]WorkDone DATA'!$N:$N,BOQ!AA$6,'[20]WorkDone DATA'!$G:$G,BOQ!$B65)*$G65 -> #VALUE! | AB65: =SUMIFS('[20]WorkDone DATA'!$L:$L,'[20]WorkDone DATA'!$N:$N,BOQ!AB$6,'[20]WorkDone DATA'!$G:$G,BOQ!$B65)*$G65 -> #VALUE! | AC65: =SUMIFS('[20]WorkDone DATA'!$L:$L,'[20]WorkDone DATA'!$N:$N,BOQ!AC$6,'[20]WorkDone DATA'!$G:$G,BOQ!$B65)*$G65 -> #VALUE! | AD65: =SUMIFS('[20]WorkDone DATA'!$L:$L,'[20]WorkDone DATA'!$N:$N,BOQ!AD$6,'[20]WorkDone DATA'!$G:$G,BOQ!$B65)*$G65 -> #VALUE! | AE65: =SUMIFS('[20]WorkDone DATA'!$L:$L,'[20]WorkDone DATA'!$N:$N,BOQ!AE$6,'[20]WorkDone DATA'!$G:$G,BOQ!$B65)*$G65 -> #VALUE! | AF65: =SUMIFS('[20]WorkDone DATA'!$L:$L,'[20]WorkDone DATA'!$N:$N,BOQ!AF$6,'[20]WorkDone DATA'!$G:$G,BOQ!$B65)*$G65 -> #VALUE! | AG65: =SUMIFS('[20]WorkDone DATA'!$L:$L,'[20]WorkDone DATA'!$N:$N,BOQ!AG$6,'[20]WorkDone DATA'!$G:$G,BOQ!$B65)*$G65 -> #VALUE! | AH65: =SUMIFS('[20]WorkDone DATA'!$L:$L,'[20]WorkDone DATA'!$N:$N,BOQ!AH$6,'[20]WorkDone DATA'!$G:$G,BOQ!$B65)*$G65 -> #VALUE! | ... BX65: =SUMIFS('[20]WorkDone DATA'!$L:$L,'[20]WorkDone DATA'!$N:$N,BOQ!BX$6,'[20]WorkDone DATA'!$G:$G,BOQ!$B65)*$G65 -> #VALUE!
A66: =C64 -> 240mm2 x 3 core (CXX03TCV) 3.8kV/6.6kV | B66: 2.032 | C66: Installation | D66: A | E66: set | F66: 108 | G66: 2864.77 | H66: =G66*F66 -> 309395.16 | K66: =M66/G66 -> #VALUE! | L66: =SUMIF(R59:Y59,S59,R66:Y66) -> #VALUE! | M66: =SUMIF(R59:BX59,S59,R66:BX66) -> #VALUE! | O66: =F66-K66 -> #VALUE! | P66: =H66-M66 -> #VALUE! | R66: =SUMIFS('[20]WorkDone DATA'!$L:$L,'[20]WorkDone DATA'!$N:$N,BOQ!S$6,'[20]WorkDone DATA'!$G:$G,BOQ!$B66) -> #VALUE! | S66: =R66*G66 -> #VALUE! | T66: =SUMIFS('[20]WorkDone DATA'!$L:$L,'[20]WorkDone DATA'!$N:$N,BOQ!U$6,'[20]WorkDone DATA'!$G:$G,BOQ!$B66) -> #VALUE! | U66: =T66*G66 -> #VALUE! | W66: =SUMIFS('[20]WorkDone DATA'!$L:$L,'[20]WorkDone DATA'!$N:$N,BOQ!W$6,'[20]WorkDone DATA'!$G:$G,BOQ!$B66)*$G66 -> #VALUE! | Y66: =SUMIFS('[20]WorkDone DATA'!$L:$L,'[20]WorkDone DATA'!$N:$N,BOQ!Y$6,'[20]WorkDone DATA'!$G:$G,BOQ!$B66)*$G66 -> #VALUE! | AA66: =SUMIFS('[20]WorkDone DATA'!$L:$L,'[20]WorkDone DATA'!$N:$N,BOQ!AA$6,'[20]WorkDone DATA'!$G:$G,BOQ!$B66)*$G66 -> #VALUE! | AB66: =SUMIFS('[20]WorkDone DATA'!$L:$L,'[20]WorkDone DATA'!$N:$N,BOQ!AB$6,'[20]WorkDone DATA'!$G:$G,BOQ!$B66)*$G66 -> #VALUE! | AC66: =SUMIFS('[20]WorkDone DATA'!$L:$L,'[20]WorkDone DATA'!$N:$N,BOQ!AC$6,'[20]WorkDone DATA'!$G:$G,BOQ!$B66)*$G66 -> #VALUE! | AD66: =SUMIFS('[20]WorkDone DATA'!$L:$L,'[20]WorkDone DATA'!$N:$N,BOQ!AD$6,'[20]WorkDone DATA'!$G:$G,BOQ!$B66)*$G66 -> #VALUE! | AE66: =SUMIFS('[20]WorkDone DATA'!$L:$L,'[20]WorkDone DATA'!$N:$N,BOQ!AE$6,'[20]WorkDone DATA'!$G:$G,BOQ!$B66)*$G66 -> #VALUE! | AF66: =SUMIFS('[20]WorkDone DATA'!$L:$L,'[20]WorkDone DATA'!$N:$N,BOQ!AF$6,'[20]WorkDone DATA'!$G:$G,BOQ!$B66)*$G66 -> #VALUE! | AG66: =SUMIFS('[20]WorkDone DATA'!$L:$L,'[20]WorkDone DATA'!$N:$N,BOQ!AG$6,'[20]WorkDone DATA'!$G:$G,BOQ!$B66)*$G66 -> #VALUE! | AH66: =SUMIFS('[20]WorkDone DATA'!$L:$L,'[20]WorkDone DATA'!$N:$N,BOQ!AH$6,'[20]WorkDone DATA'!$G:$G,BOQ!$B66)*$G66 -> #VALUE! | ... BX66: =SUMIFS('[20]WorkDone DATA'!$L:$L,'[20]WorkDone DATA'!$N:$N,BOQ!BX$6,'[20]WorkDone DATA'!$G:$G,BOQ!$B66)*$G66 -> #VALUE!
H67: =G67*F67 -> 0 | L67: =SUMIF(R60:Y60,S60,R67:Y67) -> #VALUE! | M67: =SUMIF(R60:BX60,S60,R67:BX67) -> #VALUE! | O67: =F67-K67 -> 0 | P67: =H67-M67 -> #VALUE! | R67: =SUMIFS('[20]WorkDone DATA'!$L:$L,'[20]WorkDone DATA'!$N:$N,BOQ!S$6,'[20]WorkDone DATA'!$G:$G,BOQ!$B67) -> #VALUE! | S67: =R67*G67 -> #VALUE! | T67: =SUMIFS('[20]WorkDone DATA'!$L:$L,'[20]WorkDone DATA'!$N:$N,BOQ!U$6,'[20]WorkDone DATA'!$G:$G,BOQ!$B67) -> #VALUE! | U67: =T67*G67 -> #VALUE! | W67: =SUMIFS('[20]WorkDone DATA'!$L:$L,'[20]WorkDone DATA'!$N:$N,BOQ!W$6,'[20]WorkDone DATA'!$G:$G,BOQ!$B67)*$G67 -> #VALUE! | Y67: =SUMIFS('[20]WorkDone DATA'!$L:$L,'[20]WorkDone DATA'!$N:$N,BOQ!Y$6,'[20]WorkDone DATA'!$G:$G,BOQ!$B67)*$G67 -> #VALUE! | AA67: =SUMIFS('[20]WorkDone DATA'!$L:$L,'[20]WorkDone DATA'!$N:$N,BOQ!AA$6,'[20]WorkDone DATA'!$G:$G,BOQ!$B67)*$G67 -> #VALUE! | AB67: =SUMIFS('[20]WorkDone DATA'!$L:$L,'[20]WorkDone DATA'!$N:$N,BOQ!AB$6,'[20]WorkDone DATA'!$G:$G,BOQ!$B67)*$G67 -> #VALUE! | AC67: =SUMIFS('[20]WorkDone DATA'!$L:$L,'[20]WorkDone DATA'!$N:$N,BOQ!AC$6,'[20]WorkDone DATA'!$G:$G,BOQ!$B67)*$G67 -> #VALUE! | AD67: =SUMIFS('[20]WorkDone DATA'!$L:$L,'[20]WorkDone DATA'!$N:$N,BOQ!AD$6,'[20]WorkDone DATA'!$G:$G,BOQ!$B67)*$G67 -> #VALUE! | AE67: =SUMIFS('[20]WorkDone DATA'!$L:$L,'[20]WorkDone DATA'!$N:$N,BOQ!AE$6,'[20]WorkDone DATA'!$G:$G,BOQ!$B67)*$G67 -> #VALUE! | AF67: =SUMIFS('[20]WorkDone DATA'!$L:$L,'[20]WorkDone DATA'!$N:$N,BOQ!AF$6,'[20]WorkDone DATA'!$G:$G,BOQ!$B67)*$G67 -> #VALUE! | AG67: =SUMIFS('[20]WorkDone DATA'!$L:$L,'[20]WorkDone DATA'!$N:$N,BOQ!AG$6,'[20]WorkDone DATA'!$G:$G,BOQ!$B67)*$G67 -> #VALUE! | AH67: =SUMIFS('[20]WorkDone DATA'!$L:$L,'[20]WorkDone DATA'!$N:$N,BOQ!AH$6,'[20]WorkDone DATA'!$G:$G,BOQ!$B67)*$G67 -> #VALUE! | ... BX67: =SUMIFS('[20]WorkDone DATA'!$L:$L,'[20]WorkDone DATA'!$N:$N,BOQ!BX$6,'[20]WorkDone DATA'!$G:$G,BOQ!$B67)*$G67 -> #VALUE!
C68: Termination of existing cable | H68: =G68*F68 -> 0 | L68: =SUMIF(R61:Y61,S61,R68:Y68) -> #VALUE! | M68: =SUMIF(R61:BX61,S61,R68:BX68) -> #VALUE! | O68: =F68-K68 -> 0 | P68: =H68-M68 -> #VALUE! | R68: =SUMIFS('[20]WorkDone DATA'!$L:$L,'[20]WorkDone DATA'!$N:$N,BOQ!S$6,'[20]WorkDone DATA'!$G:$G,BOQ!$B68) -> #VALUE! | S68: =R68*G68 -> #VALUE! | T68: =SUMIFS('[20]WorkDone DATA'!$L:$L,'[20]WorkDone DATA'!$N:$N,BOQ!U$6,'[20]WorkDone DATA'!$G:$G,BOQ!$B68) -> #VALUE! | U68: =T68*G68 -> #VALUE! | W68: =SUMIFS('[20]WorkDone DATA'!$L:$L,'[20]WorkDone DATA'!$N:$N,BOQ!W$6,'[20]WorkDone DATA'!$G:$G,BOQ!$B68)*$G68 -> #VALUE! | Y68: =SUMIFS('[20]WorkDone DATA'!$L:$L,'[20]WorkDone DATA'!$N:$N,BOQ!Y$6,'[20]WorkDone DATA'!$G:$G,BOQ!$B68)*$G68 -> #VALUE! | AA68: =SUMIFS('[20]WorkDone DATA'!$L:$L,'[20]WorkDone DATA'!$N:$N,BOQ!AA$6,'[20]WorkDone DATA'!$G:$G,BOQ!$B68)*$G68 -> #VALUE! | AB68: =SUMIFS('[20]WorkDone DATA'!$L:$L,'[20]WorkDone DATA'!$N:$N,BOQ!AB$6,'[20]WorkDone DATA'!$G:$G,BOQ!$B68)*$G68 -> #VALUE! | AC68: =SUMIFS('[20]WorkDone DATA'!$L:$L,'[20]WorkDone DATA'!$N:$N,BOQ!AC$6,'[20]WorkDone DATA'!$G:$G,BOQ!$B68)*$G68 -> #VALUE! | AD68: =SUMIFS('[20]WorkDone DATA'!$L:$L,'[20]WorkDone DATA'!$N:$N,BOQ!AD$6,'[20]WorkDone DATA'!$G:$G,BOQ!$B68)*$G68 -> #VALUE! | AE68: =SUMIFS('[20]WorkDone DATA'!$L:$L,'[20]WorkDone DATA'!$N:$N,BOQ!AE$6,'[20]WorkDone DATA'!$G:$G,BOQ!$B68)*$G68 -> #VALUE! | AF68: =SUMIFS('[20]WorkDone DATA'!$L:$L,'[20]WorkDone DATA'!$N:$N,BOQ!AF$6,'[20]WorkDone DATA'!$G:$G,BOQ!$B68)*$G68 -> #VALUE! | AG68: =SUMIFS('[20]WorkDone DATA'!$L:$L,'[20]WorkDone DATA'!$N:$N,BOQ!AG$6,'[20]WorkDone DATA'!$G:$G,BOQ!$B68)*$G68 -> #VALUE! | AH68: =SUMIFS('[20]WorkDone DATA'!$L:$L,'[20]WorkDone DATA'!$N:$N,BOQ!AH$6,'[20]WorkDone DATA'!$G:$G,BOQ!$B68)*$G68 -> #VALUE! | ... BX68: =SUMIFS('[20]WorkDone DATA'!$L:$L,'[20]WorkDone DATA'!$N:$N,BOQ!BX$6,'[20]WorkDone DATA'!$G:$G,BOQ!$B68)*$G68 -> #VALUE!
